Workbook
Name diasuteis: #REF!
Name diasuteis: #REF!
Name diasuteis: #REF!
Name diasuteis: #REF!
Name diasuteis: #REF!
Name diasuteis: #REF!
Name diasuteis: #REF!
Name diasuteis: #REF!
Name diasuteis: #REF!
Name diasuteis: #REF!
Name Ferias: #REF!
Name Ferias: #REF!
Name Ferias: #REF!
Name Ferias: #REF!
Name Ferias: #REF!
Name Ferias: #REF!
Name Ferias: #REF!
Name Ferias: #REF!
Name Ferias: #REF!
Name RD: OFFSET(#REF!,(MATCH(SMALL(#REF!,ROW()-10),#REF!,0)-1),0)
Name RD: OFFSET(#REF!,(MATCH(SMALL(#REF!,ROW()-10),#REF!,0)-1),0)
Name RD: OFFSET(#REF!,(MATCH(SMALL(#REF!,ROW()-10),#REF!,0)-1),0)
Name RD: OFFSET(#REF!,(MATCH(SMALL(#REF!,ROW()-10),#REF!,0)-1),0)
Name RD: OFFSET(#REF!,(MATCH(SMALL(#REF!,ROW()-10),#REF!,0)-1),0)
Name RD: OFFSET(#REF!,(MATCH(SMALL(#REF!,ROW()-10),#REF!,0)-1),0)
Name RD: OFFSET(#REF!,(MATCH(SMALL(#REF!,ROW()-10),#REF!,0)-1),0)
Name RD: OFFSET(#REF!,(MATCH(SMALL(#REF!,ROW()-10),#REF!,0)-1),0)
Name RD: OFFSET(#REF!,(MATCH(SMALL(#REF!,ROW()-10),#REF!,0)-1),0)

Sheet Reitoria
A1: PROCESSO: 1025/2014 | D1: OBJETO: AQUISIÇÃO DE FERRAMENTAS, UTENSÍLIOS E MATERIAIS DE REPARO PARA O CAMPUS I, CERES E CESFI | J1: VIGÊNCIA DA ATA: 15/10/2014 até 14/10/2015 | N1: AF nº 1988/2014 Qtde. DT | O1: AF nº 1986/2014 Qtde. DT | P1: AF nº 1987/2014 Qtde. DT | Q1: AF nº 0267/2015 Qtde. DT | R1: AF nº 0268/2015 Qtde. DT | S1: AF nº 0269/2015 Qtde. DT | T1: AF nº 1744/2015 Qtde. DT | U1: AF nº 1747/2015 Qtde. DT | V1: AF nº 1749/2015 Qtde. DT | W1: AF/OS nº xxxx/2014 Qtde. DT | X1: AF/OS nº xxxx/2014 Qtde. DT | Y1: AF/OS nº xxxx/2014 Qtde. DT
A2: CENTRO PARTICIPANTE: Reitoria
A3: FORNECEDOR | B3: LOTE | C3: ITEM | D3: PRODUTO - CARACTERÍSTICAS MÍNIMAS | E3: DETALHAMENTO | F3: MARCA/MODELO | G3: UNIDADE | H3: Entrega (Dias) | I3: Pagto. (Dias) | J3: Preço UNITÁRIO (R$) | K3: Qtde LICITADA | L3: Saldo / Automático | M3: ALERTA | N3: 41974 | O3: 41971 | P3: 41974 | Q3: 42074 | R3: 42074 | S3: 42074 | T3: 42275 | U3: 42290 | V3: 42275 | W3: ...../...../...... | X3: ...../...../...... | Y3: ...../...../......
A4: Cristiani Louri Rodrigues & Cia. Ltda - ME | B4: 1 | C4: 1 | D4: SUPORTE PARA CORTINA, EM "L", Suporte para cortina em "L"; Material: Latão; Dimensões: 5x8 | E4: 339030.24 | F4: Nacional | G4: Peça | H4: 30 | I4: 20 | J4: 0.9 | K4: 30 | L4: =K4-(SUM(N4:Y4)) -> 30 | M4: =IF(L4<0,"ATENÇÃO","OK") -> OK | N4: 0 | O4: 0 | P4: 0 | Q4: 0 | R4: 0 | S4: 0 | T4: 0 | U4: 0 | V4: 0 | W4: 0 | X4: 0 | Y4: 0
C5: 2 | D5: SUPORTE PARA CORTINA, EM "L", Suporte para cortina em "L"; Material: Latão; Dimensões: 8x10 | E5: 339030.24 | F5: Nacional | G5: Peça | H5: 30 | I5: 20 | J5: 1.65 | K5: 30 | L5: =K5-(SUM(N5:Y5)) -> 30 | M5: =IF(L5<0,"ATENÇÃO","OK") -> OK | N5: 0 | O5: 0 | P5: 0 | Q5: 0 | R5: 0 | S5: 0 | T5: 0 | U5: 0 | V5: 0 | W5: 0 | X5: 0 | Y5: 0
C6: 3 | D6: SUPORTE DIVERSOS, PARA PRATELEIRAS, Suporte para Prateleira; Material: Barra chata Metálica contraventada; Dimensões: 15cm. | E6: 339030.24 | F6: Nacional | G6: Peça | H6: 30 | I6: 20 | J6: 6 | K6: 10 | L6: =K6-(SUM(N6:Y6)) -> 10 | M6: =IF(L6<0,"ATENÇÃO","OK") -> OK | N6: 0 | O6: 0 | P6: 0 | Q6: 0 | R6: 0 | S6: 0 | T6: 0 | U6: 0 | V6: 0 | W6: 0 | X6: 0 | Y6: 0
C7: 4 | D7: SUPORTE DIVERSOS, PARA PRATELEIRAS, Suporte para Prateleira; Material: Barra chata Metálica contraventada; Dimensões: 20cm. | E7: 339030.24 | F7: Nacional | G7: Peça | H7: 30 | I7: 20 | J7: 6 | K7: 10 | L7: =K7-(SUM(N7:Y7)) -> 10 | M7: =IF(L7<0,"ATENÇÃO","OK") -> OK | N7: 0 | O7: 0 | P7: 0 | Q7: 0 | R7: 0 | S7: 0 | T7: 0 | U7: 0 | V7: 0 | W7: 0 | X7: 0 | Y7: 0
C8: 5 | D8: SUPORTE DIVERSOS, PARA PRATELEIRAS, Suporte para Prateleira; Material: Barra chata Metálica contraventada; Dimensões: 25cm. | E8: 339030.24 | F8: Nacional | G8: Peça | H8: 30 | I8: 20 | J8: 7.35 | K8: 10 | L8: =K8-(SUM(N8:Y8)) -> 10 | M8: =IF(L8<0,"ATENÇÃO","OK") -> OK | N8: 0 | O8: 0 | P8: 0 | Q8: 0 | R8: 0 | S8: 0 | T8: 0 | U8: 0 | V8: 0 | W8: 0 | X8: 0 | Y8: 0
C9: 6 | D9: SUPORTE DIVERSOS, PARA PRATELEIRAS, Suporte para Prateleira; Material: Barra chata Metálica contraventada; Dimensões: 40cm. | E9: 339030.24 | F9: Nacional | G9: Peça | H9: 30 | I9: 20 | J9: 13 | K9: 10 | L9: =K9-(SUM(N9:Y9)) -> 10 | M9: =IF(L9<0,"ATENÇÃO","OK") -> OK | N9: 0 | O9: 0 | P9: 0 | Q9: 0 | R9: 0 | S9: 0 | T9: 0 | U9: 0 | V9: 0 | W9: 0 | X9: 0 | Y9: 0
C10: 7 | D10: SUPORTE DIVERSOS, PARA PRATELEIRAS, Suporte para Prateleira; Material: Barra chata Metálica contraventada; Dimensões: 50cm. | E10: 339030.24 | F10: Nacional | G10: Peça | H10: 30 | I10: 20 | J10: 15.7 | K10: 10 | L10: =K10-(SUM(N10:Y10)) -> 10 | M10: =IF(L10<0,"ATENÇÃO","OK") -> OK | N10: 0 | O10: 0 | P10: 0 | Q10: 0 | R10: 0 | S10: 0 | T10: 0 | U10: 0 | V10: 0 | W10: 0 | X10: 0 | Y10: 0
C11: 8 | D11: SUPORTE DIVERSOS, PARA PRATELEIRAS, Suporte para trilho de prateleira, Material Metálico; Largura: 30cm | E11: 339030.24 | F11: Nacional | G11: Peça | H11: 30 | I11: 20 | J11: 5.55 | K11: 50 | L11: =K11-(SUM(N11:Y11)) -> 50 | M11: =IF(L11<0,"ATENÇÃO","OK") -> OK | N11: 0 | O11: 0 | P11: 0 | Q11: 0 | R11: 0 | S11: 0 | T11: 0 | U11: 0 | V11: 0 | W11: 0 | X11: 0 | Y11: 0
C12: 9 | D12: SUPORTE DIVERSOS, PARA PRATELEIRAS, Trilho para fixação de suporte para prateleira; Material: Metálico; Dimensões 200cm. | E12: 339030.24 | F12: Nacional | G12: Peça | H12: 30 | I12: 20 | J12: 27.5 | K12: 20 | L12: =K12-(SUM(N12:Y12)) -> 20 | M12: =IF(L12<0,"ATENÇÃO","OK") -> OK | N12: 0 | O12: 0 | P12: 0 | Q12: 0 | R12: 0 | S12: 0 | T12: 0 | U12: 0 | V12: 0 | W12: 0 | X12: 0 | Y12: 0
C13: 10 | D13: CLIPS PARA CABO, DE ACO, Clip para cabo. 5/16 - aço inox a4 | E13: 339030.24 | F13: Inca | G13: Peça | H13: 30 | I13: 20 | J13: 0.9 | K13: 15 | L13: =K13-(SUM(N13:Y13)) -> 15 | M13: =IF(L13<0,"ATENÇÃO","OK") -> OK | N13: 0 | O13: 0 | P13: 0 | Q13: 0 | R13: 0 | S13: 0 | T13: 0 | U13: 0 | V13: 0 | W13: 0 | X13: 0 | Y13: 0
C14: 11 | D14: CLIPS PARA CABO, DE ACO, Clip para cabo. 1 - aço inox a4 | E14: 339030.24 | F14: Inca | G14: Peça | H14: 30 | I14: 20 | J14: 4.73 | K14: 15 | L14: =K14-(SUM(N14:Y14)) -> 15 | M14: =IF(L14<0,"ATENÇÃO","OK") -> OK | N14: 0 | O14: 0 | P14: 0 | Q14: 0 | R14: 0 | S14: 0 | T14: 0 | U14: 0 | V14: 0 | W14: 0 | X14: 0 | Y14: 0
C15: 12 | D15: CLIPS PARA CABO, DE ACO, Clip para cabo. 1/2 - aço inox a4 | E15: 339030.24 | F15: Inca | G15: Peça | H15: 30 | I15: 20 | J15: 2.5 | K15: 15 | L15: =K15-(SUM(N15:Y15)) -> 15 | M15: =IF(L15<0,"ATENÇÃO","OK") -> OK | N15: 0 | O15: 0 | P15: 0 | Q15: 0 | R15: 0 | S15: 0 | T15: 0 | U15: 0 | V15: 0 | W15: 0 | X15: 0 | Y15: 0
C16: 13 | D16: CLIPS PARA CABO, DE ACO, Clip para cabo. 1/4 - aço inox a4 | E16: 339030.24 | F16: Inca | G16: Peça | H16: 30 | I16: 20 | J16: 0.8 | K16: 15 | L16: =K16-(SUM(N16:Y16)) -> 15 | M16: =IF(L16<0,"ATENÇÃO","OK") -> OK | N16: 0 | O16: 0 | P16: 0 | Q16: 0 | R16: 0 | S16: 0 | T16: 0 | U16: 0 | V16: 0 | W16: 0 | X16: 0 | Y16: 0
... C39: 36 | D39: CADEADO METALICO, DE LATŸO, 20 MM, Cadeado em latão maciço, haste de aço temperado e cromado. Tamanho de 20mm. Acompanhando chaves removíveis com cadeado aberto e fechado | E39: 339030.28 | F39: Soprano | G39: Peça | H39: 30 | I39: 20 | J39: 6.62 | K39: 100 | L39: =K39-(SUM(N39:Y39)) -> 100 | M39: =IF(L39<0,"ATENÇÃO","OK") -> OK | N39: 0 | O39: 0 | P39: 0 | Q39: 0 | R39: 0 | S39: 0 | T39: 0 | U39: 0 | V39: 0 | W39: 0 | X39: 0 | Y39: 0
C40: 37 | D40: CADEADO METALICO, TAMANHO DE 50MM, Cadeado em latão maciço, haste de aço temperado e cromado. Tamanho de 50mm. Acompanha chaves removíveis com cadeado aberto e fechado. | E40: 339030.28 | F40: Gold | G40: Peça | H40: 30 | I40: 20 | J40: 25.76 | L40: =K40-(SUM(N40:Y40)) -> 0 | M40: =IF(L40<0,"ATENÇÃO","OK") -> OK | N40: 0 | O40: 0 | P40: 0 | Q40: 0 | R40: 0 | S40: 0 | T40: 0 | U40: 0 | V40: 0 | W40: 0 | X40: 0 | Y40: 0
C41: 38 | D41: DOBRADICA METALICA, 3 POLEGADAS, | E41: 339030.24 | F41: Ferca | G41: Par | H41: 30 | I41: 20 | J41: 2.59 | K41: 30 | L41: =K41-(SUM(N41:Y41)) -> 30 | M41: =IF(L41<0,"ATENÇÃO","OK") -> OK | N41: 0 | O41: 0 | P41: 0 | Q41: 0 | R41: 0 | S41: 0 | T41: 0 | U41: 0 | V41: 0 | W41: 0 | X41: 0 | Y41: 0
C42: 39 | D42: DOBRADICA METALICA, JOGO DE DOBRADI«A 2"X1 1/2", Jogo de dobradiça 2"X1 1/2". | E42: 339030.42 | F42: Ferca | G42: Jogo | H42: 30 | I42: 20 | J42: 6.99 | K42: 30 | L42: =K42-(SUM(N42:Y42)) -> 30 | M42: =IF(L42<0,"ATENÇÃO","OK") -> OK | N42: 0 | O42: 0 | P42: 0 | Q42: 0 | R42: 0 | S42: 0 | T42: 0 | U42: 0 | V42: 0 | W42: 0 | X42: 0 | Y42: 0
C43: 40 | D43: TRAVA PORTA (PRENDEDOR), PRENDEDOR PISO-TETO (BATENTE PORTA-FIXADOR ), | E43: 339030.42 | F43: Soprano | G43: Peça | H43: 30 | I43: 20 | J43: 11.46 | K43: 30 | L43: =K43-(SUM(N43:Y43)) -> 30 | M43: =IF(L43<0,"ATENÇÃO","OK") -> OK | N43: 0 | O43: 0 | P43: 0 | Q43: 0 | R43: 0 | S43: 0 | T43: 0 | U43: 0 | V43: 0 | W43: 0 | X43: 0 | Y43: 0
C44: 41 | D44: TRINCO, FECHO TIPO TARGETA METALICA, Fecho tipo Targeta Metálica, Zincada, Dimensões 1.1/2" | E44: 339030.24 | F44: Loth | G44: Peça | H44: 30 | I44: 20 | J44: 1.3 | K44: 15 | L44: =K44-(SUM(N44:Y44)) -> 15 | M44: =IF(L44<0,"ATENÇÃO","OK") -> OK | N44: 0 | O44: 0 | P44: 0 | Q44: 0 | R44: 0 | S44: 0 | T44: 0 | U44: 0 | V44: 0 | W44: 0 | X44: 0 | Y44: 0
C45: 42 | D45: TRINCO, FECHO TIPO TARGETA METALICA, Fecho tipo Targeta Metálica, Zincada, Dimensões 2" | E45: 339030.24 | F45: Loth | G45: Peça | H45: 30 | I45: 20 | J45: 1.5 | K45: 15 | L45: =K45-(SUM(N45:Y45)) -> 15 | M45: =IF(L45<0,"ATENÇÃO","OK") -> OK | N45: 0 | O45: 0 | P45: 0 | Q45: 0 | R45: 0 | S45: 0 | T45: 0 | U45: 0 | V45: 0 | W45: 0 | X45: 0 | Y45: 0
C46: 43 | D46: TRINCO, FECHO TIPO TARGETA METALICA, Fecho tipo Targeta Metálica, Zincada, Dimensões 2.1/2" | E46: 339030.24 | F46: Loth | G46: Peça | H46: 30 | I46: 20 | J46: 1.8 | K46: 15 | L46: =K46-(SUM(N46:Y46)) -> 15 | M46: =IF(L46<0,"ATENÇÃO","OK") -> OK | N46: 0 | O46: 0 | P46: 0 | Q46: 0 | R46: 0 | S46: 0 | T46: 0 | U46: 0 | V46: 0 | W46: 0 | X46: 0 | Y46: 0
C47: 44 | D47: TRINCO, FECHO TIPO TARGETA METALICA, Fecho tipo Targeta Metálica, Zincada, Dimensões 3". | E47: 339030.24 | F47: Loth | G47: Peça | H47: 30 | I47: 20 | J47: 2 | K47: 15 | L47: =K47-(SUM(N47:Y47)) -> 15 | M47: =IF(L47<0,"ATENÇÃO","OK") -> OK | N47: 0 | O47: 0 | P47: 0 | Q47: 0 | R47: 0 | S47: 0 | T47: 0 | U47: 0 | V47: 0 | W47: 0 | X47: 0 | Y47: 0
C48: 45 | D48: TRINCO, FERROLHO METALICO, Ferrolho chato com porta cadeado, Material: Metálico; Acabamento: Zincado; Dimensões: 3". | E48: 339030.24 | F48: Loth | G48: Peça | H48: 30 | I48: 20 | J48: 5.6 | K48: 20 | L48: =K48-(SUM(N48:Y48)) -> 20 | M48: =IF(L48<0,"ATENÇÃO","OK") -> OK | N48: 0 | O48: 0 | P48: 0 | Q48: 0 | R48: 0 | S48: 0 | T48: 0 | U48: 0 | V48: 0 | W48: 0 | X48: 0 | Y48: 0
C49: 46 | D49: TRINCO, FERROLHO METALICO, Ferrolho chato com porta cadeado, Material: Metálico; Acabamento: Zincado; Dimensões: 4". | E49: 339030.24 | F49: Loth | G49: Peça | H49: 30 | I49: 20 | J49: 6 | K49: 20 | L49: =K49-(SUM(N49:Y49)) -> 20 | M49: =IF(L49<0,"ATENÇÃO","OK") -> OK | N49: 0 | O49: 0 | P49: 0 | Q49: 0 | R49: 0 | S49: 0 | T49: 0 | U49: 0 | V49: 0 | W49: 0 | X49: 0 | Y49: 0
C50: 47 | D50: TRINCO, FERROLHO METALICO, Ferrolho chato com porta cadeado, Material: Metálico; Acabamento: Zincado; Dimensões: 5". | E50: 339030.24 | F50: Loth | G50: Peça | H50: 30 | I50: 20 | J50: 8 | K50: 10 | L50: =K50-(SUM(N50:Y50)) -> 10 | M50: =IF(L50<0,"ATENÇÃO","OK") -> OK | N50: 0 | O50: 0 | P50: 0 | Q50: 0 | R50: 0 | S50: 0 | T50: 0 | U50: 0 | V50: 0 | W50: 0 | X50: 0 | Y50: 0
C51: 48 | D51: TRINCO, FERROLHO METALICO, Ferrolho tipo "Fio Redondo", com Porta Cadeado; Material: Metálico; Acabamento: Zincado. Dimensões: 2". | E51: 339030.24 | F51: Loth | G51: Peça | H51: 30 | I51: 20 | J51: 2.25 | K51: 10 | L51: =K51-(SUM(N51:Y51)) -> 10 | M51: =IF(L51<0,"ATENÇÃO","OK") -> OK | N51: 0 | O51: 0 | P51: 0 | Q51: 0 | R51: 0 | S51: 0 | T51: 0 | U51: 0 | V51: 0 | W51: 0 | X51: 0 | Y51: 0
C52: 49 | D52: TRINCO, FERROLHO METALICO, Ferrolho tipo "Fio Redondo", com Porta Cadeado; Material: Metálico; Acabamento: Zincado. Dimensões: 3". | E52: 339030.24 | F52: Loth | G52: Peça | H52: 30 | I52: 20 | J52: 2.6 | K52: 10 | L52: =K52-(SUM(N52:Y52)) -> 10 | M52: =IF(L52<0,"ATENÇÃO","OK") -> OK | N52: 0 | O52: 0 | P52: 0 | Q52: 0 | R52: 0 | S52: 0 | T52: 0 | U52: 0 | V52: 0 | W52: 0 | X52: 0 | Y52: 0
... C54: 51 | D54: TRINCO, FERROLHO METALICO, Ferrolho tipo "Fio Redondo", com Porta Cadeado; Material: Metálico; Acabamento: Zincado. Dimensões: 5". | E54: 339030.24 | F54: Loth | G54: Peça | H54: 30 | I54: 20 | J54: 3.9 | K54: 10 | L54: =K54-(SUM(N54:Y54)) -> 10 | M54: =IF(L54<0,"ATENÇÃO","OK") -> OK | N54: 0 | O54: 0 | P54: 0 | Q54: 0 | R54: 0 | S54: 0 | T54: 0 | U54: 0 | V54: 0 | W54: 0 | X54: 0 | Y54: 0
C55: 52 | D55: ABRACADEIRA, EM ACO CARBONO 1/2, Com parafuso de cabeça sextavada | E55: 339030.24 | F55: Inca | G55: Peça | H55: 30 | I55: 20 | J55: 1.52 | L55: =K55-(SUM(N55:Y55)) -> 0 | M55: =IF(L55<0,"ATENÇÃO","OK") -> OK | N55: 0 | O55: 0 | P55: 0 | Q55: 0 | R55: 0 | S55: 0 | T55: 0 | U55: 0 | V55: 0 | W55: 0 | X55: 0 | Y55: 0
C56: 53 | D56: ABRACADEIRA, EM ACO CARBONO 3/4, Com parafuso de cabeça sextavada. | E56: 339030.24 | F56: Inca | G56: Peça | H56: 30 | I56: 20 | J56: 1.39 | L56: =K56-(SUM(N56:Y56)) -> 0 | M56: =IF(L56<0,"ATENÇÃO","OK") -> OK | N56: 0 | O56: 0 | P56: 0 | Q56: 0 | R56: 0 | S56: 0 | T56: 0 | U56: 0 | V56: 0 | W56: 0 | X56: 0 | Y56: 0
C57: 54 | D57: ARAME DE ACO, ARAME RECOZIDO, Arame Recozido Liso nº:14, 2,0mm, Rolo de 5Kg. | E57: 339030.42 | F57: Gerdau | G57: Peça | H57: 30 | I57: 20 | J57: 8.5 | K57: 20 | L57: =K57-(SUM(N57:Y57)) -> 20 | M57: =IF(L57<0,"ATENÇÃO","OK") -> OK | N57: 0 | O57: 0 | P57: 0 | Q57: 0 | R57: 0 | S57: 0 | T57: 0 | U57: 0 | V57: 0 | W57: 0 | X57: 0 | Y57: 0
C58: 55 | D58: ARAME DE ACO, FARPADO, 500 METROS, GALVANIZADO, 1,6 MM – 350 KGF, DUPLA CAMADA | E58: 339030.24 | F58: Potro | G58: Rolo | H58: 30 | I58: 20 | J58: 216.64 | L58: =K58-(SUM(N58:Y58)) -> 0 | M58: =IF(L58<0,"ATENÇÃO","OK") -> OK | N58: 0 | O58: 0 | P58: 0 | Q58: 0 | R58: 0 | S58: 0 | T58: 0 | U58: 0 | V58: 0 | W58: 0 | X58: 0 | Y58: 0
C59: 56 | D59: ARAME DE ACO, GALVANIZADO,FIO 16, Arame galvanizado, fio 16 mm | E59: 339030.24 | F59: Potro | G59: KG | H59: 30 | I59: 20 | J59: 8.94 | L59: =K59-(SUM(N59:Y59)) -> 0 | M59: =IF(L59<0,"ATENÇÃO","OK") -> OK | N59: 0 | O59: 0 | P59: 0 | Q59: 0 | R59: 0 | S59: 0 | T59: 0 | U59: 0 | V59: 0 | W59: 0 | X59: 0 | Y59: 0
C60: 57 | D60: ARAME DE ACO, NUMERO 14, arame galvanizado nº14, 23,11mm. | E60: 339030.24 | F60: Potro | G60: KG | H60: 30 | I60: 20 | J60: 10.33 | K60: 12 | L60: =K60-(SUM(N60:Y60)) -> 12 | M60: =IF(L60<0,"ATENÇÃO","OK") -> OK | N60: 0 | O60: 0 | P60: 0 | Q60: 0 | R60: 0 | S60: 0 | T60: 0 | U60: 0 | V60: 0 | W60: 0 | X60: 0 | Y60: 0
C61: 58 | D61: ARAME DE ACO, NUMERO 20, arame galvanizado n.20, 0,89mm | E61: 339030.24 | F61: Inca | G61: KG | H61: 30 | I61: 20 | J61: 13.78 | K61: 20 | L61: =K61-(SUM(N61:Y61)) -> 20 | M61: =IF(L61<0,"ATENÇÃO","OK") -> OK | N61: 0 | O61: 0 | P61: 0 | Q61: 0 | R61: 0 | S61: 0 | T61: 0 | U61: 0 | V61: 0 | W61: 0 | X61: 0 | Y61: 0
C62: 59 | D62: ARRUELA METALICA, ARRUELA DE A«O, Arruela lisa - ansi b 18.22.1 - #6 - Aço Carbono Zincado | E62: 339030.24 | F62: Inca | G62: Peça | H62: 30 | I62: 20 | J62: 0.06 | K62: 1000 | L62: =K62-(SUM(N62:Y62)) -> 1000 | M62: =IF(L62<0,"ATENÇÃO","OK") -> OK | N62: 0 | O62: 0 | P62: 0 | Q62: 0 | R62: 0 | S62: 0 | T62: 0 | U62: 0 | V62: 0 | W62: 0 | X62: 0 | Y62: 0
C63: 60 | D63: ARRUELA METALICA, ARRUELA DE A«O, Arruela lisa - ansi b 18.22.1 - 1/8. Aço Carbono Zincado . | E63: 339030.24 | F63: Inca | G63: Peça | H63: 30 | I63: 20 | J63: 0.1 | K63: 1000 | L63: =K63-(SUM(N63:Y63)) -> 1000 | M63: =IF(L63<0,"ATENÇÃO","OK") -> OK | N63: 0 | O63: 0 | P63: 0 | Q63: 0 | R63: 0 | S63: 0 | T63: 0 | U63: 0 | V63: 0 | W63: 0 | X63: 0 | Y63: 0
C64: 61 | D64: ARRUELA METALICA, ARRUELA DE A«O, Arruela lisa - ansi b 18.22.1 - 5/32. Aço Carbono Zincado. | E64: 339030.24 | F64: Inca | G64: Peça | H64: 30 | I64: 20 | J64: 0.06 | K64: 1000 | L64: =K64-(SUM(N64:Y64)) -> 1000 | M64: =IF(L64<0,"ATENÇÃO","OK") -> OK | N64: 0 | O64: 0 | P64: 0 | Q64: 0 | R64: 0 | S64: 0 | T64: 0 | U64: 0 | V64: 0 | W64: 0 | X64: 0 | Y64: 0
C65: 62 | D65: ARRUELA METALICA, ARRUELA DE A«O, Arruela lisa - ansi b 18.22.1 - 7/16. Aço Carbono Zincado. | E65: 339030.24 | F65: Inca | G65: Peça | H65: 30 | I65: 20 | J65: 0.09 | K65: 1000 | L65: =K65-(SUM(N65:Y65)) -> 1000 | M65: =IF(L65<0,"ATENÇÃO","OK") -> OK | N65: 0 | O65: 0 | P65: 0 | Q65: 0 | R65: 0 | S65: 0 | T65: 0 | U65: 0 | V65: 0 | W65: 0 | X65: 0 | Y65: 0
C66: 63 | D66: ARRUELA METALICA, ARRUELA DE A«O, Arruela lisa - ansi b 18.22.1 - 9/16. Aço Carbono Zincado | E66: 339030.24 | F66: Inca | G66: Peça | H66: 30 | I66: 20 | J66: 0.14 | K66: 1000 | L66: =K66-(SUM(N66:Y66)) -> 1000 | M66: =IF(L66<0,"ATENÇÃO","OK") -> OK | N66: 0 | O66: 0 | P66: 0 | Q66: 0 | R66: 0 | S66: 0 | T66: 0 | U66: 0 | V66: 0 | W66: 0 | X66: 0 | Y66: 0
C67: 64 | D67: ARRUELA METALICA, DE PRESSAO MEDINDO 1/2", Arruela Inox 1/2" | E67: 339030.42 | F67: Inca | G67: Peça | H67: 30 | I67: 20 | J67: 0.45 | L67: =K67-(SUM(N67:Y67)) -> 0 | M67: =IF(L67<0,"ATENÇÃO","OK") -> OK | N67: 0 | O67: 0 | P67: 0 | Q67: 0 | R67: 0 | S67: 0 | T67: 0 | U67: 0 | V67: 0 | W67: 0 | X67: 0 | Y67: 0
C68: 65 | D68: ARRUELA METALICA, LISA 3/16", Arruela lisa - ansi b 18.22.1 - 3/16 - Aço Carbono Zincado. | E68: 339030.24 | F68: Inca | G68: Peça | H68: 30 | I68: 20 | J68: 0.01 | K68: 1000 | L68: =K68-(SUM(N68:Y68)) -> 1000 | M68: =IF(L68<0,"ATENÇÃO","OK") -> OK | N68: 0 | O68: 0 | P68: 0 | Q68: 0 | R68: 0 | S68: 0 | T68: 0 | U68: 0 | V68: 0 | W68: 0 | X68: 0 | Y68: 0
C69: 66 | D69: ARRUELA METALICA, LISA 5/16", Arruela lisa - ansi b 18.22.1 - 5/16 - Aço Carbono Zincado. | E69: 339030.24 | F69: Inca | G69: Peça | H69: 30 | I69: 20 | J69: 0.07 | K69: 1000 | L69: =K69-(SUM(N69:Y69)) -> 1000 | M69: =IF(L69<0,"ATENÇÃO","OK") -> OK | N69: 0 | O69: 0 | P69: 0 | Q69: 0 | R69: 0 | S69: 0 | T69: 0 | U69: 0 | V69: 0 | W69: 0 | X69: 0 | Y69: 0
C70: 67 | D70: ARRUELA METALICA, LISA ZINCADA 1/2, Arruela lisa - ansi b 18.22.1 - 1/2 - Aço Carbono Zincado | E70: 339030.24 | F70: Inca | G70: Peça | H70: 30 | I70: 20 | J70: 0.3 | K70: 1000 | L70: =K70-(SUM(N70:Y70)) -> 1000 | M70: =IF(L70<0,"ATENÇÃO","OK") -> OK | N70: 0 | O70: 0 | P70: 0 | Q70: 0 | R70: 0 | S70: 0 | T70: 0 | U70: 0 | V70: 0 | W70: 0 | X70: 0 | Y70: 0
C71: 68 | D71: ARRUELA METALICA, LISA ZINCADA 1/4, Arruela lisa - ansi b 18.22.1 - 1/4 - Aço Carbono Zincado | E71: 339030.24 | F71: Inca | G71: Peça | H71: 30 | I71: 20 | J71: 0.05 | K71: 1000 | L71: =K71-(SUM(N71:Y71)) -> 1000 | M71: =IF(L71<0,"ATENÇÃO","OK") -> OK | N71: 0 | O71: 0 | P71: 0 | Q71: 0 | R71: 0 | S71: 0 | T71: 0 | U71: 0 | V71: 0 | W71: 0 | X71: 0 | Y71: 0
C72: 69 | D72: ARRUELA METALICA, LISA ZINCADA 3/8, Arruela lisa - ansi b 18.22.1 - 3/8 - Aço Carbono Zincado | E72: 339030.24 | F72: Inca | G72: Peça | H72: 30 | I72: 20 | J72: 0.1 | K72: 1000 | L72: =K72-(SUM(N72:Y72)) -> 1000 | M72: =IF(L72<0,"ATENÇÃO","OK") -> OK | N72: 0 | O72: 0 | P72: 0 | Q72: 0 | R72: 0 | S72: 0 | T72: 0 | U72: 0 | V72: 0 | W72: 0 | X72: 0 | Y72: 0
C73: 70 | D73: BRACADEIRA, ABRA«ADEIRA FLEXIVEL ROSCA SEM FIM, Abracadeira flexil Tipo "Rosca sem-fim" - 17-27 - aço galvanizado. | E73: 339030.24 | F73: Inca | G73: Peça | H73: 30 | I73: 20 | J73: 0.66 | K73: 30 | L73: =K73-(SUM(N73:Y73)) -> 30 | M73: =IF(L73<0,"ATENÇÃO","OK") -> OK | N73: 0 | O73: 0 | P73: 0 | Q73: 0 | R73: 0 | S73: 0 | T73: 0 | U73: 0 | V73: 0 | W73: 0 | X73: 0 | Y73: 0
C74: 71 | D74: BRACADEIRA, ABRA«ADEIRA FLEXIVEL ROSCA SEM FIM, Abracadeira flexil Tipo "Rosca sem-fim" - 20-32 - aço galvanizado. | E74: 339030.24 | F74: Inca | G74: Peça | H74: 30 | I74: 20 | J74: 0.97 | K74: 30 | L74: =K74-(SUM(N74:Y74)) -> 30 | M74: =IF(L74<0,"ATENÇÃO","OK") -> OK | N74: 0 | O74: 0 | P74: 0 | Q74: 0 | R74: 0 | S74: 0 | T74: 0 | U74: 0 | V74: 0 | W74: 0 | X74: 0 | Y74: 0
C75: 72 | D75: BRACADEIRA, ABRA«ADEIRA FLEXIVEL ROSCA SEM FIM, Abracadeira flexil Tipo "Rosca sem-fim" - 25-44 - aço galvanizado. | E75: 339030.24 | F75: Inca | G75: Peça | H75: 30 | I75: 20 | J75: 1.9 | K75: 30 | L75: =K75-(SUM(N75:Y75)) -> 30 | M75: =IF(L75<0,"ATENÇÃO","OK") -> OK | N75: 0 | O75: 0 | P75: 0 | Q75: 0 | R75: 0 | S75: 0 | T75: 0 | U75: 0 | V75: 0 | W75: 0 | X75: 0 | Y75: 0
C76: 73 | D76: BRACADEIRA, ABRA«ADEIRA FLEXIVEL ROSCA SEM FIM, Abracadeira flexil Tipo "Rosca sem-fim" - 32-51 - aço galvanizado. | E76: 339030.24 | F76: Inca | G76: Peça | H76: 30 | I76: 20 | J76: 1.43 | K76: 30 | L76: =K76-(SUM(N76:Y76)) -> 30 | M76: =IF(L76<0,"ATENÇÃO","OK") -> OK | N76: 0 | O76: 0 | P76: 0 | Q76: 0 | R76: 0 | S76: 0 | T76: 0 | U76: 0 | V76: 0 | W76: 0 | X76: 0 | Y76: 0
C77: 74 | D77: BRACADEIRA, ABRA«ADEIRA FLEXIVEL ROSCA SEM FIM, Abracadeira flexil Tipo "Rosca sem-fim" - 38-57 - aço galvanizado. | E77: 339030.24 | F77: Inca | G77: Peça | H77: 30 | I77: 20 | J77: 1.44 | K77: 30 | L77: =K77-(SUM(N77:Y77)) -> 30 | M77: =IF(L77<0,"ATENÇÃO","OK") -> OK | N77: 0 | O77: 0 | P77: 0 | Q77: 0 | R77: 0 | S77: 0 | T77: 0 | U77: 0 | V77: 0 | W77: 0 | X77: 0 | Y77: 0
C78: 75 | D78: BRACADEIRA, ABRA«ADEIRA FLEXIVEL ROSCA SEM FIM, Abracadeira flexil Tipo "Rosca sem-fim" - 45-64 - aço galvanizado. | E78: 339030.24 | F78: Inca | G78: Peça | H78: 30 | I78: 20 | J78: 1.46 | K78: 30 | L78: =K78-(SUM(N78:Y78)) -> 30 | M78: =IF(L78<0,"ATENÇÃO","OK") -> OK | N78: 0 | O78: 0 | P78: 0 | Q78: 0 | R78: 0 | S78: 0 | T78: 0 | U78: 0 | V78: 0 | W78: 0 | X78: 0 | Y78: 0
C79: 76 | D79: BRACADEIRA, ABRA«ADEIRA FLEXIVEL ROSCA SEM FIM, Abracadeira flexil Tipo "Rosca sem-fim" - 51-70 - aço galvanizado. | E79: 339030.24 | F79: Inca | G79: Peça | H79: 30 | I79: 20 | J79: 1.51 | K79: 30 | L79: =K79-(SUM(N79:Y79)) -> 30 | M79: =IF(L79<0,"ATENÇÃO","OK") -> OK | N79: 0 | O79: 0 | P79: 0 | Q79: 0 | R79: 0 | S79: 0 | T79: 0 | U79: 0 | V79: 0 | W79: 0 | X79: 0 | Y79: 0
... C96: 93 | D96: BUCHA PLASTICA PARA FIXACAO, NUMERO 12, Bucha 12,0mm, plástica, para parafuso pacote com 100 unidades. | E96: 339030.24 | F96: Vonder | G96: Peça | H96: 30 | I96: 20 | J96: 15.45 | K96: 10 | L96: =K96-(SUM(N96:Y96)) -> 10 | M96: =IF(L96<0,"ATENÇÃO","OK") -> OK | N96: 0 | O96: 0 | P96: 0 | Q96: 0 | R96: 0 | S96: 0 | T96: 0 | U96: 0 | V96: 0 | W96: 0 | X96: 0 | Y96: 0
C97: 94 | D97: BUCHA PLASTICA PARA FIXACAO, NUMERO 14, Bucha para parafuso N14 | E97: 339030.42 | F97: Vonder | G97: Peça | H97: 30 | I97: 20 | J97: 1.07 | L97: =K97-(SUM(N97:Y97)) -> 0 | M97: =IF(L97<0,"ATENÇÃO","OK") -> OK | N97: 0 | O97: 0 | P97: 0 | Q97: 0 | R97: 0 | S97: 0 | T97: 0 | U97: 0 | V97: 0 | W97: 0 | X97: 0 | Y97: 0
C98: 95 | D98: FITA PERFURADA, DE METAL, 19MM, ROLO C/30M, Fita De Aço Perfurada; Largura: 17 a 19 mm; Rolo de 30m | E98: 339030.42 | F98: Inca | G98: Rolo | H98: 30 | I98: 20 | J98: 33 | K98: 5 | L98: =K98-(SUM(N98:Y98)) -> 5 | M98: =IF(L98<0,"ATENÇÃO","OK") -> OK | N98: 0 | O98: 0 | P98: 0 | Q98: 0 | R98: 0 | S98: 0 | T98: 0 | U98: 0 | V98: 0 | W98: 0 | X98: 0 | Y98: 0
C99: 96 | D99: GANCHO, REFORCADO, Gancho Com Rosca P/ Bucha e Madeira Material: Aço Galvanizado Dimensões: 2.9 X 47. | E99: 339030.24 | F99: Inca | G99: Peça | H99: 30 | I99: 20 | J99: 0.24 | K99: 150 | L99: =K99-(SUM(N99:Y99)) -> 150 | M99: =IF(L99<0,"ATENÇÃO","OK") -> OK | N99: 0 | O99: 0 | P99: 0 | Q99: 0 | R99: 0 | S99: 0 | T99: 0 | U99: 0 | V99: 0 | W99: 0 | X99: 0 | Y99: 0
C100: 97 | D100: GANCHO, REFORCADO, Gancho Com Rosca P/ Bucha E Madeira Material: Aço Galvanizado Dimensões: 3.3 X 58. | E100: 339030.24 | F100: Inca | G100: Peça | H100: 30 | I100: 20 | J100: 0.28 | K100: 150 | L100: =K100-(SUM(N100:Y100)) -> 150 | M100: =IF(L100<0,"ATENÇÃO","OK") -> OK | N100: 0 | O100: 0 | P100: 0 | Q100: 0 | R100: 0 | S100: 0 | T100: 0 | U100: 0 | V100: 0 | W100: 0 | X100: 0 | Y100: 0
C101: 98 | D101: GANCHO, REFORCADO, Gancho Com Rosca P/ Bucha E Madeira Material: Aço Galvanizado Dimensões: 4.4 X 67. | E101: 339030.24 | F101: Inca | G101: Peça | H101: 30 | I101: 20 | J101: 0.3 | K101: 150 | L101: =K101-(SUM(N101:Y101)) -> 150 | M101: =IF(L101<0,"ATENÇÃO","OK") -> OK | N101: 0 | O101: 0 | P101: 0 | Q101: 0 | R101: 0 | S101: 0 | T101: 0 | U101: 0 | V101: 0 | W101: 0 | X101: 0 | Y101: 0
C102: 99 | D102: GANCHO, REFORCADO, Gancho em metal com Rosca. Medidas aproximadas: 2,2x31mm. Para fixação em alvenaria, como um suporte para os mais variados objetos | E102: 339030.24 | F102: Inca | G102: Peça | H102: 30 | I102: 20 | J102: 5.06 | L102: =K102-(SUM(N102:Y102)) -> 0 | M102: =IF(L102<0,"ATENÇÃO","OK") -> OK | N102: 0 | O102: 0 | P102: 0 | Q102: 0 | R102: 0 | S102: 0 | T102: 0 | U102: 0 | V102: 0 | W102: 0 | X102: 0 | Y102: 0
C103: 100 | D103: GRAMPO PARA CERCA, DE ARAME FARPADO, PACOTE COM 1 KG, Grampo de Cerca 1 x 9 mm | E103: 339030.24 | F103: Disma | G103: Pacote | H103: 30 | I103: 20 | J103: 8.1 | L103: =K103-(SUM(N103:Y103)) -> 0 | M103: =IF(L103<0,"ATENÇÃO","OK") -> OK | N103: 0 | O103: 0 | P103: 0 | Q103: 0 | R103: 0 | S103: 0 | T103: 0 | U103: 0 | V103: 0 | W103: 0 | X103: 0 | Y103: 0
C104: 101 | D104: MAO FRANCESA (DISPOSITIVO DE FIXACAO), SIMPLES 100MM, | E104: 339030.24 | F104: Disma | G104: Peça | H104: 30 | I104: 20 | J104: 3.03 | L104: =K104-(SUM(N104:Y104)) -> 0 | M104: =IF(L104<0,"ATENÇÃO","OK") -> OK | N104: 0 | O104: 0 | P104: 0 | Q104: 0 | R104: 0 | S104: 0 | T104: 0 | U104: 0 | V104: 0 | W104: 0 | X104: 0 | Y104: 0
C105: 102 | D105: PARAFUSO METALICO, AUTO ATARRACHANTE 2,9X19MM C/PANELA, fendado, zincado branco. | E105: 339030.24 | F105: Mister | G105: Peça | H105: 30 | I105: 20 | J105: 0.05 | K105: 5000 | L105: =K105-(SUM(N105:Y105)) -> 5000 | M105: =IF(L105<0,"ATENÇÃO","OK") -> OK | N105: 0 | O105: 0 | P105: 0 | Q105: 0 | R105: 0 | S105: 0 | T105: 0 | U105: 0 | V105: 0 | W105: 0 | X105: 0 | Y105: 0
C106: 103 | D106: PARAFUSO METALICO, COM PORCA, 8 X 25, | E106: 339030.24 | F106: Mister | G106: Peça | H106: 30 | I106: 20 | J106: 0.9 | K106: 1000 | L106: =K106-(SUM(N106:Y106)) -> 1000 | M106: =IF(L106<0,"ATENÇÃO","OK") -> OK | N106: 0 | O106: 0 | P106: 0 | Q106: 0 | R106: 0 | S106: 0 | T106: 0 | U106: 0 | V106: 0 | W106: 0 | X106: 0 | Y106: 0
C107: 104 | D107: PARAFUSO METALICO, COM PORCA, 8 X 50, | E107: 339030.24 | F107: Mister | G107: Peça | H107: 30 | I107: 20 | J107: 1.09 | K107: 1000 | L107: =K107-(SUM(N107:Y107)) -> 1000 | M107: =IF(L107<0,"ATENÇÃO","OK") -> OK | N107: 0 | O107: 0 | P107: 0 | Q107: 0 | R107: 0 | S107: 0 | T107: 0 | U107: 0 | V107: 0 | W107: 0 | X107: 0 | Y107: 0
C108: 105 | D108: PARAFUSO METALICO, COM PORCAS E ARRUELAS, Conjunto Porca ,Parafuso e Arruela, Cabeça Sextavada, rosca inteira, Aço Carbono Zincado, Norma UNC; Diâmetro 1/4", Comprimento 1.1/2". | E108: 339030.24 | F108: Mister | G108: Peça | H108: 30 | I108: 20 | J108: 0.3 | K108: 500 | L108: =K108-(SUM(N108:Y108)) -> 500 | M108: =IF(L108<0,"ATENÇÃO","OK") -> OK | N108: 0 | O108: 0 | P108: 0 | Q108: 0 | R108: 0 | S108: 0 | T108: 0 | U108: 0 | V108: 0 | W108: 0 | X108: 0 | Y108: 0
C109: 106 | D109: PARAFUSO METALICO, COM PORCAS E ARRUELAS, Conjunto Porca ,Parafuso e Arruela, Cabeça Sextavada, rosca inteira, Aço Carbono Zincado, Norma UNC; Diâmetro 1/4", Comprimento 2". | E109: 339030.24 | F109: Mister | G109: Peça | H109: 30 | I109: 20 | J109: 0.4 | K109: 500 | L109: =K109-(SUM(N109:Y109)) -> 500 | M109: =IF(L109<0,"ATENÇÃO","OK") -> OK | N109: 0 | O109: 0 | P109: 0 | Q109: 0 | R109: 0 | S109: 0 | T109: 0 | U109: 0 | V109: 0 | W109: 0 | X109: 0 | Y109: 0
C110: 107 | D110: PARAFUSO METALICO, COM PORCAS E ARRUELAS, Conjunto Porca ,Parafuso e Arruela, Cabeça Sextavada, rosca inteira, Aço Carbono Zincado, Norma UNC; Diâmetro 3/8", Comprimento 1". | E110: 339030.24 | F110: Mister | G110: Peça | H110: 30 | I110: 20 | J110: 0.8 | K110: 200 | L110: =K110-(SUM(N110:Y110)) -> 200 | M110: =IF(L110<0,"ATENÇÃO","OK") -> OK | N110: 0 | O110: 0 | P110: 0 | Q110: 0 | R110: 0 | S110: 0 | T110: 0 | U110: 0 | V110: 0 | W110: 0 | X110: 0 | Y110: 0
C111: 108 | D111: PARAFUSO METALICO, COM PORCAS E ARRUELAS, Conjunto Porca ,Parafuso e Arruela, Cabeça Sextavada, rosca inteira, Aço Carbono Zincado, Norma UNC; Diâmetro 3/8", Comprimento 2". | E111: 339030.24 | F111: Mister | G111: Peça | H111: 30 | I111: 20 | J111: 0.78 | K111: 300 | L111: =K111-(SUM(N111:Y111)) -> 300 | M111: =IF(L111<0,"ATENÇÃO","OK") -> OK | N111: 0 | O111: 0 | P111: 0 | Q111: 0 | R111: 0 | S111: 0 | T111: 0 | U111: 0 | V111: 0 | W111: 0 | X111: 0 | Y111: 0
C112: 109 | D112: PARAFUSO METALICO, COM PORCAS E ARRUELAS, Conjunto Porca ,Parafuso e Arruela, Cabeça Sextavada, rosca inteira, Aço Carbono Zincado, Norma UNC; Diâmetro 3/8", Comprimento 3" | E112: 339030.24 | F112: Mister | G112: Peça | H112: 30 | I112: 20 | J112: 15.17 | K112: 300 | L112: =K112-(SUM(N112:Y112)) -> 300 | M112: =IF(L112<0,"ATENÇÃO","OK") -> OK | N112: 0 | O112: 0 | P112: 0 | Q112: 0 | R112: 0 | S112: 0 | T112: 0 | U112: 0 | V112: 0 | W112: 0 | X112: 0 | Y112: 0
C113: 110 | D113: PARAFUSO METALICO, COM PORCAS E ARRUELAS, Conjunto Porca ,Parafuso e Arruela, Cabeça Sextavada, rosca inteira, Aço Carbono Zincado, Norma UNC; Diâmetro 5/16", Comprimento 1.3/4". | E113: 339030.24 | F113: Mister | G113: Peça | H113: 30 | I113: 20 | J113: 0.32 | K113: 300 | L113: =K113-(SUM(N113:Y113)) -> 300 | M113: =IF(L113<0,"ATENÇÃO","OK") -> OK | N113: 0 | O113: 0 | P113: 0 | Q113: 0 | R113: 0 | S113: 0 | T113: 0 | U113: 0 | V113: 0 | W113: 0 | X113: 0 | Y113: 0
C114: 111 | D114: PARAFUSO METALICO, COM PORCAS E ARRUELAS, Conjunto Porca ,Parafuso e Arruela, Cabeça Sextavada, rosca inteira, Aço Carbono Zincado, Norma UNC; Diâmetro 5/16", Comprimento 1/2". | E114: 339030.24 | F114: Mister | G114: Peça | H114: 30 | I114: 20 | J114: 0.26 | K114: 300 | L114: =K114-(SUM(N114:Y114)) -> 300 | M114: =IF(L114<0,"ATENÇÃO","OK") -> OK | N114: 0 | O114: 0 | P114: 0 | Q114: 0 | R114: 0 | S114: 0 | T114: 0 | U114: 0 | V114: 0 | W114: 0 | X114: 0 | Y114: 0
C115: 112 | D115: PARAFUSO METALICO, COM PORCAS E ARRUELAS, Conjunto Porca ,Parafuso e Arruela, Cabeça Sextavada, rosca inteira, Aço Carbono Zincado, Norma UNC; Diâmetro 5/16", Comprimento 3." | E115: 339030.24 | F115: Mister | G115: Peça | H115: 30 | I115: 20 | J115: 0.78 | K115: 300 | L115: =K115-(SUM(N115:Y115)) -> 300 | M115: =IF(L115<0,"ATENÇÃO","OK") -> OK | N115: 0 | O115: 0 | P115: 0 | Q115: 0 | R115: 0 | S115: 0 | T115: 0 | U115: 0 | V115: 0 | W115: 0 | X115: 0 | Y115: 0
C116: 113 | D116: PARAFUSO METALICO, COM PORCAS E ARRUELAS, Conjunto Porca ,Parafuso e Arruela, Cabeça Sextavada, rosca inteira, Aço Carbono Zincado, Norma UNC; Diâmetro 5/16", Comprimento 4". | E116: 339030.24 | F116: Mister | G116: Peça | H116: 30 | I116: 20 | J116: 1 | K116: 300 | L116: =K116-(SUM(N116:Y116)) -> 300 | M116: =IF(L116<0,"ATENÇÃO","OK") -> OK | N116: 0 | O116: 0 | P116: 0 | Q116: 0 | R116: 0 | S116: 0 | T116: 0 | U116: 0 | V116: 0 | W116: 0 | X116: 0 | Y116: 0
... C122: 119 | D122: PARAFUSO METALICO, COM PORCAS E ARRUELAS, Parafuso Frances Com Porca, Aço Carbono Polido, Norma UNC / ANSI / ASME 18.5; 5/16-18 X 3. | E122: 339030.24 | F122: Mister | G122: Peça | H122: 30 | I122: 20 | J122: 1.14 | K122: 300 | L122: =K122-(SUM(N122:Y122)) -> 300 | M122: =IF(L122<0,"ATENÇÃO","OK") -> OK | N122: 0 | O122: 0 | P122: 0 | Q122: 0 | R122: 0 | S122: 0 | T122: 0 | U122: 0 | V122: 0 | W122: 0 | X122: 0 | Y122: 0
C123: 120 | D123: PARAFUSO METALICO, DIAMETRO (POLEGADA) 1/4", Parafuso Sextavado Inox 1/4" x 4" (6.35mm x 100mm). | E123: 339030.42 | F123: Mister | G123: Peça | H123: 30 | I123: 20 | J123: 1.19 | L123: =K123-(SUM(N123:Y123)) -> 0 | M123: =IF(L123<0,"ATENÇÃO","OK") -> OK | N123: 0 | O123: 0 | P123: 0 | Q123: 0 | R123: 0 | S123: 0 | T123: 0 | U123: 0 | V123: 0 | W123: 0 | X123: 0 | Y123: 0
C124: 121 | D124: PARAFUSO METALICO, DIAMETRO (POLEGADA) 5/16", Parafuso Sextavado Inox 5/16" x 4" (8mm x 100mm). | E124: 339030.42 | F124: Mister | G124: Peça | H124: 30 | I124: 20 | J124: 1.6 | L124: =K124-(SUM(N124:Y124)) -> 0 | M124: =IF(L124<0,"ATENÇÃO","OK") -> OK | N124: 0 | O124: 0 | P124: 0 | Q124: 0 | R124: 0 | S124: 0 | T124: 0 | U124: 0 | V124: 0 | W124: 0 | X124: 0 | Y124: 0
C125: 122 | D125: PARAFUSO METALICO, DIAMETRO (POLEGADA) 5/16", Parafuso sextavado Inox 5/16" x 2.1/2 (8mm x 64mm). | E125: 339030.42 | F125: Mister | G125: Peça | H125: 30 | I125: 20 | J125: 0.93 | L125: =K125-(SUM(N125:Y125)) -> 0 | M125: =IF(L125<0,"ATENÇÃO","OK") -> OK | N125: 0 | O125: 0 | P125: 0 | Q125: 0 | R125: 0 | S125: 0 | T125: 0 | U125: 0 | V125: 0 | W125: 0 | X125: 0 | Y125: 0
C126: 123 | D126: PARAFUSO METALICO, DRY WALL, CABE«A TROMBETA PONTA AGULHA 3.5X25, | E126: 339030.42 | F126: Mister | G126: Peça | H126: 30 | I126: 20 | J126: 3.23 | K126: 200 | L126: =K126-(SUM(N126:Y126)) -> 200 | M126: =IF(L126<0,"ATENÇÃO","OK") -> OK | N126: 0 | O126: 0 | P126: 0 | Q126: 0 | R126: 0 | S126: 0 | T126: 0 | U126: 0 | V126: 0 | W126: 0 | X126: 0 | Y126: 0
C127: 124 | D127: PARAFUSO METALICO, ESCAPULA A«O GALVANIZADO, Escápula com rosca p/ bucha e madeira 2.9 x 41 - Aço Galvanizado | E127: 339030.24 | F127: Mister | G127: Peça | H127: 30 | I127: 20 | J127: 0.2 | K127: 150 | L127: =K127-(SUM(N127:Y127)) -> 150 | M127: =IF(L127<0,"ATENÇÃO","OK") -> OK | N127: 0 | O127: 0 | P127: 0 | Q127: 0 | R127: 0 | S127: 0 | T127: 0 | U127: 0 | V127: 0 | W127: 0 | X127: 0 | Y127: 0
C128: 125 | D128: PARAFUSO METALICO, ESCAPULA A«O GALVANIZADO, Escápula com rosca p/ bucha e madeira 3.3 x 57 - Aço Galvanizado. | E128: 339030.24 | F128: Mister | G128: Peça | H128: 30 | I128: 20 | J128: 0.22 | K128: 150 | L128: =K128-(SUM(N128:Y128)) -> 150 | M128: =IF(L128<0,"ATENÇÃO","OK") -> OK | N128: 0 | O128: 0 | P128: 0 | Q128: 0 | R128: 0 | S128: 0 | T128: 0 | U128: 0 | V128: 0 | W128: 0 | X128: 0 | Y128: 0
C129: 126 | D129: PARAFUSO METALICO, ESCAPULA A«O GALVANIZADO, Escápula com rosca p/ bucha e madeira 4.4 x 67 - Aço Galvanizado | E129: 339030.24 | F129: Mister | G129: Peça | H129: 30 | I129: 20 | J129: 0.18 | K129: 150 | L129: =K129-(SUM(N129:Y129)) -> 150 | M129: =IF(L129<0,"ATENÇÃO","OK") -> OK | N129: 0 | O129: 0 | P129: 0 | Q129: 0 | R129: 0 | S129: 0 | T129: 0 | U129: 0 | V129: 0 | W129: 0 | X129: 0 | Y129: 0
C130: 127 | D130: PARAFUSO METALICO, ESCAPULA A«O GALVANIZADO, Escápula com rosca p/ bucha e madeira 4.9 x 67 - Aço Galvanizado. | E130: 339030.24 | F130: Mister | G130: Peça | H130: 30 | I130: 20 | J130: 0.18 | K130: 150 | L130: =K130-(SUM(N130:Y130)) -> 150 | M130: =IF(L130<0,"ATENÇÃO","OK") -> OK | N130: 0 | O130: 0 | P130: 0 | Q130: 0 | R130: 0 | S130: 0 | T130: 0 | U130: 0 | V130: 0 | W130: 0 | X130: 0 | Y130: 0
C131: 128 | D131: PARAFUSO METALICO, SEXTAVADO INOX 3/8" X 4", Parafuso Sextavado Inox 3/8" x 4" (9.5mm x 100mm) | E131: 339030.42 | F131: Mister | G131: Peça | H131: 30 | I131: 20 | J131: 2.17 | L131: =K131-(SUM(N131:Y131)) -> 0 | M131: =IF(L131<0,"ATENÇÃO","OK") -> OK | N131: 0 | O131: 0 | P131: 0 | Q131: 0 | R131: 0 | S131: 0 | T131: 0 | U131: 0 | V131: 0 | W131: 0 | X131: 0 | Y131: 0
C132: 129 | D132: PARAFUSO METALICO, SOBERBO, COM 1000 PE«AS, Parafuso Soberbo para madeira, cabeça chata com fenda; material: Latão; Acabamento Plido, Norma ANSI/ASME 18.6.1; Rosca ANSI/ASME 18.6.1; Dimensões: 3,2x40,0mm. Caixa com 1.000. | E132: 339030.24 | F132: Mister | G132: Caixa | H132: 30 | I132: 20 | J132: 195 | K132: 5 | L132: =K132-(SUM(N132:Y132)) -> 5 | M132: =IF(L132<0,"ATENÇÃO","OK") -> OK | N132: 0 | O132: 0 | P132: 0 | Q132: 0 | R132: 0 | S132: 0 | T132: 0 | U132: 0 | V132: 0 | W132: 0 | X132: 0 | Y132: 0
C133: 130 | D133: PARAFUSO METALICO, SOBERBO, COM 1000 PE«AS, Parafuso Soberbo para madeira, cabeça chata com fenda; material: Latão; Acabamento Plido, Norma ANSI/ASME 18.6.1; Rosca ANSI/ASME 18.6.1; Dimensões: 5,5x75,0mm. Caixa com 1000. | E133: 339030.24 | F133: Mister | G133: Caixa | H133: 30 | I133: 20 | J133: 350 | K133: 5 | L133: =K133-(SUM(N133:Y133)) -> 5 | M133: =IF(L133<0,"ATENÇÃO","OK") -> OK | N133: 0 | O133: 0 | P133: 0 | Q133: 0 | R133: 0 | S133: 0 | T133: 0 | U133: 0 | V133: 0 | W133: 0 | X133: 0 | Y133: 0
C134: 131 | D134: PARAFUSO METALICO, SOBERBO, COM 1000 PE«AS, Parafuso Soberbo para madeira, cabeça chata com fenda; material: Latão; Acabamento Plido, Norma ANSI/ASME 18.6.1; Rosca ANSI/ASME 18.6.1; Dimensões: 6,1x100,0mm. Caixa com 1.000. | E134: 339030.24 | F134: Mister | G134: Caixa | H134: 30 | I134: 20 | J134: 600 | K134: 5 | L134: =K134-(SUM(N134:Y134)) -> 5 | M134: =IF(L134<0,"ATENÇÃO","OK") -> OK | N134: 0 | O134: 0 | P134: 0 | Q134: 0 | R134: 0 | S134: 0 | T134: 0 | U134: 0 | V134: 0 | W134: 0 | X134: 0 | Y134: 0
C135: 132 | D135: PARAFUSO METALICO, SOBERBO, COM 1000 PE«AS, Parafuso soberbo, tipo chipboard, bitola 3,5mmX30mm. Caixa com 1000 peças. | E135: 339030.24 | F135: Mister | G135: Caixa | H135: 30 | I135: 20 | J135: 91 | K135: 5 | L135: =K135-(SUM(N135:Y135)) -> 5 | M135: =IF(L135<0,"ATENÇÃO","OK") -> OK | N135: 0 | O135: 0 | P135: 0 | Q135: 0 | R135: 0 | S135: 0 | T135: 0 | U135: 0 | V135: 0 | W135: 0 | X135: 0 | Y135: 0
C136: 133 | D136: PARAFUSO METALICO, TIPO PHILIPS MEDINDO 3.5 X 25, Parafuso ponta agulha philips 3,5mmX25mm, acabamento fosfatizado, para gesso. Pacote com 50 unidades | E136: 339030.24 | F136: Mister | G136: Peça | H136: 30 | I136: 20 | J136: 6.17 | K136: 30 | L136: =K136-(SUM(N136:Y136)) -> 30 | M136: =IF(L136<0,"ATENÇÃO","OK") -> OK | N136: 0 | O136: 0 | P136: 0 | Q136: 0 | R136: 0 | S136: 0 | T136: 0 | U136: 0 | V136: 0 | W136: 0 | X136: 0 | Y136: 0
C137: 134 | D137: PARAFUSO METALICO, TIPO PHILIPS, DIVERSOS TAMANHOS, Medidas: 4,0 x 25 mm. Pacote com 100 unidades. | E137: 339030.24 | F137: Mister | G137: Peça | H137: 30 | I137: 20 | J137: 5.22 | L137: =K137-(SUM(N137:Y137)) -> 0 | M137: =IF(L137<0,"ATENÇÃO","OK") -> OK | N137: 0 | O137: 0 | P137: 0 | Q137: 0 | R137: 0 | S137: 0 | T137: 0 | U137: 0 | V137: 0 | W137: 0 | X137: 0 | Y137: 0
C138: 135 | D138: PARAFUSO METALICO, TIPO PHILIPS, DIVERSOS TAMANHOS, Medidas: 4,0 x 40 mm. Pacote com 100 unidades. | E138: 339030.24 | F138: Mister | G138: Peça | H138: 30 | I138: 20 | J138: 8.33 | L138: =K138-(SUM(N138:Y138)) -> 0 | M138: =IF(L138<0,"ATENÇÃO","OK") -> OK | N138: 0 | O138: 0 | P138: 0 | Q138: 0 | R138: 0 | S138: 0 | T138: 0 | U138: 0 | V138: 0 | W138: 0 | X138: 0 | Y138: 0
C139: 136 | D139: PARAFUSO METALICO, TIPO PHILIPS, DIVERSOS TAMANHOS, Parafuso auto-atarraxante cab. Panela c/ fenda - din 7971 Material: Aço Carbono Cementado; Dimensões - 4.8 X 80. | E139: 339030.24 | F139: Mister | G139: Peça | H139: 30 | I139: 20 | J139: 0.25 | K139: 1000 | L139: =K139-(SUM(N139:Y139)) -> 1000 | M139: =IF(L139<0,"ATENÇÃO","OK") -> OK | N139: 0 | O139: 0 | P139: 0 | Q139: 0 | R139: 0 | S139: 0 | T139: 0 | U139: 0 | V139: 0 | W139: 0 | X139: 0 | Y139: 0
C140: 137 | D140: PARAFUSO METALICO, TIPO PHILIPS, DIVERSOS TAMANHOS, Parafuso auto-atarraxante cab. Panela c/ fenda - din 7971 Material: Aço Carbono Cementado; Dimensões - 4.2 X 50mm. | E140: 339030.24 | F140: Mister | G140: Peça | H140: 30 | I140: 20 | J140: 0.2 | K140: 1000 | L140: =K140-(SUM(N140:Y140)) -> 1000 | M140: =IF(L140<0,"ATENÇÃO","OK") -> OK | N140: 0 | O140: 0 | P140: 0 | Q140: 0 | R140: 0 | S140: 0 | T140: 0 | U140: 0 | V140: 0 | W140: 0 | X140: 0 | Y140: 0
C141: 138 | D141: PARAFUSO METALICO, TIPO PHILIPS, DIVERSOS TAMANHOS, Parafuso auto-atarraxante cab. Panela c/ fenda - din 7971. Material: Aço Carbono Cementado; Dimensões - 5.5 X 80,0mm. | E141: 339030.24 | F141: Mister | G141: Peça | H141: 30 | I141: 20 | J141: 0.3 | K141: 1000 | L141: =K141-(SUM(N141:Y141)) -> 1000 | M141: =IF(L141<0,"ATENÇÃO","OK") -> OK | N141: 0 | O141: 0 | P141: 0 | Q141: 0 | R141: 0 | S141: 0 | T141: 0 | U141: 0 | V141: 0 | W141: 0 | X141: 0 | Y141: 0
C142: 139 | D142: PARAFUSO METALICO, TIPO PHILIPS, DIVERSOS TAMANHOS, Parafuso cabeça chata philips, 30mmX3mm, bicromatizado, aço, para madeira, aglomerado, MDF. Pacote com 50 unidades. | E142: 339030.24 | F142: Mister | G142: Peça | H142: 30 | I142: 20 | J142: 7.16 | K142: 30 | L142: =K142-(SUM(N142:Y142)) -> 30 | M142: =IF(L142<0,"ATENÇÃO","OK") -> OK | N142: 0 | O142: 0 | P142: 0 | Q142: 0 | R142: 0 | S142: 0 | T142: 0 | U142: 0 | V142: 0 | W142: 0 | X142: 0 | Y142: 0
C143: 140 | D143: PARAFUSO METALICO, TIPO PHILIPS, DIVERSOS TAMANHOS, Parafuso Chip Board Phillips Cabeca Tipo Panela; Material: Ferro Bicromatizado; Dimensões 3.0 X 10mm. | E143: 339030.24 | F143: Mister | G143: Peça | H143: 30 | I143: 20 | J143: 0.15 | K143: 1000 | L143: =K143-(SUM(N143:Y143)) -> 1000 | M143: =IF(L143<0,"ATENÇÃO","OK") -> OK | N143: 0 | O143: 0 | P143: 0 | Q143: 0 | R143: 0 | S143: 0 | T143: 0 | U143: 0 | V143: 0 | W143: 0 | X143: 0 | Y143: 0
C144: 141 | D144: PARAFUSO METALICO, TIPO PHILIPS, DIVERSOS TAMANHOS, Parafuso Chip Board Phillips Cabeca Tipo Panela; Material: Ferro Bicromatizado; Dimensões 3.0 X 20mm. | E144: 339030.24 | F144: Mister | G144: Peça | H144: 30 | I144: 20 | J144: 0.15 | K144: 1000 | L144: =K144-(SUM(N144:Y144)) -> 1000 | M144: =IF(L144<0,"ATENÇÃO","OK") -> OK | N144: 0 | O144: 0 | P144: 0 | Q144: 0 | R144: 0 | S144: 0 | T144: 0 | U144: 0 | V144: 0 | W144: 0 | X144: 0 | Y144: 0
...

Sheet ESAG
A1: PROCESSO: 1025/2014 | D1: OBJETO: AQUISIÇÃO DE FERRAMENTAS, UTENSÍLIOS E MATERIAIS DE REPARO PARA O CAMPUS I, CERES E CESFI | J1: VIGÊNCIA DA ATA: 15/10/2014 até 14/10/2015 | N1: AF/OS nº 1906/2015 | O1: AF/OS nº 1914/2015 Qtde. DT | P1: AF/OS nº xxxx/2014 Qtde. DT | Q1: AF/OS nº xxxx/2014 Qtde. DT | R1: AF/OS nº xxxx/2014 Qtde. DT | S1: AF/OS nº xxxx/2014 Qtde. DT | T1: AF/OS nº xxxx/2014 Qtde. DT | U1: AF/OS nº xxxx/2014 Qtde. DT | V1: AF/OS nº xxxx/2014 Qtde. DT | W1: AF/OS nº xxxx/2014 Qtde. DT | X1: AF/OS nº xxxx/2014 Qtde. DT | Y1: AF/OS nº xxxx/2014 Qtde. DT
A2: CENTRO PARTICIPANTE: ESAG
A3: FORNECEDOR | B3: LOTE | C3: ITEM | D3: PRODUTO - CARACTERÍSTICAS MÍNIMAS | E3: DETALHAMENTO | F3: MARCA/MODELO | G3: UNIDADE | H3: Entrega (Dias) | I3: Pagto. (Dias) | J3: Preço UNITÁRIO (R$) | K3: Qtde LICITADA | L3: Saldo / Automático | M3: ALERTA | N3: ...../...../...... | O3: ...../...../...... | P3: ...../...../...... | Q3: ...../...../...... | R3: ...../...../...... | S3: ...../...../...... | T3: ...../...../...... | U3: ...../...../...... | V3: ...../...../...... | W3: ...../...../...... | X3: ...../...../...... | Y3: ...../...../......
A4: Cristiani Louri Rodrigues & Cia. Ltda - ME | B4: 1 | C4: 1 | D4: SUPORTE PARA CORTINA, EM "L", Suporte para cortina em "L"; Material: Latão; Dimensões: 5x8 | E4: 339030.24 | F4: Nacional | G4: Peça | H4: 30 | I4: 20 | J4: 0.9 | L4: =K4-(SUM(N4:Y4)) -> 0 | M4: =IF(L4<0,"ATENÇÃO","OK") -> OK | N4: 0 | O4: 0 | P4: 0 | Q4: 0 | R4: 0 | S4: 0 | T4: 0 | U4: 0 | V4: 0 | W4: 0 | X4: 0 | Y4: 0
C5: 2 | D5: SUPORTE PARA CORTINA, EM "L", Suporte para cortina em "L"; Material: Latão; Dimensões: 8x10 | E5: 339030.24 | F5: Nacional | G5: Peça | H5: 30 | I5: 20 | J5: 1.65 | L5: =K5-(SUM(N5:Y5)) -> 0 | M5: =IF(L5<0,"ATENÇÃO","OK") -> OK | N5: 0 | O5: 0 | P5: 0 | Q5: 0 | R5: 0 | S5: 0 | T5: 0 | U5: 0 | V5: 0 | W5: 0 | X5: 0 | Y5: 0
C6: 3 | D6: SUPORTE DIVERSOS, PARA PRATELEIRAS, Suporte para Prateleira; Material: Barra chata Metálica contraventada; Dimensões: 15cm. | E6: 339030.24 | F6: Nacional | G6: Peça | H6: 30 | I6: 20 | J6: 6 | L6: =K6-(SUM(N6:Y6)) -> 0 | M6: =IF(L6<0,"ATENÇÃO","OK") -> OK | N6: 0 | O6: 0 | P6: 0 | Q6: 0 | R6: 0 | S6: 0 | T6: 0 | U6: 0 | V6: 0 | W6: 0 | X6: 0 | Y6: 0
C7: 4 | D7: SUPORTE DIVERSOS, PARA PRATELEIRAS, Suporte para Prateleira; Material: Barra chata Metálica contraventada; Dimensões: 20cm. | E7: 339030.24 | F7: Nacional | G7: Peça | H7: 30 | I7: 20 | J7: 6 | L7: =K7-(SUM(N7:Y7)) -> 0 | M7: =IF(L7<0,"ATENÇÃO","OK") -> OK | N7: 0 | O7: 0 | P7: 0 | Q7: 0 | R7: 0 | S7: 0 | T7: 0 | U7: 0 | V7: 0 | W7: 0 | X7: 0 | Y7: 0
C8: 5 | D8: SUPORTE DIVERSOS, PARA PRATELEIRAS, Suporte para Prateleira; Material: Barra chata Metálica contraventada; Dimensões: 25cm. | E8: 339030.24 | F8: Nacional | G8: Peça | H8: 30 | I8: 20 | J8: 7.35 | L8: =K8-(SUM(N8:Y8)) -> 0 | M8: =IF(L8<0,"ATENÇÃO","OK") -> OK | N8: 0 | O8: 0 | P8: 0 | Q8: 0 | R8: 0 | S8: 0 | T8: 0 | U8: 0 | V8: 0 | W8: 0 | X8: 0 | Y8: 0
C9: 6 | D9: SUPORTE DIVERSOS, PARA PRATELEIRAS, Suporte para Prateleira; Material: Barra chata Metálica contraventada; Dimensões: 40cm. | E9: 339030.24 | F9: Nacional | G9: Peça | H9: 30 | I9: 20 | J9: 13 | L9: =K9-(SUM(N9:Y9)) -> 0 | M9: =IF(L9<0,"ATENÇÃO","OK") -> OK | N9: 0 | O9: 0 | P9: 0 | Q9: 0 | R9: 0 | S9: 0 | T9: 0 | U9: 0 | V9: 0 | W9: 0 | X9: 0 | Y9: 0
C10: 7 | D10: SUPORTE DIVERSOS, PARA PRATELEIRAS, Suporte para Prateleira; Material: Barra chata Metálica contraventada; Dimensões: 50cm. | E10: 339030.24 | F10: Nacional | G10: Peça | H10: 30 | I10: 20 | J10: 15.7 | L10: =K10-(SUM(N10:Y10)) -> 0 | M10: =IF(L10<0,"ATENÇÃO","OK") -> OK | N10: 0 | O10: 0 | P10: 0 | Q10: 0 | R10: 0 | S10: 0 | T10: 0 | U10: 0 | V10: 0 | W10: 0 | X10: 0 | Y10: 0
C11: 8 | D11: SUPORTE DIVERSOS, PARA PRATELEIRAS, Suporte para trilho de prateleira, Material Metálico; Largura: 30cm | E11: 339030.24 | F11: Nacional | G11: Peça | H11: 30 | I11: 20 | J11: 5.55 | L11: =K11-(SUM(N11:Y11)) -> 0 | M11: =IF(L11<0,"ATENÇÃO","OK") -> OK | N11: 0 | O11: 0 | P11: 0 | Q11: 0 | R11: 0 | S11: 0 | T11: 0 | U11: 0 | V11: 0 | W11: 0 | X11: 0 | Y11: 0
C12: 9 | D12: SUPORTE DIVERSOS, PARA PRATELEIRAS, Trilho para fixação de suporte para prateleira; Material: Metálico; Dimensões 200cm. | E12: 339030.24 | F12: Nacional | G12: Peça | H12: 30 | I12: 20 | J12: 27.5 | L12: =K12-(SUM(N12:Y12)) -> 0 | M12: =IF(L12<0,"ATENÇÃO","OK") -> OK | N12: 0 | O12: 0 | P12: 0 | Q12: 0 | R12: 0 | S12: 0 | T12: 0 | U12: 0 | V12: 0 | W12: 0 | X12: 0 | Y12: 0
C13: 10 | D13: CLIPS PARA CABO, DE ACO, Clip para cabo. 5/16 - aço inox a4 | E13: 339030.24 | F13: Inca | G13: Peça | H13: 30 | I13: 20 | J13: 0.9 | L13: =K13-(SUM(N13:Y13)) -> 0 | M13: =IF(L13<0,"ATENÇÃO","OK") -> OK | N13: 0 | O13: 0 | P13: 0 | Q13: 0 | R13: 0 | S13: 0 | T13: 0 | U13: 0 | V13: 0 | W13: 0 | X13: 0 | Y13: 0
C14: 11 | D14: CLIPS PARA CABO, DE ACO, Clip para cabo. 1 - aço inox a4 | E14: 339030.24 | F14: Inca | G14: Peça | H14: 30 | I14: 20 | J14: 4.73 | L14: =K14-(SUM(N14:Y14)) -> 0 | M14: =IF(L14<0,"ATENÇÃO","OK") -> OK | N14: 0 | O14: 0 | P14: 0 | Q14: 0 | R14: 0 | S14: 0 | T14: 0 | U14: 0 | V14: 0 | W14: 0 | X14: 0 | Y14: 0
C15: 12 | D15: CLIPS PARA CABO, DE ACO, Clip para cabo. 1/2 - aço inox a4 | E15: 339030.24 | F15: Inca | G15: Peça | H15: 30 | I15: 20 | J15: 2.5 | L15: =K15-(SUM(N15:Y15)) -> 0 | M15: =IF(L15<0,"ATENÇÃO","OK") -> OK | N15: 0 | O15: 0 | P15: 0 | Q15: 0 | R15: 0 | S15: 0 | T15: 0 | U15: 0 | V15: 0 | W15: 0 | X15: 0 | Y15: 0
C16: 13 | D16: CLIPS PARA CABO, DE ACO, Clip para cabo. 1/4 - aço inox a4 | E16: 339030.24 | F16: Inca | G16: Peça | H16: 30 | I16: 20 | J16: 0.8 | L16: =K16-(SUM(N16:Y16)) -> 0 | M16: =IF(L16<0,"ATENÇÃO","OK") -> OK | N16: 0 | O16: 0 | P16: 0 | Q16: 0 | R16: 0 | S16: 0 | T16: 0 | U16: 0 | V16: 0 | W16: 0 | X16: 0 | Y16: 0
... C94: 91 | D94: BUCHA PLASTICA PARA FIXACAO, EM NYLON, Bucha Convencional, em nylon, para fixação em parede de Alvenaria e Concreto - 3mm | E94: 339030.24 | F94: Vonder | G94: Peça | H94: 30 | I94: 20 | J94: 0.15 | L94: =K94-(SUM(N94:Y94)) -> 0 | M94: =IF(L94<0,"ATENÇÃO","OK") -> OK | N94: 0 | O94: 0 | P94: 0 | Q94: 0 | R94: 0 | S94: 0 | T94: 0 | U94: 0 | V94: 0 | W94: 0 | X94: 0 | Y94: 0
C95: 92 | D95: BUCHA PLASTICA PARA FIXACAO, NUMERO 10, Bucha 10mm de polietileno, pacote com 100 unidades. | E95: 339030.24 | F95: Vonder | G95: Peça | H95: 30 | I95: 20 | J95: 3.94 | K95: 1 | L95: =K95-(SUM(N95:Y95)) -> 1 | M95: =IF(L95<0,"ATENÇÃO","OK") -> OK | N95: 0 | O95: 0 | P95: 0 | Q95: 0 | R95: 0 | S95: 0 | T95: 0 | U95: 0 | V95: 0 | W95: 0 | X95: 0 | Y95: 0
C96: 93 | D96: BUCHA PLASTICA PARA FIXACAO, NUMERO 12, Bucha 12,0mm, plástica, para parafuso pacote com 100 unidades. | E96: 339030.24 | F96: Vonder | G96: Peça | H96: 30 | I96: 20 | J96: 15.45 | L96: =K96-(SUM(N96:Y96)) -> 0 | M96: =IF(L96<0,"ATENÇÃO","OK") -> OK | N96: 0 | O96: 0 | P96: 0 | Q96: 0 | R96: 0 | S96: 0 | T96: 0 | U96: 0 | V96: 0 | W96: 0 | X96: 0 | Y96: 0
C97: 94 | D97: BUCHA PLASTICA PARA FIXACAO, NUMERO 14, Bucha para parafuso N14 | E97: 339030.42 | F97: Vonder | G97: Peça | H97: 30 | I97: 20 | J97: 1.07 | L97: =K97-(SUM(N97:Y97)) -> 0 | M97: =IF(L97<0,"ATENÇÃO","OK") -> OK | N97: 0 | O97: 0 | P97: 0 | Q97: 0 | R97: 0 | S97: 0 | T97: 0 | U97: 0 | V97: 0 | W97: 0 | X97: 0 | Y97: 0
C98: 95 | D98: FITA PERFURADA, DE METAL, 19MM, ROLO C/30M, Fita De Aço Perfurada; Largura: 17 a 19 mm; Rolo de 30m | E98: 339030.42 | F98: Inca | G98: Rolo | H98: 30 | I98: 20 | J98: 33 | L98: =K98-(SUM(N98:Y98)) -> 0 | M98: =IF(L98<0,"ATENÇÃO","OK") -> OK | N98: 0 | O98: 0 | P98: 0 | Q98: 0 | R98: 0 | S98: 0 | T98: 0 | U98: 0 | V98: 0 | W98: 0 | X98: 0 | Y98: 0
C99: 96 | D99: GANCHO, REFORCADO, Gancho Com Rosca P/ Bucha e Madeira Material: Aço Galvanizado Dimensões: 2.9 X 47. | E99: 339030.24 | F99: Inca | G99: Peça | H99: 30 | I99: 20 | J99: 0.24 | L99: =K99-(SUM(N99:Y99)) -> 0 | M99: =IF(L99<0,"ATENÇÃO","OK") -> OK | N99: 0 | O99: 0 | P99: 0 | Q99: 0 | R99: 0 | S99: 0 | T99: 0 | U99: 0 | V99: 0 | W99: 0 | X99: 0 | Y99: 0
C100: 97 | D100: GANCHO, REFORCADO, Gancho Com Rosca P/ Bucha E Madeira Material: Aço Galvanizado Dimensões: 3.3 X 58. | E100: 339030.24 | F100: Inca | G100: Peça | H100: 30 | I100: 20 | J100: 0.28 | L100: =K100-(SUM(N100:Y100)) -> 0 | M100: =IF(L100<0,"ATENÇÃO","OK") -> OK | N100: 0 | O100: 0 | P100: 0 | Q100: 0 | R100: 0 | S100: 0 | T100: 0 | U100: 0 | V100: 0 | W100: 0 | X100: 0 | Y100: 0
C101: 98 | D101: GANCHO, REFORCADO, Gancho Com Rosca P/ Bucha E Madeira Material: Aço Galvanizado Dimensões: 4.4 X 67. | E101: 339030.24 | F101: Inca | G101: Peça | H101: 30 | I101: 20 | J101: 0.3 | L101: =K101-(SUM(N101:Y101)) -> 0 | M101: =IF(L101<0,"ATENÇÃO","OK") -> OK | N101: 0 | O101: 0 | P101: 0 | Q101: 0 | R101: 0 | S101: 0 | T101: 0 | U101: 0 | V101: 0 | W101: 0 | X101: 0 | Y101: 0
C102: 99 | D102: GANCHO, REFORCADO, Gancho em metal com Rosca. Medidas aproximadas: 2,2x31mm. Para fixação em alvenaria, como um suporte para os mais variados objetos | E102: 339030.24 | F102: Inca | G102: Peça | H102: 30 | I102: 20 | J102: 5.06 | L102: =K102-(SUM(N102:Y102)) -> 0 | M102: =IF(L102<0,"ATENÇÃO","OK") -> OK | N102: 0 | O102: 0 | P102: 0 | Q102: 0 | R102: 0 | S102: 0 | T102: 0 | U102: 0 | V102: 0 | W102: 0 | X102: 0 | Y102: 0
C103: 100 | D103: GRAMPO PARA CERCA, DE ARAME FARPADO, PACOTE COM 1 KG, Grampo de Cerca 1 x 9 mm | E103: 339030.24 | F103: Disma | G103: Pacote | H103: 30 | I103: 20 | J103: 8.1 | L103: =K103-(SUM(N103:Y103)) -> 0 | M103: =IF(L103<0,"ATENÇÃO","OK") -> OK | N103: 0 | O103: 0 | P103: 0 | Q103: 0 | R103: 0 | S103: 0 | T103: 0 | U103: 0 | V103: 0 | W103: 0 | X103: 0 | Y103: 0
C104: 101 | D104: MAO FRANCESA (DISPOSITIVO DE FIXACAO), SIMPLES 100MM, | E104: 339030.24 | F104: Disma | G104: Peça | H104: 30 | I104: 20 | J104: 3.03 | L104: =K104-(SUM(N104:Y104)) -> 0 | M104: =IF(L104<0,"ATENÇÃO","OK") -> OK | N104: 0 | O104: 0 | P104: 0 | Q104: 0 | R104: 0 | S104: 0 | T104: 0 | U104: 0 | V104: 0 | W104: 0 | X104: 0 | Y104: 0
C105: 102 | D105: PARAFUSO METALICO, AUTO ATARRACHANTE 2,9X19MM C/PANELA, fendado, zincado branco. | E105: 339030.24 | F105: Mister | G105: Peça | H105: 30 | I105: 20 | J105: 0.05 | L105: =K105-(SUM(N105:Y105)) -> 0 | M105: =IF(L105<0,"ATENÇÃO","OK") -> OK | N105: 0 | O105: 0 | P105: 0 | Q105: 0 | R105: 0 | S105: 0 | T105: 0 | U105: 0 | V105: 0 | W105: 0 | X105: 0 | Y105: 0
C106: 103 | D106: PARAFUSO METALICO, COM PORCA, 8 X 25, | E106: 339030.24 | F106: Mister | G106: Peça | H106: 30 | I106: 20 | J106: 0.9 | L106: =K106-(SUM(N106:Y106)) -> 0 | M106: =IF(L106<0,"ATENÇÃO","OK") -> OK | N106: 0 | O106: 0 | P106: 0 | Q106: 0 | R106: 0 | S106: 0 | T106: 0 | U106: 0 | V106: 0 | W106: 0 | X106: 0 | Y106: 0
C107: 104 | D107: PARAFUSO METALICO, COM PORCA, 8 X 50, | E107: 339030.24 | F107: Mister | G107: Peça | H107: 30 | I107: 20 | J107: 1.09 | L107: =K107-(SUM(N107:Y107)) -> 0 | M107: =IF(L107<0,"ATENÇÃO","OK") -> OK | N107: 0 | O107: 0 | P107: 0 | Q107: 0 | R107: 0 | S107: 0 | T107: 0 | U107: 0 | V107: 0 | W107: 0 | X107: 0 | Y107: 0
... C136: 133 | D136: PARAFUSO METALICO, TIPO PHILIPS MEDINDO 3.5 X 25, Parafuso ponta agulha philips 3,5mmX25mm, acabamento fosfatizado, para gesso. Pacote com 50 unidades | E136: 339030.24 | F136: Mister | G136: Peça | H136: 30 | I136: 20 | J136: 6.17 | L136: =K136-(SUM(N136:Y136)) -> 0 | M136: =IF(L136<0,"ATENÇÃO","OK") -> OK | N136: 0 | O136: 0 | P136: 0 | Q136: 0 | R136: 0 | S136: 0 | T136: 0 | U136: 0 | V136: 0 | W136: 0 | X136: 0 | Y136: 0
C137: 134 | D137: PARAFUSO METALICO, TIPO PHILIPS, DIVERSOS TAMANHOS, Medidas: 4,0 x 25 mm. Pacote com 100 unidades. | E137: 339030.24 | F137: Mister | G137: Peça | H137: 30 | I137: 20 | J137: 5.22 | K137: 10 | L137: =K137-(SUM(N137:Y137)) -> 7 | M137: =IF(L137<0,"ATENÇÃO","OK") -> OK | N137: 3 | O137: 0 | P137: 0 | Q137: 0 | R137: 0 | S137: 0 | T137: 0 | U137: 0 | V137: 0 | W137: 0 | X137: 0 | Y137: 0
C138: 135 | D138: PARAFUSO METALICO, TIPO PHILIPS, DIVERSOS TAMANHOS, Medidas: 4,0 x 40 mm. Pacote com 100 unidades. | E138: 339030.24 | F138: Mister | G138: Peça | H138: 30 | I138: 20 | J138: 8.33 | L138: =K138-(SUM(N138:Y138)) -> 0 | M138: =IF(L138<0,"ATENÇÃO","OK") -> OK | N138: 0 | O138: 0 | P138: 0 | Q138: 0 | R138: 0 | S138: 0 | T138: 0 | U138: 0 | V138: 0 | W138: 0 | X138: 0 | Y138: 0
C139: 136 | D139: PARAFUSO METALICO, TIPO PHILIPS, DIVERSOS TAMANHOS, Parafuso auto-atarraxante cab. Panela c/ fenda - din 7971 Material: Aço Carbono Cementado; Dimensões - 4.8 X 80. | E139: 339030.24 | F139: Mister | G139: Peça | H139: 30 | I139: 20 | J139: 0.25 | L139: =K139-(SUM(N139:Y139)) -> 0 | M139: =IF(L139<0,"ATENÇÃO","OK") -> OK | N139: 0 | O139: 0 | P139: 0 | Q139: 0 | R139: 0 | S139: 0 | T139: 0 | U139: 0 | V139: 0 | W139: 0 | X139: 0 | Y139: 0
C140: 137 | D140: PARAFUSO METALICO, TIPO PHILIPS, DIVERSOS TAMANHOS, Parafuso auto-atarraxante cab. Panela c/ fenda - din 7971 Material: Aço Carbono Cementado; Dimensões - 4.2 X 50mm. | E140: 339030.24 | F140: Mister | G140: Peça | H140: 30 | I140: 20 | J140: 0.2 | L140: =K140-(SUM(N140:Y140)) -> 0 | M140: =IF(L140<0,"ATENÇÃO","OK") -> OK | N140: 0 | O140: 0 | P140: 0 | Q140: 0 | R140: 0 | S140: 0 | T140: 0 | U140: 0 | V140: 0 | W140: 0 | X140: 0 | Y140: 0
C141: 138 | D141: PARAFUSO METALICO, TIPO PHILIPS, DIVERSOS TAMANHOS, Parafuso auto-atarraxante cab. Panela c/ fenda - din 7971. Material: Aço Carbono Cementado; Dimensões - 5.5 X 80,0mm. | E141: 339030.24 | F141: Mister | G141: Peça | H141: 30 | I141: 20 | J141: 0.3 | L141: =K141-(SUM(N141:Y141)) -> 0 | M141: =IF(L141<0,"ATENÇÃO","OK") -> OK | N141: 0 | O141: 0 | P141: 0 | Q141: 0 | R141: 0 | S141: 0 | T141: 0 | U141: 0 | V141: 0 | W141: 0 | X141: 0 | Y141: 0
C142: 139 | D142: PARAFUSO METALICO, TIPO PHILIPS, DIVERSOS TAMANHOS, Parafuso cabeça chata philips, 30mmX3mm, bicromatizado, aço, para madeira, aglomerado, MDF. Pacote com 50 unidades. | E142: 339030.24 | F142: Mister | G142: Peça | H142: 30 | I142: 20 | J142: 7.16 | L142: =K142-(SUM(N142:Y142)) -> 0 | M142: =IF(L142<0,"ATENÇÃO","OK") -> OK | N142: 0 | O142: 0 | P142: 0 | Q142: 0 | R142: 0 | S142: 0 | T142: 0 | U142: 0 | V142: 0 | W142: 0 | X142: 0 | Y142: 0
C143: 140 | D143: PARAFUSO METALICO, TIPO PHILIPS, DIVERSOS TAMANHOS, Parafuso Chip Board Phillips Cabeca Tipo Panela; Material: Ferro Bicromatizado; Dimensões 3.0 X 10mm. | E143: 339030.24 | F143: Mister | G143: Peça | H143: 30 | I143: 20 | J143: 0.15 | L143: =K143-(SUM(N143:Y143)) -> 0 | M143: =IF(L143<0,"ATENÇÃO","OK") -> OK | N143: 0 | O143: 0 | P143: 0 | Q143: 0 | R143: 0 | S143: 0 | T143: 0 | U143: 0 | V143: 0 | W143: 0 | X143: 0 | Y143: 0
C144: 141 | D144: PARAFUSO METALICO, TIPO PHILIPS, DIVERSOS TAMANHOS, Parafuso Chip Board Phillips Cabeca Tipo Panela; Material: Ferro Bicromatizado; Dimensões 3.0 X 20mm. | E144: 339030.24 | F144: Mister | G144: Peça | H144: 30 | I144: 20 | J144: 0.15 | L144: =K144-(SUM(N144:Y144)) -> 0 | M144: =IF(L144<0,"ATENÇÃO","OK") -> OK | N144: 0 | O144: 0 | P144: 0 | Q144: 0 | R144: 0 | S144: 0 | T144: 0 | U144: 0 | V144: 0 | W144: 0 | X144: 0 | Y144: 0
C145: 142 | D145: PARAFUSO METALICO, TIPO PHILIPS, DIVERSOS TAMANHOS, Parafuso Chip Board Phillips Cabeca Tipo Panela; Material: Ferro Bicromatizado; Dimensões 3.5 X 40mm. | E145: 339030.24 | F145: Mister | G145: Peça | H145: 30 | I145: 20 | J145: 0.15 | L145: =K145-(SUM(N145:Y145)) -> 0 | M145: =IF(L145<0,"ATENÇÃO","OK") -> OK | N145: 0 | O145: 0 | P145: 0 | Q145: 0 | R145: 0 | S145: 0 | T145: 0 | U145: 0 | V145: 0 | W145: 0 | X145: 0 | Y145: 0
C146: 143 | D146: PARAFUSO METALICO, TIPO PHILIPS, DIVERSOS TAMANHOS, Parafuso Chip Board Phillips Cabeca Tipo Panela; Material: Ferro Bicromatizado; Dimensões 4.0 X 20mm. | E146: 339030.24 | F146: Mister | G146: Peça | H146: 30 | I146: 20 | J146: 0.11 | L146: =K146-(SUM(N146:Y146)) -> 0 | M146: =IF(L146<0,"ATENÇÃO","OK") -> OK | N146: 0 | O146: 0 | P146: 0 | Q146: 0 | R146: 0 | S146: 0 | T146: 0 | U146: 0 | V146: 0 | W146: 0 | X146: 0 | Y146: 0
C147: 144 | D147: PARAFUSO METALICO, TIPO PHILIPS, DIVERSOS TAMANHOS, Parafuso Chip Board Phillips Cabeca Tipo Panela; Material: Ferro Bicromatizado; Dimensões 4.0 X 50mm. | E147: 339030.24 | F147: Mister | G147: Peça | H147: 30 | I147: 20 | J147: 0.15 | L147: =K147-(SUM(N147:Y147)) -> 0 | M147: =IF(L147<0,"ATENÇÃO","OK") -> OK | N147: 0 | O147: 0 | P147: 0 | Q147: 0 | R147: 0 | S147: 0 | T147: 0 | U147: 0 | V147: 0 | W147: 0 | X147: 0 | Y147: 0
C148: 145 | D148: PARAFUSO METALICO, TIPO PHILIPS, DIVERSOS TAMANHOS, Parafuso Chip Board Phillips Cabeca Tipo Panela; Material: Ferro Bicromatizado; Dimensões 5.0 X 60mm. | E148: 339030.24 | F148: Mister | G148: Peça | H148: 30 | I148: 20 | J148: 0.25 | L148: =K148-(SUM(N148:Y148)) -> 0 | M148: =IF(L148<0,"ATENÇÃO","OK") -> OK | N148: 0 | O148: 0 | P148: 0 | Q148: 0 | R148: 0 | S148: 0 | T148: 0 | U148: 0 | V148: 0 | W148: 0 | X148: 0 | Y148: 0
C149: 146 | D149: PARAFUSO METALICO, TIPO PHILIPS, DIVERSOS TAMANHOS, Parafuso Chip Board Phillips Cabeca Tipo Panela; Material: Ferro Bicromatizado; Dimensões 6.0 X 30mm. | E149: 339030.24 | F149: Mister | G149: Peça | H149: 30 | I149: 20 | J149: 0.25 | L149: =K149-(SUM(N149:Y149)) -> 0 | M149: =IF(L149<0,"ATENÇÃO","OK") -> OK | N149: 0 | O149: 0 | P149: 0 | Q149: 0 | R149: 0 | S149: 0 | T149: 0 | U149: 0 | V149: 0 | W149: 0 | X149: 0 | Y149: 0
... C195: 192 | D195: REGUA DE ACO, 30CM, RÉGUA DE AÇO para corte 30CM | E195: 449052.38 | F195: Disma | G195: Peça | H195: 30 | I195: 20 | J195: 8.26 | L195: =K195-(SUM(N195:Y195)) -> 0 | M195: =IF(L195<0,"ATENÇÃO","OK") -> OK | N195: 0 | O195: 0 | P195: 0 | Q195: 0 | R195: 0 | S195: 0 | T195: 0 | U195: 0 | V195: 0 | W195: 0 | X195: 0 | Y195: 0
A196: Cristiani Louri Rodrigues & Cia. Ltda - ME | B196: 2 | C196: 1 | D196: LIXA, CINTA PARA A«O, GRANULOMETRIA 60, PARA LIXADEIRA COMBINADA FERRARI, MODELO COM 910 MM DE PERÍMETRO E 100MM DE LARGURA | E196: 339030.24 | F196: Ferrari | G196: Peça | H196: 30 | I196: 20 | J196: 28 | L196: =K196-(SUM(N196:Y196)) -> 0 | M196: =IF(L196<0,"ATENÇÃO","OK") -> OK | N196: 0 | O196: 0 | P196: 0 | Q196: 0 | R196: 0 | S196: 0 | T196: 0 | U196: 0 | V196: 0 | W196: 0 | X196: 0 | Y196: 0
C197: 2 | D197: LIXA, D'AGUA 600, DIÂMETRO 200MM | E197: 339030.24 | F197: Carborundun | G197: Peça | H197: 30 | I197: 20 | J197: 2 | L197: =K197-(SUM(N197:Y197)) -> 0 | M197: =IF(L197<0,"ATENÇÃO","OK") -> OK | N197: 0 | O197: 0 | P197: 0 | Q197: 0 | R197: 0 | S197: 0 | T197: 0 | U197: 0 | V197: 0 | W197: 0 | X197: 0 | Y197: 0
C198: 3 | D198: LIXA, D'AGUA E DE FERRO, TAMANHOS DIVERSOS, Lixa ferro nº 60. | E198: 339030.24 | F198: Carborundun | G198: Peça | H198: 30 | I198: 20 | J198: 2 | L198: =K198-(SUM(N198:Y198)) -> 0 | M198: =IF(L198<0,"ATENÇÃO","OK") -> OK | N198: 0 | O198: 0 | P198: 0 | Q198: 0 | R198: 0 | S198: 0 | T198: 0 | U198: 0 | V198: 0 | W198: 0 | X198: 0 | Y198: 0
C199: 4 | D199: LIXA, D'AGUA E DE FERRO, TAMANHOS DIVERSOS, Lixa ferro, grana 220. | E199: 339030.24 | F199: Carborundun | G199: Peça | H199: 30 | I199: 20 | J199: 2 | L199: =K199-(SUM(N199:Y199)) -> 0 | M199: =IF(L199<0,"ATENÇÃO","OK") -> OK | N199: 0 | O199: 0 | P199: 0 | Q199: 0 | R199: 0 | S199: 0 | T199: 0 | U199: 0 | V199: 0 | W199: 0 | X199: 0 | Y199: 0
C200: 5 | D200: LIXA, D'AGUA E DE FERRO, TAMANHOS DIVERSOS, Lixa ferro, grana 80. | E200: 339030.24 | F200: Carborundun | G200: Peça | H200: 30 | I200: 20 | J200: 1.54 | L200: =K200-(SUM(N200:Y200)) -> 0 | M200: =IF(L200<0,"ATENÇÃO","OK") -> OK | N200: 0 | O200: 0 | P200: 0 | Q200: 0 | R200: 0 | S200: 0 | T200: 0 | U200: 0 | V200: 0 | W200: 0 | X200: 0 | Y200: 0
C201: 6 | D201: LIXA, D'AGUA E DE FERRO, TAMANHOS DIVERSOS, Lixa para ferro, K246, em folha, grana 100. | E201: 339030.24 | F201: Carborundun | G201: Peça | H201: 30 | I201: 20 | J201: 1.84 | L201: =K201-(SUM(N201:Y201)) -> 0 | M201: =IF(L201<0,"ATENÇÃO","OK") -> OK | N201: 0 | O201: 0 | P201: 0 | Q201: 0 | R201: 0 | S201: 0 | T201: 0 | U201: 0 | V201: 0 | W201: 0 | X201: 0 | Y201: 0
C202: 7 | D202: LIXA, D'AGUA GRANA 100 DIAMETRO 200MM, | E202: 339030.24 | F202: Carborundun | G202: Peça | H202: 30 | I202: 20 | J202: 2 | L202: =K202-(SUM(N202:Y202)) -> 0 | M202: =IF(L202<0,"ATENÇÃO","OK") -> OK | N202: 0 | O202: 0 | P202: 0 | Q202: 0 | R202: 0 | S202: 0 | T202: 0 | U202: 0 | V202: 0 | W202: 0 | X202: 0 | Y202: 0
C203: 8 | D203: LIXA, D'AGUA GRANA 240 DIAMETRO 200MM, | E203: 339030.24 | F203: Carborundun | G203: Peça | H203: 30 | I203: 20 | J203: 2 | L203: =K203-(SUM(N203:Y203)) -> 0 | M203: =IF(L203<0,"ATENÇÃO","OK") -> OK | N203: 0 | O203: 0 | P203: 0 | Q203: 0 | R203: 0 | S203: 0 | T203: 0 | U203: 0 | V203: 0 | W203: 0 | X203: 0 | Y203: 0
C204: 9 | D204: LIXA, D'AGUA GRANA 400 DIAMETRO 200MM, | E204: 339030.24 | F204: Carborundun | G204: Peça | H204: 30 | I204: 20 | J204: 2 | L204: =K204-(SUM(N204:Y204)) -> 0 | M204: =IF(L204<0,"ATENÇÃO","OK") -> OK | N204: 0 | O204: 0 | P204: 0 | Q204: 0 | R204: 0 | S204: 0 | T204: 0 | U204: 0 | V204: 0 | W204: 0 | X204: 0 | Y204: 0
C205: 10 | D205: LIXA, D'AGUA NR.150, | E205: 339030.24 | F205: Carborundun | G205: Peça | H205: 30 | I205: 20 | J205: 2 | L205: =K205-(SUM(N205:Y205)) -> 0 | M205: =IF(L205<0,"ATENÇÃO","OK") -> OK | N205: 0 | O205: 0 | P205: 0 | Q205: 0 | R205: 0 | S205: 0 | T205: 0 | U205: 0 | V205: 0 | W205: 0 | X205: 0 | Y205: 0
C206: 11 | D206: LIXA, D'AGUA NUMERO 1200, DIÂMETRO 200MM | E206: 339030.24 | F206: Carborundun | G206: Peça | H206: 30 | I206: 20 | J206: 4.08 | L206: =K206-(SUM(N206:Y206)) -> 0 | M206: =IF(L206<0,"ATENÇÃO","OK") -> OK | N206: 0 | O206: 0 | P206: 0 | Q206: 0 | R206: 0 | S206: 0 | T206: 0 | U206: 0 | V206: 0 | W206: 0 | X206: 0 | Y206: 0
C207: 12 | D207: LIXA, DISCO, Lixa de disco para lixadeira modelo Ferrari LC-69. kit com 3 unidades | E207: 339030.42 | F207: Ferrari | G207: Peça | H207: 30 | I207: 20 | J207: 20 | L207: =K207-(SUM(N207:Y207)) -> 0 | M207: =IF(L207<0,"ATENÇÃO","OK") -> OK | N207: 0 | O207: 0 | P207: 0 | Q207: 0 | R207: 0 | S207: 0 | T207: 0 | U207: 0 | V207: 0 | W207: 0 | X207: 0 | Y207: 0
C208: 13 | D208: LIXA, DISCO, Lixas de disco com troca rápida (com velcro), com 127mm de diâmetro aproximadamente, com 8 furos com granulometria 50. | E208: 339030.42 | F208: Carborundun | G208: Peça | H208: 30 | I208: 20 | J208: 2.65 | L208: =K208-(SUM(N208:Y208)) -> 0 | M208: =IF(L208<0,"ATENÇÃO","OK") -> OK | N208: 0 | O208: 0 | P208: 0 | Q208: 0 | R208: 0 | S208: 0 | T208: 0 | U208: 0 | V208: 0 | W208: 0 | X208: 0 | Y208: 0
... C222: 27 | D222: MASSA P/ VEDACAO, MASSA DE CALAFETAR,EMB.C/500GR.,P/TELHADOS DE FIBRO CIMENTO, Massa para telha, pote 500 gramas | E222: 339030.24 | F222: Nacional | G222: Peça | H222: 30 | I222: 20 | J222: 8 | L222: =K222-(SUM(N222:Y222)) -> 0 | M222: =IF(L222<0,"ATENÇÃO","OK") -> OK | N222: 0 | O222: 0 | P222: 0 | Q222: 0 | R222: 0 | S222: 0 | T222: 0 | U222: 0 | V222: 0 | W222: 0 | X222: 0 | Y222: 0
C223: 28 | D223: PINCEL PARA PINTURA, DE 1" (POLEGADA), Pincel p/ pintura na medida (polegadas): 1”. Cabo de madeira, cerda pelo sintético. | E223: 339030.24 | F223: Roma | G223: Peça | H223: 30 | I223: 20 | J223: 1.3 | K223: 5 | L223: =K223-(SUM(N223:Y223)) -> 0 | M223: =IF(L223<0,"ATENÇÃO","OK") -> OK | N223: 5 | O223: 0 | P223: 0 | Q223: 0 | R223: 0 | S223: 0 | T223: 0 | U223: 0 | V223: 0 | W223: 0 | X223: 0 | Y223: 0
C224: 29 | D224: PINCEL PARA PINTURA, DE 1" (POLEGADA), Pincel simples, 1 polegada. | E224: 339030.24 | F224: Roma | G224: Peça | H224: 30 | I224: 20 | J224: 1.28 | L224: =K224-(SUM(N224:Y224)) -> 0 | M224: =IF(L224<0,"ATENÇÃO","OK") -> OK | N224: 0 | O224: 0 | P224: 0 | Q224: 0 | R224: 0 | S224: 0 | T224: 0 | U224: 0 | V224: 0 | W224: 0 | X224: 0 | Y224: 0
C225: 30 | D225: PINCEL PARA PINTURA, DE 2" (POLEGADAS), Pincel p/ pintura na medida (polegadas): 2”. Cabo de madeira, cerda pelo sintético. | E225: 339030.24 | F225: Roma | G225: Peça | H225: 30 | I225: 20 | J225: 2.55 | K225: 5 | L225: =K225-(SUM(N225:Y225)) -> 0 | M225: =IF(L225<0,"ATENÇÃO","OK") -> OK | N225: 5 | O225: 0 | P225: 0 | Q225: 0 | R225: 0 | S225: 0 | T225: 0 | U225: 0 | V225: 0 | W225: 0 | X225: 0 | Y225: 0
C226: 31 | D226: PINCEL PARA PINTURA, DE 2" (POLEGADAS), Pincel simples, 2 polegadas. | E226: 339030.24 | F226: Roma | G226: Peça | H226: 30 | I226: 20 | J226: 2.3 | L226: =K226-(SUM(N226:Y226)) -> 0 | M226: =IF(L226<0,"ATENÇÃO","OK") -> OK | N226: 0 | O226: 0 | P226: 0 | Q226: 0 | R226: 0 | S226: 0 | T226: 0 | U226: 0 | V226: 0 | W226: 0 | X226: 0 | Y226: 0
C227: 32 | D227: PINCEL PARA PINTURA, DE 3" (POLEGADAS), Pincel p/ pintura, tinta óleo e esmalte sintético Cerda pura e natural. . Medida (polegadas): 3”. | E227: 339030.24 | F227: Roma | G227: Peça | H227: 30 | I227: 20 | J227: 4.35 | L227: =K227-(SUM(N227:Y227)) -> 0 | M227: =IF(L227<0,"ATENÇÃO","OK") -> OK | N227: 0 | O227: 0 | P227: 0 | Q227: 0 | R227: 0 | S227: 0 | T227: 0 | U227: 0 | V227: 0 | W227: 0 | X227: 0 | Y227: 0
C228: 33 | D228: PINCEL PARA PINTURA, DE 3" (POLEGADAS), Pincel simples, 3 polegadas. | E228: 339030.24 | F228: Roma | G228: Peça | H228: 30 | I228: 20 | J228: 4.35 | L228: =K228-(SUM(N228:Y228)) -> 0 | M228: =IF(L228<0,"ATENÇÃO","OK") -> OK | N228: 0 | O228: 0 | P228: 0 | Q228: 0 | R228: 0 | S228: 0 | T228: 0 | U228: 0 | V228: 0 | W228: 0 | X228: 0 | Y228: 0
C229: 34 | D229: ROLO DE ESPONJA PARA PINTURA, MED. 9CM C/CABO | E229: 339030.42 | F229: Roma | G229: Peça | H229: 30 | I229: 20 | J229: 2 | L229: =K229-(SUM(N229:Y229)) -> 0 | M229: =IF(L229<0,"ATENÇÃO","OK") -> OK | N229: 0 | O229: 0 | P229: 0 | Q229: 0 | R229: 0 | S229: 0 | T229: 0 | U229: 0 | V229: 0 | W229: 0 | X229: 0 | Y229: 0
C230: 35 | D230: ROLO DE ESPONJA PARA PINTURA, MED.15CM C/CABO, | E230: 339030.42 | F230: Roma | G230: Peça | H230: 30 | I230: 20 | J230: 2.5 | L230: =K230-(SUM(N230:Y230)) -> 0 | M230: =IF(L230<0,"ATENÇÃO","OK") -> OK | N230: 0 | O230: 0 | P230: 0 | Q230: 0 | R230: 0 | S230: 0 | T230: 0 | U230: 0 | V230: 0 | W230: 0 | X230: 0 | Y230: 0
C231: 36 | D231: ROLO DE ESPUMA PARA PINTURA, MEDINDO 23 CM, COM GARFO, Rolo de espuma poliéster para pintura, 23cm. | E231: 339030.24 | F231: Roma | G231: Peça | H231: 30 | I231: 20 | J231: 7 | L231: =K231-(SUM(N231:Y231)) -> 0 | M231: =IF(L231<0,"ATENÇÃO","OK") -> OK | N231: 0 | O231: 0 | P231: 0 | Q231: 0 | R231: 0 | S231: 0 | T231: 0 | U231: 0 | V231: 0 | W231: 0 | X231: 0 | Y231: 0
C232: 37 | D232: ROLO DE LA PARA PINTURA, MED. 23CM, Rolo de lã sintética para pintura 23cm, anti-gota. Com garfo. | E232: 339030.24 | F232: Roma | G232: Peça | H232: 30 | I232: 20 | J232: 10.72 | K232: 5 | L232: =K232-(SUM(N232:Y232)) -> 2 | M232: =IF(L232<0,"ATENÇÃO","OK") -> OK | N232: 3 | O232: 0 | P232: 0 | Q232: 0 | R232: 0 | S232: 0 | T232: 0 | U232: 0 | V232: 0 | W232: 0 | X232: 0 | Y232: 0
C233: 38 | D233: ROLO DE LA PARA PINTURA, MEDINDO 10CM, Rolo para pintura com 10cm de largura. | E233: 339030.42 | F233: Roma | G233: Peça | H233: 30 | I233: 20 | J233: 2.5 | L233: =K233-(SUM(N233:Y233)) -> 0 | M233: =IF(L233<0,"ATENÇÃO","OK") -> OK | N233: 0 | O233: 0 | P233: 0 | Q233: 0 | R233: 0 | S233: 0 | T233: 0 | U233: 0 | V233: 0 | W233: 0 | X233: 0 | Y233: 0
C234: 39 | D234: SOLVENTE, PARA SERIGRAFIA, Aguarrás Solvente para diluição de esmalte sintético, tinta a óleo e vernizes, Para limpeza de equipamentos de pintura. Frasco 1 litro | E234: 339030.41 | F234: Resicolor | G234: Litro | H234: 30 | I234: 20 | J234: 7.5 | L234: =K234-(SUM(N234:Y234)) -> 0 | M234: =IF(L234<0,"ATENÇÃO","OK") -> OK | N234: 0 | O234: 0 | P234: 0 | Q234: 0 | R234: 0 | S234: 0 | T234: 0 | U234: 0 | V234: 0 | W234: 0 | X234: 0 | Y234: 0
C235: 40 | D235: SOLVENTE, PARA TINTA, LATA COM 900 ML, Tipo Aguarras | E235: 339030.24 | F235: Resicolor | G235: Peça | H235: 30 | I235: 20 | J235: 7.5 | K235: 5 | L235: =K235-(SUM(N235:Y235)) -> 0 | M235: =IF(L235<0,"ATENÇÃO","OK") -> OK | N235: 5 | O235: 0 | P235: 0 | Q235: 0 | R235: 0 | S235: 0 | T235: 0 | U235: 0 | V235: 0 | W235: 0 | X235: 0 | Y235: 0
C236: 41 | D236: THINNER, C/05 LITROS, Thinner para diluição, referência 2750, 5 litros. | E236: 339030.24 | F236: Resicolor | G236: Galao | H236: 30 | I236: 20 | J236: 7.77 | L236: =K236-(SUM(N236:Y236)) -> 0 | M236: =IF(L236<0,"ATENÇÃO","OK") -> OK | N236: 0 | O236: 0 | P236: 0 | Q236: 0 | R236: 0 | S236: 0 | T236: 0 | U236: 0 | V236: 0 | W236: 0 | X236: 0 | Y236: 0
C237: 42 | D237: THINNER, FRASCO COM 900ML, Thinner 900 ml para diluição referência 2750. | E237: 339030.24 | F237: Resicolor | G237: Peça | H237: 30 | I237: 20 | J237: 7.5 | K237: 5 | L237: =K237-(SUM(N237:Y237)) -> 0 | M237: =IF(L237<0,"ATENÇÃO","OK") -> OK | N237: 5 | O237: 0 | P237: 0 | Q237: 0 | R237: 0 | S237: 0 | T237: 0 | U237: 0 | V237: 0 | W237: 0 | X237: 0 | Y237: 0
C238: 43 | D238: THINNER, FRASCO COM 900ML, Thinner acrílico, 900ml. | E238: 339030.24 | F238: Resicolor | G238: Peça | H238: 30 | I238: 20 | J238: 7.5 | L238: =K238-(SUM(N238:Y238)) -> 0 | M238: =IF(L238<0,"ATENÇÃO","OK") -> OK | N238: 0 | O238: 0 | P238: 0 | Q238: 0 | R238: 0 | S238: 0 | T238: 0 | U238: 0 | V238: 0 | W238: 0 | X238: 0 | Y238: 0
C239: 44 | D239: TINTA A OLEO, COR BRANCA,GALAO C/ 3,6 LITROS, Tinta Branca Óleo, 1ª linha, lata 3,6 kg. - Apresentar amostra | E239: 339030.24 | F239: Resicolor | G239: Peça | H239: 30 | I239: 20 | J239: 54.06 | L239: =K239-(SUM(N239:Y239)) -> 0 | M239: =IF(L239<0,"ATENÇÃO","OK") -> OK | N239: 0 | O239: 0 | P239: 0 | Q239: 0 | R239: 0 | S239: 0 | T239: 0 | U239: 0 | V239: 0 | W239: 0 | X239: 0 | Y239: 0
C240: 45 | D240: TINTA ACRILICA P/SINALIZACAO(DEMARCACAO) VIARIA, AMARELA A BASE DE RESINA ACRILICA,18 LITROS,EMULS.EM AGUA, TINTA PARA SINALIZAÇÃO DE RODOVIAS E VIAS URBANAS cor amarela. Tinta para Sinalização Horizontal à base de Resina Acrílica para pintura de faixas de demarcação em Rodovias e Vias Urbanas. Apresenta boa homogeneização, fácil aplicação, secagem rápida, boa aderência, boa flexibilidade, resistência às intempéries e durabilidade. | E240: 339030.24 | F240: Golden | G240: Galao | H240: 30 | I240: 20 | J240: 225.26 | L240: =K240-(SUM(N240:Y240)) -> 0 | M240: =IF(L240<0,"ATENÇÃO","OK") -> OK | N240: 0 | O240: 0 | P240: 0 | Q240: 0 | R240: 0 | S240: 0 | T240: 0 | U240: 0 | V240: 0 | W240: 0 | X240: 0 | Y240: 0
C241: 46 | D241: TINTA ACRILICA P/SINALIZACAO(DEMARCACAO) VIARIA, NA COR BRANCA A BASE DE RESINA ACRILICA,BALDE COM 18 LITROS, TINTA PARA SINALIZAÇÃO DE RODOVIAS E VIAS URBANAS cor branca. Tinta para Sinalização Horizontal à base de Resina Acrílica para pintura de faixas de demarcação em Rodovias e Vias Urbanas. Apresenta boa homogeneização, fácil aplicação, secagem rápida, boa aderência, boa flexibilidade, resistência às intempéries e durabilidade. | E241: 339030.24 | F241: Golden | G241: Galao | H241: 30 | I241: 20 | J241: 150.4 | L241: =K241-(SUM(N241:Y241)) -> 0 | M241: =IF(L241<0,"ATENÇÃO","OK") -> OK | N241: 0 | O241: 0 | P241: 0 | Q241: 0 | R241: 0 | S241: 0 | T241: 0 | U241: 0 | V241: 0 | W241: 0 | X241: 0 | Y241: 0
C242: 47 | D242: TINTA ACRILICA P/SINALIZACAO(DEMARCACAO) VIARIA, NA COR BRANCA GALAO 18 LITROS, Tinta para demarcação, Branca, tipo "emborrachada", padrão DENIT. Lata de 18 Litros | E242: 339030.24 | F242: Golden | G242: Galao | H242: 30 | I242: 20 | J242: 249 | L242: =K242-(SUM(N242:Y242)) -> 0 | M242: =IF(L242<0,"ATENÇÃO","OK") -> OK | N242: 0 | O242: 0 | P242: 0 | Q242: 0 | R242: 0 | S242: 0 | T242: 0 | U242: 0 | V242: 0 | W242: 0 | X242: 0 | Y242: 0
C243: 48 | D243: TINTA ACRILICA P/SINALIZACAO(DEMARCACAO) VIARIA, TINTA PARA DEMARCACAO COR AZUL, Tinta para demarcação, Azul - PNE Norma 9050, tipo "emborrachada", padrão DENIT. Lata de 18 Litros | E243: 339030.24 | F243: Golden | G243: Galao | H243: 30 | I243: 20 | J243: 249 | L243: =K243-(SUM(N243:Y243)) -> 0 | M243: =IF(L243<0,"ATENÇÃO","OK") -> OK | N243: 0 | O243: 0 | P243: 0 | Q243: 0 | R243: 0 | S243: 0 | T243: 0 | U243: 0 | V243: 0 | W243: 0 | X243: 0 | Y243: 0
C244: 49 | D244: TINTA ACRILICA, COR AZUL CLARO, GALAO DE 18 LITROS, Tinta acrílica para uso externo, cor azul claro, acabamento semi-brilho, sem cheiro e limpeza fácil. Galão 18 litros. Validade minima de 12 meses. | E244: 339030.24 | F244: Resicolor | G244: Balde | H244: 30 | I244: 20 | J244: 200 | L244: =K244-(SUM(N244:Y244)) -> 0 | M244: =IF(L244<0,"ATENÇÃO","OK") -> OK | N244: 0 | O244: 0 | P244: 0 | Q244: 0 | R244: 0 | S244: 0 | T244: 0 | U244: 0 | V244: 0 | W244: 0 | X244: 0 | Y244: 0
C245: 50 | D245: TINTA ACRILICA, COR BRANCA 3,6 LITROS, Tinta Acrílica Fosca, na cor Branca, 1ª linha, lata 3,6 Litros. Linha Premium, certificada pela Abrafat - Apresentar amostra | E245: 339030.24 | F245: Resicolor | G245: Balde | H245: 30 | I245: 20 | J245: 42 | L245: =K245-(SUM(N245:Y245)) -> 0 | M245: =IF(L245<0,"ATENÇÃO","OK") -> OK | N245: 0 | O245: 0 | P245: 0 | Q245: 0 | R245: 0 | S245: 0 | T245: 0 | U245: 0 | V245: 0 | W245: 0 | X245: 0 | Y245: 0
C246: 51 | D246: TINTA ACRILICA, COR BRANCA, GALAO DE 18 LITROS, Fosca, 1ª linha. | E246: 339030.24 | F246: Resicolor | G246: Balde | H246: 30 | I246: 20 | J246: 178.23 | L246: =K246-(SUM(N246:Y246)) -> 0 | M246: =IF(L246<0,"ATENÇÃO","OK") -> OK | N246: 0 | O246: 0 | P246: 0 | Q246: 0 | R246: 0 | S246: 0 | T246: 0 | U246: 0 | V246: 0 | W246: 0 | X246: 0 | Y246: 0
C247: 52 | D247: TINTA ACRILICA, COR BRANCA, GALAO DE 18 LITROS, Tinta acrílica para uso externo, sem cheiro e limpeza fácil. Acabamento semi-brilho. Cor branco neve. Galão 18 litros. Validade minima de 12 meses. | E247: 339030.24 | F247: Resicolor | G247: Balde | H247: 30 | I247: 20 | J247: 224.46 | L247: =K247-(SUM(N247:Y247)) -> 0 | M247: =IF(L247<0,"ATENÇÃO","OK") -> OK | N247: 0 | O247: 0 | P247: 0 | Q247: 0 | R247: 0 | S247: 0 | T247: 0 | U247: 0 | V247: 0 | W247: 0 | X247: 0 | Y247: 0
C248: 53 | D248: TINTA ACRILICA, COR BRANCA, LATA 900 ML, Tinta acrílica, fosca, para madeira. 900ml. | E248: 339030.24 | F248: Resicolor | G248: Lata | H248: 30 | I248: 20 | J248: 9.1 | L248: =K248-(SUM(N248:Y248)) -> 0 | M248: =IF(L248<0,"ATENÇÃO","OK") -> OK | N248: 0 | O248: 0 | P248: 0 | Q248: 0 | R248: 0 | S248: 0 | T248: 0 | U248: 0 | V248: 0 | W248: 0 | X248: 0 | Y248: 0
C249: 54 | D249: TINTA ACRILICA, FOSCO GALAO C/ 18 LITROS, Tinta acrílica para uso externo, Sem cheiro e limpeza fácil. Acabamento fosco aveludado. Cor amarelo. Galão 18L. Validade mínima de 12 meses | E249: 339030.24 | F249: Resicolor | G249: Galao | H249: 30 | I249: 20 | J249: 158.3 | K249: 3 | L249: =K249-(SUM(N249:Y249)) -> 2 | M249: =IF(L249<0,"ATENÇÃO","OK") -> OK | N249: 1 | O249: 0 | P249: 0 | Q249: 0 | R249: 0 | S249: 0 | T249: 0 | U249: 0 | V249: 0 | W249: 0 | X249: 0 | Y249: 0
C250: 55 | D250: TINTA ACRILICA, NA COR PALHA FOSCO, GALAO COM 18 LITROS, Tinta acrílica Premium, para alvenaria, cor palha escura similar a MI1276, acabamento fosco. Lata 18 litros. | E250: 339030.24 | F250: Resicolor | G250: Galao | H250: 30 | I250: 20 | J250: 199 | L250: =K250-(SUM(N250:Y250)) -> 0 | M250: =IF(L250<0,"ATENÇÃO","OK") -> OK | N250: 0 | O250: 0 | P250: 0 | Q250: 0 | R250: 0 | S250: 0 | T250: 0 | U250: 0 | V250: 0 | W250: 0 | X250: 0 | Y250: 0
C251: 56 | D251: TINTA ACRILICA, P/PISO E ACIMENTADOS, COR CINZA,GALAO DE 18 LITROS, Tinta piso para cimentado, acabamento liso. Cor concreto (novacor). Galão de 18L, validade minima de 12 meses. | E251: 339030.24 | F251: Resicolor | G251: Galao | H251: 30 | I251: 20 | J251: 145 | L251: =K251-(SUM(N251:Y251)) -> 0 | M251: =IF(L251<0,"ATENÇÃO","OK") -> OK | N251: 0 | O251: 0 | P251: 0 | Q251: 0 | R251: 0 | S251: 0 | T251: 0 | U251: 0 | V251: 0 | W251: 0 | X251: 0 | Y251: 0
C252: 57 | D252: TINTA ACRILICA, PRETA, Tinta acrílica fosca, galão (3,6 litros), sem cheiro (baixo odor), cor preta. | E252: 339030.24 | F252: Resicolor | G252: Pote | H252: 30 | I252: 20 | J252: 39 | L252: =K252-(SUM(N252:Y252)) -> 0 | M252: =IF(L252<0,"ATENÇÃO","OK") -> OK | N252: 0 | O252: 0 | P252: 0 | Q252: 0 | R252: 0 | S252: 0 | T252: 0 | U252: 0 | V252: 0 | W252: 0 | X252: 0 | Y252: 0
C253: 58 | D253: TINTA ACRILICA, SEMI-BRILHO, COR AREIA, Tinta acrílica, Premium, cor areia, acabamento semi-brilho. Galão (3,6 litros). Conforme norma da NBR 11702 de abril/1992, tipo 4.2.5, ABNT. Validade mínima de 12 meses. | E253: 339030.24 | F253: Resicolor | G253: Peça | H253: 30 | I253: 20 | J253: 49 | L253: =K253-(SUM(N253:Y253)) -> 0 | M253: =IF(L253<0,"ATENÇÃO","OK") -> OK | N253: 0 | O253: 0 | P253: 0 | Q253: 0 | R253: 0 | S253: 0 | T253: 0 | U253: 0 | V253: 0 | W253: 0 | X253: 0 | Y253: 0
C254: 59 | D254: TINTA ESMALTE, COR AZUL, GALAO COM 3,6 LITROS, Tinta galão de 3,6 litros esmalte sintético brilhante na cor azul frança. | E254: 339030.24 | F254: Resicolor | G254: Galao | H254: 30 | I254: 20 | J254: 45 | K254: 3 | L254: =K254-(SUM(N254:Y254)) -> 0 | M254: =IF(L254<0,"ATENÇÃO","OK") -> OK | N254: 3 | O254: 0 | P254: 0 | Q254: 0 | R254: 0 | S254: 0 | T254: 0 | U254: 0 | V254: 0 | W254: 0 | X254: 0 | Y254: 0
C255: 60 | D255: TINTA ESMALTE, COR BRANCA, GALAO COM 3,6 LITROS, Tinta Esmalte Branca 1ª linha, lata 3,6 kg. Apresentar amostra | E255: 339030.24 | F255: Resicolor | G255: Galao | H255: 30 | I255: 20 | J255: 65 | L255: =K255-(SUM(N255:Y255)) -> 0 | M255: =IF(L255<0,"ATENÇÃO","OK") -> OK | N255: 0 | O255: 0 | P255: 0 | Q255: 0 | R255: 0 | S255: 0 | T255: 0 | U255: 0 | V255: 0 | W255: 0 | X255: 0 | Y255: 0
C256: 61 | D256: TINTA ESMALTE, COR VERMELHA, GALAO COM 3,6 LITROS, Tinta esmalte sintético brilhante galão (3,6 litros), cor vermelha, conforme Norma da NBR 11702, tipo 4.2.5, ABNT. | E256: 339030.24 | F256: Resicolor | G256: Galao | H256: 30 | I256: 20 | J256: 49 | L256: =K256-(SUM(N256:Y256)) -> 0 | M256: =IF(L256<0,"ATENÇÃO","OK") -> OK | N256: 0 | O256: 0 | P256: 0 | Q256: 0 | R256: 0 | S256: 0 | T256: 0 | U256: 0 | V256: 0 | W256: 0 | X256: 0 | Y256: 0
C257: 62 | D257: TINTA ESMALTE, CORES DIVERSAS, Tinta esmalte sintético para madeira, cor branco. Lata 18 litros. | E257: 339030.24 | F257: Golden | G257: Lata | H257: 30 | I257: 20 | J257: 198 | L257: =K257-(SUM(N257:Y257)) -> 0 | M257: =IF(L257<0,"ATENÇÃO","OK") -> OK | N257: 0 | O257: 0 | P257: 0 | Q257: 0 | R257: 0 | S257: 0 | T257: 0 | U257: 0 | V257: 0 | W257: 0 | X257: 0 | Y257: 0
C258: 63 | D258: TINTA PIGMENTO, PIGMENTO PARA TINTA ACRILICA 50ML COR OCRE ë BASE DE ÁGUA | E258: 339030.24 | F258: Resicolor | G258: Peça | H258: 30 | I258: 20 | J258: 1.98 | L258: =K258-(SUM(N258:Y258)) -> 0 | M258: =IF(L258<0,"ATENÇÃO","OK") -> OK | N258: 0 | O258: 0 | P258: 0 | Q258: 0 | R258: 0 | S258: 0 | T258: 0 | U258: 0 | V258: 0 | W258: 0 | X258: 0 | Y258: 0
C259: 64 | D259: TINTA SPRAY, PARA FOSCO, EMBAL. 300ML, Tinta spray cores diversas. | E259: 339030.24 | F259: Resicolor | G259: Peça | H259: 30 | I259: 20 | J259: 11 | L259: =K259-(SUM(N259:Y259)) -> 0 | M259: =IF(L259<0,"ATENÇÃO","OK") -> OK | N259: 0 | O259: 0 | P259: 0 | Q259: 0 | R259: 0 | S259: 0 | T259: 0 | U259: 0 | V259: 0 | W259: 0 | X259: 0 | Y259: 0
C260: 65 | D260: TRINCHA PARA PINTURA, 1/2 POLEGADAS, Trincha, pincel, de pêlo com cabo de plástico medida ½. | E260: 339030.24 | F260: Roma | G260: Peça | H260: 30 | I260: 20 | J260: 2 | L260: =K260-(SUM(N260:Y260)) -> 0 | M260: =IF(L260<0,"ATENÇÃO","OK") -> OK | N260: 0 | O260: 0 | P260: 0 | Q260: 0 | R260: 0 | S260: 0 | T260: 0 | U260: 0 | V260: 0 | W260: 0 | X260: 0 | Y260: 0
C261: 66 | D261: TRINCHA PARA PINTURA, 3/4" POLEGADAS, Trincha, pincel, de pêlo com cabo de plástico medida ¾. | E261: 339030.24 | F261: Roma | G261: Peça | H261: 30 | I261: 20 | J261: 1.65 | L261: =K261-(SUM(N261:Y261)) -> 0 | M261: =IF(L261<0,"ATENÇÃO","OK") -> OK | N261: 0 | O261: 0 | P261: 0 | Q261: 0 | R261: 0 | S261: 0 | T261: 0 | U261: 0 | V261: 0 | W261: 0 | X261: 0 | Y261: 0
C262: 67 | D262: TRINCHA PARA PINTURA, TAMANHOS DIVERSOS, Pincel Trincha Cabo Plastico 18cm, Cabo curto, Filamento: sintético cor dourado, Formato: chato, simples, Ideal para: aplicação verniz, fundos; Indicação de tintas: acrílica, pva, verniz; Técnica: madeira; Virola: estanhada. | E262: 339030.42 | F262: Roma | G262: Peça | H262: 30 | I262: 20 | J262: 7.37 | L262: =K262-(SUM(N262:Y262)) -> 0 | M262: =IF(L262<0,"ATENÇÃO","OK") -> OK | N262: 0 | O262: 0 | P262: 0 | Q262: 0 | R262: 0 | S262: 0 | T262: 0 | U262: 0 | V262: 0 | W262: 0 | X262: 0 | Y262: 0
C263: 68 | D263: VERNIZ, DE POLIURETANO LACA COM 500ML, verniz de uso geral 500ml | E263: 339030.24 | F263: Brasilux | G263: Lata | H263: 30 | I263: 20 | J263: 15.32 | L263: =K263-(SUM(N263:Y263)) -> 0 | M263: =IF(L263<0,"ATENÇÃO","OK") -> OK | N263: 0 | O263: 0 | P263: 0 | Q263: 0 | R263: 0 | S263: 0 | T263: 0 | U263: 0 | V263: 0 | W263: 0 | X263: 0 | Y263: 0
...

Sheet CEART
A1: PROCESSO: 1025/2014 | D1: OBJETO: AQUISIÇÃO DE FERRAMENTAS, UTENSÍLIOS E MATERIAIS DE REPARO PARA O CAMPUS I, CERES E CESFI | J1: VIGÊNCIA DA ATA: 15/10/2014 até 14/10/2015 | N1: AF165/2015 | O1: AF420/2015 | P1: AF418/2015 | Q1: AF415/2015 | R1: AF 416/2015 | S1: AF 417/2015 | T1: AF419/2015 | U1: AF 421/2015 | V1: AF 1157/2015 | W1: AF 1158/2015 | X1: AF 1159/2015 | Y1: AF 1160/2015 | Z1: AF 1165/2015 | AA1: AF 1167/2015 | AB1: AF 1170/2015 | AC1: AF 1887/2015 | AD1: AF 1889/2015 | AE1: AF 1890/2015 | AF1: AF 1891/2015 | AG1: AF 1892/2015 | AH1: AF 1893/2015 | AI1: AF1894/2015 | AJ1: AF 1895/2015 | AK1: AF 1896/2015 | AL1: AF 1170/2015
A2: CENTRO PARTICIPANTE: CEART
A3: FORNECEDOR | B3: LOTE | C3: ITEM | D3: PRODUTO - CARACTERÍSTICAS MÍNIMAS | E3: DETALHAMENTO | F3: MARCA/MODELO | G3: UNIDADE | H3: Entrega (Dias) | I3: Pagto. (Dias) | J3: Preço UNITÁRIO (R$) | K3: Qtde LICITADA | L3: Saldo / Automático | M3: ALERTA | N3: 42058 | O3: 42103 | P3: 42103 | Q3: 42103 | R3: 42103 | S3: 42103 | T3: 42103 | U3: 42103 | V3: 42193 | W3: 42193 | X3: 42193 | Y3: 42193 | Z3: 42194 | AA3: 42194 | AB3: 42194 | AC3: 42290 | AD3: 42290 | AE3: 42290 | AF3: 42290 | AG3: 42290 | AH3: 42290 | AI3: 42290 | AJ3: 42290 | AK3: 42290 | AL3: 42291
A4: Cristiani Louri Rodrigues & Cia. Ltda - ME | B4: 1 | C4: 1 | D4: SUPORTE PARA CORTINA, EM "L", Suporte para cortina em "L"; Material: Latão; Dimensões: 5x8 | E4: 339030.24 | F4: Nacional | G4: Peça | H4: 30 | I4: 20 | J4: 0.9 | L4: =K4-(SUM(N4:Y4)) -> 0 | M4: =IF(L4<0,"ATENÇÃO","OK") -> OK | N4: 0 | O4: 0 | P4: 0 | Q4: 0 | R4: 0 | S4: 0 | T4: 0 | U4: 0 | V4: 0
C5: 2 | D5: SUPORTE PARA CORTINA, EM "L", Suporte para cortina em "L"; Material: Latão; Dimensões: 8x10 | E5: 339030.24 | F5: Nacional | G5: Peça | H5: 30 | I5: 20 | J5: 1.65 | L5: =K5-(SUM(N5:Y5)) -> 0 | M5: =IF(L5<0,"ATENÇÃO","OK") -> OK | N5: 0 | O5: 0 | P5: 0 | Q5: 0 | R5: 0 | S5: 0 | T5: 0 | U5: 0 | V5: 0
C6: 3 | D6: SUPORTE DIVERSOS, PARA PRATELEIRAS, Suporte para Prateleira; Material: Barra chata Metálica contraventada; Dimensões: 15cm. | E6: 339030.24 | F6: Nacional | G6: Peça | H6: 30 | I6: 20 | J6: 6 | L6: =K6-(SUM(N6:Y6)) -> 0 | M6: =IF(L6<0,"ATENÇÃO","OK") -> OK | N6: 0 | O6: 0 | P6: 0 | Q6: 0 | R6: 0 | S6: 0 | T6: 0 | U6: 0 | V6: 0
C7: 4 | D7: SUPORTE DIVERSOS, PARA PRATELEIRAS, Suporte para Prateleira; Material: Barra chata Metálica contraventada; Dimensões: 20cm. | E7: 339030.24 | F7: Nacional | G7: Peça | H7: 30 | I7: 20 | J7: 6 | L7: =K7-(SUM(N7:Y7)) -> 0 | M7: =IF(L7<0,"ATENÇÃO","OK") -> OK | N7: 0 | O7: 0 | P7: 0 | Q7: 0 | R7: 0 | S7: 0 | T7: 0 | U7: 0 | V7: 0
C8: 5 | D8: SUPORTE DIVERSOS, PARA PRATELEIRAS, Suporte para Prateleira; Material: Barra chata Metálica contraventada; Dimensões: 25cm. | E8: 339030.24 | F8: Nacional | G8: Peça | H8: 30 | I8: 20 | J8: 7.35 | L8: =K8-(SUM(N8:Y8)) -> 0 | M8: =IF(L8<0,"ATENÇÃO","OK") -> OK | N8: 0 | O8: 0 | P8: 0 | Q8: 0 | R8: 0 | S8: 0 | T8: 0 | U8: 0 | V8: 0
C9: 6 | D9: SUPORTE DIVERSOS, PARA PRATELEIRAS, Suporte para Prateleira; Material: Barra chata Metálica contraventada; Dimensões: 40cm. | E9: 339030.24 | F9: Nacional | G9: Peça | H9: 30 | I9: 20 | J9: 13 | L9: =K9-(SUM(N9:Y9)) -> 0 | M9: =IF(L9<0,"ATENÇÃO","OK") -> OK | N9: 0 | O9: 0 | P9: 0 | Q9: 0 | R9: 0 | S9: 0 | T9: 0 | U9: 0 | V9: 0
C10: 7 | D10: SUPORTE DIVERSOS, PARA PRATELEIRAS, Suporte para Prateleira; Material: Barra chata Metálica contraventada; Dimensões: 50cm. | E10: 339030.24 | F10: Nacional | G10: Peça | H10: 30 | I10: 20 | J10: 15.7 | L10: =K10-(SUM(N10:Y10)) -> 0 | M10: =IF(L10<0,"ATENÇÃO","OK") -> OK | N10: 0 | O10: 0 | P10: 0 | Q10: 0 | R10: 0 | S10: 0 | T10: 0 | U10: 0 | V10: 0
C11: 8 | D11: SUPORTE DIVERSOS, PARA PRATELEIRAS, Suporte para trilho de prateleira, Material Metálico; Largura: 30cm | E11: 339030.24 | F11: Nacional | G11: Peça | H11: 30 | I11: 20 | J11: 5.55 | L11: =K11-(SUM(N11:Y11)) -> 0 | M11: =IF(L11<0,"ATENÇÃO","OK") -> OK | N11: 0 | O11: 0 | P11: 0 | Q11: 0 | R11: 0 | S11: 0 | T11: 0 | U11: 0 | V11: 0
C12: 9 | D12: SUPORTE DIVERSOS, PARA PRATELEIRAS, Trilho para fixação de suporte para prateleira; Material: Metálico; Dimensões 200cm. | E12: 339030.24 | F12: Nacional | G12: Peça | H12: 30 | I12: 20 | J12: 27.5 | L12: =K12-(SUM(N12:Y12)) -> 0 | M12: =IF(L12<0,"ATENÇÃO","OK") -> OK | N12: 0 | O12: 0 | P12: 0 | Q12: 0 | R12: 0 | S12: 0 | T12: 0 | U12: 0 | V12: 0
C13: 10 | D13: CLIPS PARA CABO, DE ACO, Clip para cabo. 5/16 - aço inox a4 | E13: 339030.24 | F13: Inca | G13: Peça | H13: 30 | I13: 20 | J13: 0.9 | L13: =K13-(SUM(N13:Y13)) -> 0 | M13: =IF(L13<0,"ATENÇÃO","OK") -> OK | N13: 0 | O13: 0 | P13: 0 | Q13: 0 | R13: 0 | S13: 0 | T13: 0 | U13: 0 | V13: 0
C14: 11 | D14: CLIPS PARA CABO, DE ACO, Clip para cabo. 1 - aço inox a4 | E14: 339030.24 | F14: Inca | G14: Peça | H14: 30 | I14: 20 | J14: 4.73 | L14: =K14-(SUM(N14:Y14)) -> 0 | M14: =IF(L14<0,"ATENÇÃO","OK") -> OK | N14: 0 | O14: 0 | P14: 0 | Q14: 0 | R14: 0 | S14: 0 | T14: 0 | U14: 0 | V14: 0
C15: 12 | D15: CLIPS PARA CABO, DE ACO, Clip para cabo. 1/2 - aço inox a4 | E15: 339030.24 | F15: Inca | G15: Peça | H15: 30 | I15: 20 | J15: 2.5 | L15: =K15-(SUM(N15:Y15)) -> 0 | M15: =IF(L15<0,"ATENÇÃO","OK") -> OK | N15: 0 | O15: 0 | P15: 0 | Q15: 0 | R15: 0 | S15: 0 | T15: 0 | U15: 0 | V15: 0
C16: 13 | D16: CLIPS PARA CABO, DE ACO, Clip para cabo. 1/4 - aço inox a4 | E16: 339030.24 | F16: Inca | G16: Peça | H16: 30 | I16: 20 | J16: 0.8 | L16: =K16-(SUM(N16:Y16)) -> 0 | M16: =IF(L16<0,"ATENÇÃO","OK") -> OK | N16: 0 | O16: 0 | P16: 0 | Q16: 0 | R16: 0 | S16: 0 | T16: 0 | U16: 0 | V16: 0
... C37: 34 | D37: ESTICADOR PARA CABO, ESTICADOR GANCHO OLHAL, Esticador gancho olhal -1/2 - aço inox a4 | E37: 339030.24 | F37: Inca | G37: Peça | H37: 30 | I37: 20 | J37: 12.7 | L37: =K37-(SUM(N37:Y37)) -> 0 | M37: =IF(L37<0,"ATENÇÃO","OK") -> OK | N37: 0 | O37: 0 | P37: 0 | Q37: 0 | R37: 0 | S37: 0 | T37: 0 | U37: 0 | V37: 0
C38: 35 | D38: CADEADO METALICO, DE LATAO, 40 MM, Cadeado de latão retangular. Material da haste: aço cementado. Tamanho: 40mm. Comprimento da haste: 22mm. Espessura da haste: 6,4mm. Com duas chaves | E38: 339030.28 | F38: Soprano | G38: Peça | H38: 30 | I38: 20 | J38: 15.24 | K38: 10 | L38: =K38-(SUM(N38:Y38)) -> 10 | M38: =IF(L38<0,"ATENÇÃO","OK") -> OK | N38: 0 | O38: 0 | P38: 0 | Q38: 0 | R38: 0 | S38: 0 | T38: 0 | U38: 0 | V38: 0
C39: 36 | D39: CADEADO METALICO, DE LATŸO, 20 MM, Cadeado em latão maciço, haste de aço temperado e cromado. Tamanho de 20mm. Acompanhando chaves removíveis com cadeado aberto e fechado | E39: 339030.28 | F39: Soprano | G39: Peça | H39: 30 | I39: 20 | J39: 6.62 | K39: 12 | L39: =K39-(SUM(N39:Y39)) -> 12 | M39: =IF(L39<0,"ATENÇÃO","OK") -> OK | N39: 0 | O39: 0 | P39: 0 | Q39: 0 | R39: 0 | S39: 0 | T39: 0 | U39: 0 | V39: 0
C40: 37 | D40: CADEADO METALICO, TAMANHO DE 50MM, Cadeado em latão maciço, haste de aço temperado e cromado. Tamanho de 50mm. Acompanha chaves removíveis com cadeado aberto e fechado. | E40: 339030.28 | F40: Gold | G40: Peça | H40: 30 | I40: 20 | J40: 25.76 | K40: 8 | L40: =K40-(SUM(N40:Y40)) -> 8 | M40: =IF(L40<0,"ATENÇÃO","OK") -> OK | N40: 0 | O40: 0 | P40: 0 | Q40: 0 | R40: 0 | S40: 0 | T40: 0 | U40: 0 | V40: 0
C41: 38 | D41: DOBRADICA METALICA, 3 POLEGADAS, | E41: 339030.24 | F41: Ferca | G41: Par | H41: 30 | I41: 20 | J41: 2.59 | L41: =K41-(SUM(N41:Y41)) -> 0 | M41: =IF(L41<0,"ATENÇÃO","OK") -> OK | N41: 0 | O41: 0 | P41: 0 | Q41: 0 | R41: 0 | S41: 0 | T41: 0 | U41: 0 | V41: 0
C42: 39 | D42: DOBRADICA METALICA, JOGO DE DOBRADI«A 2"X1 1/2", Jogo de dobradiça 2"X1 1/2". | E42: 339030.42 | F42: Ferca | G42: Jogo | H42: 30 | I42: 20 | J42: 6.99 | L42: =K42-(SUM(N42:Y42)) -> 0 | M42: =IF(L42<0,"ATENÇÃO","OK") -> OK | N42: 0 | O42: 0 | P42: 0 | Q42: 0 | R42: 0 | S42: 0 | T42: 0 | U42: 0 | V42: 0
C43: 40 | D43: TRAVA PORTA (PRENDEDOR), PRENDEDOR PISO-TETO (BATENTE PORTA-FIXADOR ), | E43: 339030.42 | F43: Soprano | G43: Peça | H43: 30 | I43: 20 | J43: 11.46 | L43: =K43-(SUM(N43:Y43)) -> 0 | M43: =IF(L43<0,"ATENÇÃO","OK") -> OK | N43: 0 | O43: 0 | P43: 0 | Q43: 0 | R43: 0 | S43: 0 | T43: 0 | U43: 0 | V43: 0
C44: 41 | D44: TRINCO, FECHO TIPO TARGETA METALICA, Fecho tipo Targeta Metálica, Zincada, Dimensões 1.1/2" | E44: 339030.24 | F44: Loth | G44: Peça | H44: 30 | I44: 20 | J44: 1.3 | L44: =K44-(SUM(N44:Y44)) -> 0 | M44: =IF(L44<0,"ATENÇÃO","OK") -> OK | N44: 0 | O44: 0 | P44: 0 | Q44: 0 | R44: 0 | S44: 0 | T44: 0 | U44: 0 | V44: 0
C45: 42 | D45: TRINCO, FECHO TIPO TARGETA METALICA, Fecho tipo Targeta Metálica, Zincada, Dimensões 2" | E45: 339030.24 | F45: Loth | G45: Peça | H45: 30 | I45: 20 | J45: 1.5 | L45: =K45-(SUM(N45:Y45)) -> 0 | M45: =IF(L45<0,"ATENÇÃO","OK") -> OK | N45: 0 | O45: 0 | P45: 0 | Q45: 0 | R45: 0 | S45: 0 | T45: 0 | U45: 0 | V45: 0
C46: 43 | D46: TRINCO, FECHO TIPO TARGETA METALICA, Fecho tipo Targeta Metálica, Zincada, Dimensões 2.1/2" | E46: 339030.24 | F46: Loth | G46: Peça | H46: 30 | I46: 20 | J46: 1.8 | L46: =K46-(SUM(N46:Y46)) -> 0 | M46: =IF(L46<0,"ATENÇÃO","OK") -> OK | N46: 0 | O46: 0 | P46: 0 | Q46: 0 | R46: 0 | S46: 0 | T46: 0 | U46: 0 | V46: 0
C47: 44 | D47: TRINCO, FECHO TIPO TARGETA METALICA, Fecho tipo Targeta Metálica, Zincada, Dimensões 3". | E47: 339030.24 | F47: Loth | G47: Peça | H47: 30 | I47: 20 | J47: 2 | L47: =K47-(SUM(N47:Y47)) -> 0 | M47: =IF(L47<0,"ATENÇÃO","OK") -> OK | N47: 0 | O47: 0 | P47: 0 | Q47: 0 | R47: 0 | S47: 0 | T47: 0 | U47: 0 | V47: 0
C48: 45 | D48: TRINCO, FERROLHO METALICO, Ferrolho chato com porta cadeado, Material: Metálico; Acabamento: Zincado; Dimensões: 3". | E48: 339030.24 | F48: Loth | G48: Peça | H48: 30 | I48: 20 | J48: 5.6 | L48: =K48-(SUM(N48:Y48)) -> 0 | M48: =IF(L48<0,"ATENÇÃO","OK") -> OK | N48: 0 | O48: 0 | P48: 0 | Q48: 0 | R48: 0 | S48: 0 | T48: 0 | U48: 0 | V48: 0
C49: 46 | D49: TRINCO, FERROLHO METALICO, Ferrolho chato com porta cadeado, Material: Metálico; Acabamento: Zincado; Dimensões: 4". | E49: 339030.24 | F49: Loth | G49: Peça | H49: 30 | I49: 20 | J49: 6 | L49: =K49-(SUM(N49:Y49)) -> 0 | M49: =IF(L49<0,"ATENÇÃO","OK") -> OK | N49: 0 | O49: 0 | P49: 0 | Q49: 0 | R49: 0 | S49: 0 | T49: 0 | U49: 0 | V49: 0
C50: 47 | D50: TRINCO, FERROLHO METALICO, Ferrolho chato com porta cadeado, Material: Metálico; Acabamento: Zincado; Dimensões: 5". | E50: 339030.24 | F50: Loth | G50: Peça | H50: 30 | I50: 20 | J50: 8 | L50: =K50-(SUM(N50:Y50)) -> 0 | M50: =IF(L50<0,"ATENÇÃO","OK") -> OK | N50: 0 | O50: 0 | P50: 0 | Q50: 0 | R50: 0 | S50: 0 | T50: 0 | U50: 0 | V50: 0
C51: 48 | D51: TRINCO, FERROLHO METALICO, Ferrolho tipo "Fio Redondo", com Porta Cadeado; Material: Metálico; Acabamento: Zincado. Dimensões: 2". | E51: 339030.24 | F51: Loth | G51: Peça | H51: 30 | I51: 20 | J51: 2.25 | L51: =K51-(SUM(N51:Y51)) -> 0 | M51: =IF(L51<0,"ATENÇÃO","OK") -> OK | N51: 0 | O51: 0 | P51: 0 | Q51: 0 | R51: 0 | S51: 0 | T51: 0 | U51: 0 | V51: 0
C52: 49 | D52: TRINCO, FERROLHO METALICO, Ferrolho tipo "Fio Redondo", com Porta Cadeado; Material: Metálico; Acabamento: Zincado. Dimensões: 3". | E52: 339030.24 | F52: Loth | G52: Peça | H52: 30 | I52: 20 | J52: 2.6 | L52: =K52-(SUM(N52:Y52)) -> 0 | M52: =IF(L52<0,"ATENÇÃO","OK") -> OK | N52: 0 | O52: 0 | P52: 0 | Q52: 0 | R52: 0 | S52: 0 | T52: 0 | U52: 0 | V52: 0
... C54: 51 | D54: TRINCO, FERROLHO METALICO, Ferrolho tipo "Fio Redondo", com Porta Cadeado; Material: Metálico; Acabamento: Zincado. Dimensões: 5". | E54: 339030.24 | F54: Loth | G54: Peça | H54: 30 | I54: 20 | J54: 3.9 | L54: =K54-(SUM(N54:Y54)) -> 0 | M54: =IF(L54<0,"ATENÇÃO","OK") -> OK | N54: 0 | O54: 0 | P54: 0 | Q54: 0 | R54: 0 | S54: 0 | T54: 0 | U54: 0 | V54: 0
C55: 52 | D55: ABRACADEIRA, EM ACO CARBONO 1/2, Com parafuso de cabeça sextavada | E55: 339030.24 | F55: Inca | G55: Peça | H55: 30 | I55: 20 | J55: 1.52 | K55: 70 | L55: =K55-(SUM(N55:Y55)) -> 70 | M55: =IF(L55<0,"ATENÇÃO","OK") -> OK | N55: 0 | O55: 0 | P55: 0 | Q55: 0 | R55: 0 | S55: 0 | T55: 0 | U55: 0 | V55: 0 | AF55: 70
C56: 53 | D56: ABRACADEIRA, EM ACO CARBONO 3/4, Com parafuso de cabeça sextavada. | E56: 339030.24 | F56: Inca | G56: Peça | H56: 30 | I56: 20 | J56: 1.39 | K56: 70 | L56: =K56-(SUM(N56:Y56)) -> 70 | M56: =IF(L56<0,"ATENÇÃO","OK") -> OK | N56: 0 | O56: 0 | P56: 0 | Q56: 0 | R56: 0 | S56: 0 | T56: 0 | U56: 0 | V56: 0 | AF56: 70
C57: 54 | D57: ARAME DE ACO, ARAME RECOZIDO, Arame Recozido Liso nº:14, 2,0mm, Rolo de 5Kg. | E57: 339030.42 | F57: Gerdau | G57: Peça | H57: 30 | I57: 20 | J57: 8.5 | L57: =K57-(SUM(N57:Y57)) -> 0 | M57: =IF(L57<0,"ATENÇÃO","OK") -> OK | N57: 0 | O57: 0 | P57: 0 | Q57: 0 | R57: 0 | S57: 0 | T57: 0 | U57: 0 | V57: 0
C58: 55 | D58: ARAME DE ACO, FARPADO, 500 METROS, GALVANIZADO, 1,6 MM – 350 KGF, DUPLA CAMADA | E58: 339030.24 | F58: Potro | G58: Rolo | H58: 30 | I58: 20 | J58: 216.64 | K58: 1 | L58: =K58-(SUM(N58:Y58)) -> 1 | M58: =IF(L58<0,"ATENÇÃO","OK") -> OK | N58: 0 | O58: 0 | P58: 0 | Q58: 0 | R58: 0 | S58: 0 | T58: 0 | U58: 0 | V58: 0
C59: 56 | D59: ARAME DE ACO, GALVANIZADO,FIO 16, Arame galvanizado, fio 16 mm | E59: 339030.24 | F59: Potro | G59: KG | H59: 30 | I59: 20 | J59: 8.94 | L59: =K59-(SUM(N59:Y59)) -> 0 | M59: =IF(L59<0,"ATENÇÃO","OK") -> OK | N59: 0 | O59: 0 | P59: 0 | Q59: 0 | R59: 0 | S59: 0 | T59: 0 | U59: 0 | V59: 0
C60: 57 | D60: ARAME DE ACO, NUMERO 14, arame galvanizado nº14, 23,11mm. | E60: 339030.24 | F60: Potro | G60: KG | H60: 30 | I60: 20 | J60: 10.33 | L60: =K60-(SUM(N60:Y60)) -> 0 | M60: =IF(L60<0,"ATENÇÃO","OK") -> OK | N60: 0 | O60: 0 | P60: 0 | Q60: 0 | R60: 0 | S60: 0 | T60: 0 | U60: 0 | V60: 0
C61: 58 | D61: ARAME DE ACO, NUMERO 20, arame galvanizado n.20, 0,89mm | E61: 339030.24 | F61: Inca | G61: KG | H61: 30 | I61: 20 | J61: 13.78 | L61: =K61-(SUM(N61:Y61)) -> 0 | M61: =IF(L61<0,"ATENÇÃO","OK") -> OK | N61: 0 | O61: 0 | P61: 0 | Q61: 0 | R61: 0 | S61: 0 | T61: 0 | U61: 0 | V61: 0
C62: 59 | D62: ARRUELA METALICA, ARRUELA DE A«O, Arruela lisa - ansi b 18.22.1 - #6 - Aço Carbono Zincado | E62: 339030.24 | F62: Inca | G62: Peça | H62: 30 | I62: 20 | J62: 0.06 | L62: =K62-(SUM(N62:Y62)) -> 0 | M62: =IF(L62<0,"ATENÇÃO","OK") -> OK | N62: 0 | O62: 0 | P62: 0 | Q62: 0 | R62: 0 | S62: 0 | T62: 0 | U62: 0 | V62: 0
C63: 60 | D63: ARRUELA METALICA, ARRUELA DE A«O, Arruela lisa - ansi b 18.22.1 - 1/8. Aço Carbono Zincado . | E63: 339030.24 | F63: Inca | G63: Peça | H63: 30 | I63: 20 | J63: 0.1 | L63: =K63-(SUM(N63:Y63)) -> 0 | M63: =IF(L63<0,"ATENÇÃO","OK") -> OK | N63: 0 | O63: 0 | P63: 0 | Q63: 0 | R63: 0 | S63: 0 | T63: 0 | U63: 0 | V63: 0
C64: 61 | D64: ARRUELA METALICA, ARRUELA DE A«O, Arruela lisa - ansi b 18.22.1 - 5/32. Aço Carbono Zincado. | E64: 339030.24 | F64: Inca | G64: Peça | H64: 30 | I64: 20 | J64: 0.06 | L64: =K64-(SUM(N64:Y64)) -> 0 | M64: =IF(L64<0,"ATENÇÃO","OK") -> OK | N64: 0 | O64: 0 | P64: 0 | Q64: 0 | R64: 0 | S64: 0 | T64: 0 | U64: 0 | V64: 0
C65: 62 | D65: ARRUELA METALICA, ARRUELA DE A«O, Arruela lisa - ansi b 18.22.1 - 7/16. Aço Carbono Zincado. | E65: 339030.24 | F65: Inca | G65: Peça | H65: 30 | I65: 20 | J65: 0.09 | L65: =K65-(SUM(N65:Y65)) -> 0 | M65: =IF(L65<0,"ATENÇÃO","OK") -> OK | N65: 0 | O65: 0 | P65: 0 | Q65: 0 | R65: 0 | S65: 0 | T65: 0 | U65: 0 | V65: 0
C66: 63 | D66: ARRUELA METALICA, ARRUELA DE A«O, Arruela lisa - ansi b 18.22.1 - 9/16. Aço Carbono Zincado | E66: 339030.24 | F66: Inca | G66: Peça | H66: 30 | I66: 20 | J66: 0.14 | L66: =K66-(SUM(N66:Y66)) -> 0 | M66: =IF(L66<0,"ATENÇÃO","OK") -> OK | N66: 0 | O66: 0 | P66: 0 | Q66: 0 | R66: 0 | S66: 0 | T66: 0 | U66: 0 | V66: 0
C67: 64 | D67: ARRUELA METALICA, DE PRESSAO MEDINDO 1/2", Arruela Inox 1/2" | E67: 339030.42 | F67: Inca | G67: Peça | H67: 30 | I67: 20 | J67: 0.45 | L67: =K67-(SUM(N67:Y67)) -> 0 | M67: =IF(L67<0,"ATENÇÃO","OK") -> OK | N67: 0 | O67: 0 | P67: 0 | Q67: 0 | R67: 0 | S67: 0 | T67: 0 | U67: 0 | V67: 0
C68: 65 | D68: ARRUELA METALICA, LISA 3/16", Arruela lisa - ansi b 18.22.1 - 3/16 - Aço Carbono Zincado. | E68: 339030.24 | F68: Inca | G68: Peça | H68: 30 | I68: 20 | J68: 0.01 | L68: =K68-(SUM(N68:Y68)) -> 0 | M68: =IF(L68<0,"ATENÇÃO","OK") -> OK | N68: 0 | O68: 0 | P68: 0 | Q68: 0 | R68: 0 | S68: 0 | T68: 0 | U68: 0 | V68: 0
C69: 66 | D69: ARRUELA METALICA, LISA 5/16", Arruela lisa - ansi b 18.22.1 - 5/16 - Aço Carbono Zincado. | E69: 339030.24 | F69: Inca | G69: Peça | H69: 30 | I69: 20 | J69: 0.07 | L69: =K69-(SUM(N69:Y69)) -> 0 | M69: =IF(L69<0,"ATENÇÃO","OK") -> OK | N69: 0 | O69: 0 | P69: 0 | Q69: 0 | R69: 0 | S69: 0 | T69: 0 | U69: 0 | V69: 0
C70: 67 | D70: ARRUELA METALICA, LISA ZINCADA 1/2, Arruela lisa - ansi b 18.22.1 - 1/2 - Aço Carbono Zincado | E70: 339030.24 | F70: Inca | G70: Peça | H70: 30 | I70: 20 | J70: 0.3 | L70: =K70-(SUM(N70:Y70)) -> 0 | M70: =IF(L70<0,"ATENÇÃO","OK") -> OK | N70: 0 | O70: 0 | P70: 0 | Q70: 0 | R70: 0 | S70: 0 | T70: 0 | U70: 0 | V70: 0
... C87: 84 | D87: BRACADEIRA, ABRA«ADEIRA FLEXIVEL ROSCA SEM FIM, Abraçadeira flexível rosca sem fim, com diâmetro mínimo de 13mm e máximo de 19mm, em aço carbono, parafuso em aço carbono. | E87: 339030.24 | F87: Inca | G87: Peça | H87: 30 | I87: 20 | J87: 0.76 | L87: =K87-(SUM(N87:Y87)) -> 0 | M87: =IF(L87<0,"ATENÇÃO","OK") -> OK | N87: 0 | O87: 0 | P87: 0 | Q87: 0 | R87: 0 | S87: 0 | T87: 0 | U87: 0 | V87: 0
C88: 85 | D88: BUCHA PLASTICA PARA FIXACAO, BUCHA DE NYLON 06 MM, Bucha 6mm², de polietileno. | E88: 339030.24 | F88: Vonder | G88: Peça | H88: 30 | I88: 20 | J88: 0.05 | K88: 1000 | L88: =K88-(SUM(N88:Y88)) -> 1000 | M88: =IF(L88<0,"ATENÇÃO","OK") -> OK | N88: 0 | O88: 0 | P88: 0 | Q88: 0 | R88: 0 | S88: 0 | T88: 0 | U88: 0 | V88: 0 | AF88: 500
C89: 86 | D89: BUCHA PLASTICA PARA FIXACAO, BUCHA DE NYLON 8 MM, Bucha 8mm de polietileno. | E89: 339030.24 | F89: Vonder | G89: Peça | H89: 30 | I89: 20 | J89: 0.07 | K89: 1000 | L89: =K89-(SUM(N89:Y89)) -> 1000 | M89: =IF(L89<0,"ATENÇÃO","OK") -> OK | N89: 0 | O89: 0 | P89: 0 | Q89: 0 | R89: 0 | S89: 0 | T89: 0 | U89: 0 | V89: 0 | AF89: 500
C90: 87 | D90: BUCHA PLASTICA PARA FIXACAO, BUCHA DE NYLON S 4, Bucha nylon ( polyamida ) na medida 4mm ( S 4 ). | E90: 339030.24 | F90: Vonder | G90: Peça | H90: 30 | I90: 20 | J90: 0.18 | L90: =K90-(SUM(N90:Y90)) -> 0 | M90: =IF(L90<0,"ATENÇÃO","OK") -> OK | N90: 0 | O90: 0 | P90: 0 | Q90: 0 | R90: 0 | S90: 0 | T90: 0 | U90: 0 | V90: 0
C91: 88 | D91: BUCHA PLASTICA PARA FIXACAO, BUCHA DE NYLON S 5, Bucha nylon ( polyamida ) na medida 5mm ( S 5 ). | E91: 339030.24 | F91: Vonder | G91: Peça | H91: 30 | I91: 20 | J91: 0.09 | L91: =K91-(SUM(N91:Y91)) -> 0 | M91: =IF(L91<0,"ATENÇÃO","OK") -> OK | N91: 0 | O91: 0 | P91: 0 | Q91: 0 | R91: 0 | S91: 0 | T91: 0 | U91: 0 | V91: 0
C92: 89 | D92: BUCHA PLASTICA PARA FIXACAO, BUCHA DE REDUCAO PVC SOLDAVEL 06MM, 32x25 | E92: 339030.24 | F92: Plastubos | G92: Peça | H92: 30 | I92: 20 | J92: 0.61 | L92: =K92-(SUM(N92:Y92)) -> 0 | M92: =IF(L92<0,"ATENÇÃO","OK") -> OK | N92: 0 | O92: 0 | P92: 0 | Q92: 0 | R92: 0 | S92: 0 | T92: 0 | U92: 0 | V92: 0
C93: 90 | D93: BUCHA PLASTICA PARA FIXACAO, DE NYLON, NUEMRO 12, Bucha Convencional, em nylon, para fixação em parede de Alvenaria e Concreto - 12mm. | E93: 339030.24 | F93: Vonder | G93: Peça | H93: 30 | I93: 20 | J93: 0.3 | L93: =K93-(SUM(N93:Y93)) -> 0 | M93: =IF(L93<0,"ATENÇÃO","OK") -> OK | N93: 0 | O93: 0 | P93: 0 | Q93: 0 | R93: 0 | S93: 0 | T93: 0 | U93: 0 | V93: 0
C94: 91 | D94: BUCHA PLASTICA PARA FIXACAO, EM NYLON, Bucha Convencional, em nylon, para fixação em parede de Alvenaria e Concreto - 3mm | E94: 339030.24 | F94: Vonder | G94: Peça | H94: 30 | I94: 20 | J94: 0.15 | L94: =K94-(SUM(N94:Y94)) -> 0 | M94: =IF(L94<0,"ATENÇÃO","OK") -> OK | N94: 0 | O94: 0 | P94: 0 | Q94: 0 | R94: 0 | S94: 0 | T94: 0 | U94: 0 | V94: 0
C95: 92 | D95: BUCHA PLASTICA PARA FIXACAO, NUMERO 10, Bucha 10mm de polietileno, pacote com 100 unidades. | E95: 339030.24 | F95: Vonder | G95: Peça | H95: 30 | I95: 20 | J95: 3.94 | K95: 10 | L95: =K95-(SUM(N95:Y95)) -> 10 | M95: =IF(L95<0,"ATENÇÃO","OK") -> OK | N95: 0 | O95: 0 | P95: 0 | Q95: 0 | R95: 0 | S95: 0 | T95: 0 | U95: 0 | V95: 0 | AF95: 5
C96: 93 | D96: BUCHA PLASTICA PARA FIXACAO, NUMERO 12, Bucha 12,0mm, plástica, para parafuso pacote com 100 unidades. | E96: 339030.24 | F96: Vonder | G96: Peça | H96: 30 | I96: 20 | J96: 15.45 | L96: =K96-(SUM(N96:Y96)) -> 0 | M96: =IF(L96<0,"ATENÇÃO","OK") -> OK | N96: 0 | O96: 0 | P96: 0 | Q96: 0 | R96: 0 | S96: 0 | T96: 0 | U96: 0 | V96: 0
C97: 94 | D97: BUCHA PLASTICA PARA FIXACAO, NUMERO 14, Bucha para parafuso N14 | E97: 339030.42 | F97: Vonder | G97: Peça | H97: 30 | I97: 20 | J97: 1.07 | L97: =K97-(SUM(N97:Y97)) -> 0 | M97: =IF(L97<0,"ATENÇÃO","OK") -> OK | N97: 0 | O97: 0 | P97: 0 | Q97: 0 | R97: 0 | S97: 0 | T97: 0 | U97: 0 | V97: 0
C98: 95 | D98: FITA PERFURADA, DE METAL, 19MM, ROLO C/30M, Fita De Aço Perfurada; Largura: 17 a 19 mm; Rolo de 30m | E98: 339030.42 | F98: Inca | G98: Rolo | H98: 30 | I98: 20 | J98: 33 | L98: =K98-(SUM(N98:Y98)) -> 0 | M98: =IF(L98<0,"ATENÇÃO","OK") -> OK | N98: 0 | O98: 0 | P98: 0 | Q98: 0 | R98: 0 | S98: 0 | T98: 0 | U98: 0 | V98: 0
C99: 96 | D99: GANCHO, REFORCADO, Gancho Com Rosca P/ Bucha e Madeira Material: Aço Galvanizado Dimensões: 2.9 X 47. | E99: 339030.24 | F99: Inca | G99: Peça | H99: 30 | I99: 20 | J99: 0.24 | L99: =K99-(SUM(N99:Y99)) -> 0 | M99: =IF(L99<0,"ATENÇÃO","OK") -> OK | N99: 0 | O99: 0 | P99: 0 | Q99: 0 | R99: 0 | S99: 0 | T99: 0 | U99: 0 | V99: 0
C100: 97 | D100: GANCHO, REFORCADO, Gancho Com Rosca P/ Bucha E Madeira Material: Aço Galvanizado Dimensões: 3.3 X 58. | E100: 339030.24 | F100: Inca | G100: Peça | H100: 30 | I100: 20 | J100: 0.28 | L100: =K100-(SUM(N100:Y100)) -> 0 | M100: =IF(L100<0,"ATENÇÃO","OK") -> OK | N100: 0 | O100: 0 | P100: 0 | Q100: 0 | R100: 0 | S100: 0 | T100: 0 | U100: 0 | V100: 0
C101: 98 | D101: GANCHO, REFORCADO, Gancho Com Rosca P/ Bucha E Madeira Material: Aço Galvanizado Dimensões: 4.4 X 67. | E101: 339030.24 | F101: Inca | G101: Peça | H101: 30 | I101: 20 | J101: 0.3 | L101: =K101-(SUM(N101:Y101)) -> 0 | M101: =IF(L101<0,"ATENÇÃO","OK") -> OK | N101: 0 | O101: 0 | P101: 0 | Q101: 0 | R101: 0 | S101: 0 | T101: 0 | U101: 0 | V101: 0
C102: 99 | D102: GANCHO, REFORCADO, Gancho em metal com Rosca. Medidas aproximadas: 2,2x31mm. Para fixação em alvenaria, como um suporte para os mais variados objetos | E102: 339030.24 | F102: Inca | G102: Peça | H102: 30 | I102: 20 | J102: 5.06 | K102: 100 | L102: =K102-(SUM(N102:Y102)) -> 30 | M102: =IF(L102<0,"ATENÇÃO","OK") -> OK | N102: 0 | O102: 0 | P102: 0 | Q102: 0 | R102: 0 | S102: 0 | T102: 0 | U102: 0 | V102: 70
C103: 100 | D103: GRAMPO PARA CERCA, DE ARAME FARPADO, PACOTE COM 1 KG, Grampo de Cerca 1 x 9 mm | E103: 339030.24 | F103: Disma | G103: Pacote | H103: 30 | I103: 20 | J103: 8.1 | K103: 1 | L103: =K103-(SUM(N103:Y103)) -> 1 | M103: =IF(L103<0,"ATENÇÃO","OK") -> OK | N103: 0 | O103: 0 | P103: 0 | Q103: 0 | R103: 0 | S103: 0 | T103: 0 | U103: 0 | V103: 0
C104: 101 | D104: MAO FRANCESA (DISPOSITIVO DE FIXACAO), SIMPLES 100MM, | E104: 339030.24 | F104: Disma | G104: Peça | H104: 30 | I104: 20 | J104: 3.03 | K104: 40 | L104: =K104-(SUM(N104:Y104)) -> 20 | M104: =IF(L104<0,"ATENÇÃO","OK") -> OK | N104: 0 | O104: 0 | P104: 0 | Q104: 0 | R104: 0 | S104: 0 | T104: 0 | U104: 0 | V104: 20
C105: 102 | D105: PARAFUSO METALICO, AUTO ATARRACHANTE 2,9X19MM C/PANELA, fendado, zincado branco. | E105: 339030.24 | F105: Mister | G105: Peça | H105: 30 | I105: 20 | J105: 0.05 | L105: =K105-(SUM(N105:Y105)) -> 0 | M105: =IF(L105<0,"ATENÇÃO","OK") -> OK | N105: 0 | O105: 0 | P105: 0 | Q105: 0 | R105: 0 | S105: 0 | T105: 0 | U105: 0 | V105: 0
C106: 103 | D106: PARAFUSO METALICO, COM PORCA, 8 X 25, | E106: 339030.24 | F106: Mister | G106: Peça | H106: 30 | I106: 20 | J106: 0.9 | L106: =K106-(SUM(N106:Y106)) -> 0 | M106: =IF(L106<0,"ATENÇÃO","OK") -> OK | N106: 0 | O106: 0 | P106: 0 | Q106: 0 | R106: 0 | S106: 0 | T106: 0 | U106: 0 | V106: 0
C107: 104 | D107: PARAFUSO METALICO, COM PORCA, 8 X 50, | E107: 339030.24 | F107: Mister | G107: Peça | H107: 30 | I107: 20 | J107: 1.09 | L107: =K107-(SUM(N107:Y107)) -> 0 | M107: =IF(L107<0,"ATENÇÃO","OK") -> OK | N107: 0 | O107: 0 | P107: 0 | Q107: 0 | R107: 0 | S107: 0 | T107: 0 | U107: 0 | V107: 0
C108: 105 | D108: PARAFUSO METALICO, COM PORCAS E ARRUELAS, Conjunto Porca ,Parafuso e Arruela, Cabeça Sextavada, rosca inteira, Aço Carbono Zincado, Norma UNC; Diâmetro 1/4", Comprimento 1.1/2". | E108: 339030.24 | F108: Mister | G108: Peça | H108: 30 | I108: 20 | J108: 0.3 | L108: =K108-(SUM(N108:Y108)) -> 0 | M108: =IF(L108<0,"ATENÇÃO","OK") -> OK | N108: 0 | O108: 0 | P108: 0 | Q108: 0 | R108: 0 | S108: 0 | T108: 0 | U108: 0 | V108: 0
C109: 106 | D109: PARAFUSO METALICO, COM PORCAS E ARRUELAS, Conjunto Porca ,Parafuso e Arruela, Cabeça Sextavada, rosca inteira, Aço Carbono Zincado, Norma UNC; Diâmetro 1/4", Comprimento 2". | E109: 339030.24 | F109: Mister | G109: Peça | H109: 30 | I109: 20 | J109: 0.4 | L109: =K109-(SUM(N109:Y109)) -> 0 | M109: =IF(L109<0,"ATENÇÃO","OK") -> OK | N109: 0 | O109: 0 | P109: 0 | Q109: 0 | R109: 0 | S109: 0 | T109: 0 | U109: 0 | V109: 0
C110: 107 | D110: PARAFUSO METALICO, COM PORCAS E ARRUELAS, Conjunto Porca ,Parafuso e Arruela, Cabeça Sextavada, rosca inteira, Aço Carbono Zincado, Norma UNC; Diâmetro 3/8", Comprimento 1". | E110: 339030.24 | F110: Mister | G110: Peça | H110: 30 | I110: 20 | J110: 0.8 | L110: =K110-(SUM(N110:Y110)) -> 0 | M110: =IF(L110<0,"ATENÇÃO","OK") -> OK | N110: 0 | O110: 0 | P110: 0 | Q110: 0 | R110: 0 | S110: 0 | T110: 0 | U110: 0 | V110: 0
C111: 108 | D111: PARAFUSO METALICO, COM PORCAS E ARRUELAS, Conjunto Porca ,Parafuso e Arruela, Cabeça Sextavada, rosca inteira, Aço Carbono Zincado, Norma UNC; Diâmetro 3/8", Comprimento 2". | E111: 339030.24 | F111: Mister | G111: Peça | H111: 30 | I111: 20 | J111: 0.78 | L111: =K111-(SUM(N111:Y111)) -> 0 | M111: =IF(L111<0,"ATENÇÃO","OK") -> OK | N111: 0 | O111: 0 | P111: 0 | Q111: 0 | R111: 0 | S111: 0 | T111: 0 | U111: 0 | V111: 0
C112: 109 | D112: PARAFUSO METALICO, COM PORCAS E ARRUELAS, Conjunto Porca ,Parafuso e Arruela, Cabeça Sextavada, rosca inteira, Aço Carbono Zincado, Norma UNC; Diâmetro 3/8", Comprimento 3" | E112: 339030.24 | F112: Mister | G112: Peça | H112: 30 | I112: 20 | J112: 15.17 | L112: =K112-(SUM(N112:Y112)) -> 0 | M112: =IF(L112<0,"ATENÇÃO","OK") -> OK | N112: 0 | O112: 0 | P112: 0 | Q112: 0 | R112: 0 | S112: 0 | T112: 0 | U112: 0 | V112: 0
C113: 110 | D113: PARAFUSO METALICO, COM PORCAS E ARRUELAS, Conjunto Porca ,Parafuso e Arruela, Cabeça Sextavada, rosca inteira, Aço Carbono Zincado, Norma UNC; Diâmetro 5/16", Comprimento 1.3/4". | E113: 339030.24 | F113: Mister | G113: Peça | H113: 30 | I113: 20 | J113: 0.32 | L113: =K113-(SUM(N113:Y113)) -> 0 | M113: =IF(L113<0,"ATENÇÃO","OK") -> OK | N113: 0 | O113: 0 | P113: 0 | Q113: 0 | R113: 0 | S113: 0 | T113: 0 | U113: 0 | V113: 0
C114: 111 | D114: PARAFUSO METALICO, COM PORCAS E ARRUELAS, Conjunto Porca ,Parafuso e Arruela, Cabeça Sextavada, rosca inteira, Aço Carbono Zincado, Norma UNC; Diâmetro 5/16", Comprimento 1/2". | E114: 339030.24 | F114: Mister | G114: Peça | H114: 30 | I114: 20 | J114: 0.26 | L114: =K114-(SUM(N114:Y114)) -> 0 | M114: =IF(L114<0,"ATENÇÃO","OK") -> OK | N114: 0 | O114: 0 | P114: 0 | Q114: 0 | R114: 0 | S114: 0 | T114: 0 | U114: 0 | V114: 0
C115: 112 | D115: PARAFUSO METALICO, COM PORCAS E ARRUELAS, Conjunto Porca ,Parafuso e Arruela, Cabeça Sextavada, rosca inteira, Aço Carbono Zincado, Norma UNC; Diâmetro 5/16", Comprimento 3." | E115: 339030.24 | F115: Mister | G115: Peça | H115: 30 | I115: 20 | J115: 0.78 | L115: =K115-(SUM(N115:Y115)) -> 0 | M115: =IF(L115<0,"ATENÇÃO","OK") -> OK | N115: 0 | O115: 0 | P115: 0 | Q115: 0 | R115: 0 | S115: 0 | T115: 0 | U115: 0 | V115: 0
C116: 113 | D116: PARAFUSO METALICO, COM PORCAS E ARRUELAS, Conjunto Porca ,Parafuso e Arruela, Cabeça Sextavada, rosca inteira, Aço Carbono Zincado, Norma UNC; Diâmetro 5/16", Comprimento 4". | E116: 339030.24 | F116: Mister | G116: Peça | H116: 30 | I116: 20 | J116: 1 | L116: =K116-(SUM(N116:Y116)) -> 0 | M116: =IF(L116<0,"ATENÇÃO","OK") -> OK | N116: 0 | O116: 0 | P116: 0 | Q116: 0 | R116: 0 | S116: 0 | T116: 0 | U116: 0 | V116: 0
... C137: 134 | D137: PARAFUSO METALICO, TIPO PHILIPS, DIVERSOS TAMANHOS, Medidas: 4,0 x 25 mm. Pacote com 100 unidades. | E137: 339030.24 | F137: Mister | G137: Peça | H137: 30 | I137: 20 | J137: 5.22 | L137: =K137-(SUM(N137:Y137)) -> 0 | M137: =IF(L137<0,"ATENÇÃO","OK") -> OK | N137: 0 | O137: 0 | P137: 0 | Q137: 0 | R137: 0 | S137: 0 | T137: 0 | U137: 0 | V137: 0
C138: 135 | D138: PARAFUSO METALICO, TIPO PHILIPS, DIVERSOS TAMANHOS, Medidas: 4,0 x 40 mm. Pacote com 100 unidades. | E138: 339030.24 | F138: Mister | G138: Peça | H138: 30 | I138: 20 | J138: 8.33 | K138: 12 | L138: =K138-(SUM(N138:Y138)) -> 12 | M138: =IF(L138<0,"ATENÇÃO","OK") -> OK | N138: 0 | O138: 0 | P138: 0 | Q138: 0 | R138: 0 | S138: 0 | T138: 0 | U138: 0 | V138: 0 | AF138: 6
C139: 136 | D139: PARAFUSO METALICO, TIPO PHILIPS, DIVERSOS TAMANHOS, Parafuso auto-atarraxante cab. Panela c/ fenda - din 7971 Material: Aço Carbono Cementado; Dimensões - 4.8 X 80. | E139: 339030.24 | F139: Mister | G139: Peça | H139: 30 | I139: 20 | J139: 0.25 | L139: =K139-(SUM(N139:Y139)) -> 0 | M139: =IF(L139<0,"ATENÇÃO","OK") -> OK | N139: 0 | O139: 0 | P139: 0 | Q139: 0 | R139: 0 | S139: 0 | T139: 0 | U139: 0 | V139: 0
C140: 137 | D140: PARAFUSO METALICO, TIPO PHILIPS, DIVERSOS TAMANHOS, Parafuso auto-atarraxante cab. Panela c/ fenda - din 7971 Material: Aço Carbono Cementado; Dimensões - 4.2 X 50mm. | E140: 339030.24 | F140: Mister | G140: Peça | H140: 30 | I140: 20 | J140: 0.2 | L140: =K140-(SUM(N140:Y140)) -> 0 | M140: =IF(L140<0,"ATENÇÃO","OK") -> OK | N140: 0 | O140: 0 | P140: 0 | Q140: 0 | R140: 0 | S140: 0 | T140: 0 | U140: 0 | V140: 0
C141: 138 | D141: PARAFUSO METALICO, TIPO PHILIPS, DIVERSOS TAMANHOS, Parafuso auto-atarraxante cab. Panela c/ fenda - din 7971. Material: Aço Carbono Cementado; Dimensões - 5.5 X 80,0mm. | E141: 339030.24 | F141: Mister | G141: Peça | H141: 30 | I141: 20 | J141: 0.3 | L141: =K141-(SUM(N141:Y141)) -> 0 | M141: =IF(L141<0,"ATENÇÃO","OK") -> OK | N141: 0 | O141: 0 | P141: 0 | Q141: 0 | R141: 0 | S141: 0 | T141: 0 | U141: 0 | V141: 0
C142: 139 | D142: PARAFUSO METALICO, TIPO PHILIPS, DIVERSOS TAMANHOS, Parafuso cabeça chata philips, 30mmX3mm, bicromatizado, aço, para madeira, aglomerado, MDF. Pacote com 50 unidades. | E142: 339030.24 | F142: Mister | G142: Peça | H142: 30 | I142: 20 | J142: 7.16 | L142: =K142-(SUM(N142:Y142)) -> 0 | M142: =IF(L142<0,"ATENÇÃO","OK") -> OK | N142: 0 | O142: 0 | P142: 0 | Q142: 0 | R142: 0 | S142: 0 | T142: 0 | U142: 0 | V142: 0
C143: 140 | D143: PARAFUSO METALICO, TIPO PHILIPS, DIVERSOS TAMANHOS, Parafuso Chip Board Phillips Cabeca Tipo Panela; Material: Ferro Bicromatizado; Dimensões 3.0 X 10mm. | E143: 339030.24 | F143: Mister | G143: Peça | H143: 30 | I143: 20 | J143: 0.15 | L143: =K143-(SUM(N143:Y143)) -> 0 | M143: =IF(L143<0,"ATENÇÃO","OK") -> OK | N143: 0 | O143: 0 | P143: 0 | Q143: 0 | R143: 0 | S143: 0 | T143: 0 | U143: 0 | V143: 0
C144: 141 | D144: PARAFUSO METALICO, TIPO PHILIPS, DIVERSOS TAMANHOS, Parafuso Chip Board Phillips Cabeca Tipo Panela; Material: Ferro Bicromatizado; Dimensões 3.0 X 20mm. | E144: 339030.24 | F144: Mister | G144: Peça | H144: 30 | I144: 20 | J144: 0.15 | L144: =K144-(SUM(N144:Y144)) -> 0 | M144: =IF(L144<0,"ATENÇÃO","OK") -> OK | N144: 0 | O144: 0 | P144: 0 | Q144: 0 | R144: 0 | S144: 0 | T144: 0 | U144: 0 | V144: 0
C145: 142 | D145: PARAFUSO METALICO, TIPO PHILIPS, DIVERSOS TAMANHOS, Parafuso Chip Board Phillips Cabeca Tipo Panela; Material: Ferro Bicromatizado; Dimensões 3.5 X 40mm. | E145: 339030.24 | F145: Mister | G145: Peça | H145: 30 | I145: 20 | J145: 0.15 | L145: =K145-(SUM(N145:Y145)) -> 0 | M145: =IF(L145<0,"ATENÇÃO","OK") -> OK | N145: 0 | O145: 0 | P145: 0 | Q145: 0 | R145: 0 | S145: 0 | T145: 0 | U145: 0 | V145: 0
C146: 143 | D146: PARAFUSO METALICO, TIPO PHILIPS, DIVERSOS TAMANHOS, Parafuso Chip Board Phillips Cabeca Tipo Panela; Material: Ferro Bicromatizado; Dimensões 4.0 X 20mm. | E146: 339030.24 | F146: Mister | G146: Peça | H146: 30 | I146: 20 | J146: 0.11 | L146: =K146-(SUM(N146:Y146)) -> 0 | M146: =IF(L146<0,"ATENÇÃO","OK") -> OK | N146: 0 | O146: 0 | P146: 0 | Q146: 0 | R146: 0 | S146: 0 | T146: 0 | U146: 0 | V146: 0
C147: 144 | D147: PARAFUSO METALICO, TIPO PHILIPS, DIVERSOS TAMANHOS, Parafuso Chip Board Phillips Cabeca Tipo Panela; Material: Ferro Bicromatizado; Dimensões 4.0 X 50mm. | E147: 339030.24 | F147: Mister | G147: Peça | H147: 30 | I147: 20 | J147: 0.15 | L147: =K147-(SUM(N147:Y147)) -> 0 | M147: =IF(L147<0,"ATENÇÃO","OK") -> OK | N147: 0 | O147: 0 | P147: 0 | Q147: 0 | R147: 0 | S147: 0 | T147: 0 | U147: 0 | V147: 0
C148: 145 | D148: PARAFUSO METALICO, TIPO PHILIPS, DIVERSOS TAMANHOS, Parafuso Chip Board Phillips Cabeca Tipo Panela; Material: Ferro Bicromatizado; Dimensões 5.0 X 60mm. | E148: 339030.24 | F148: Mister | G148: Peça | H148: 30 | I148: 20 | J148: 0.25 | L148: =K148-(SUM(N148:Y148)) -> 0 | M148: =IF(L148<0,"ATENÇÃO","OK") -> OK | N148: 0 | O148: 0 | P148: 0 | Q148: 0 | R148: 0 | S148: 0 | T148: 0 | U148: 0 | V148: 0
C149: 146 | D149: PARAFUSO METALICO, TIPO PHILIPS, DIVERSOS TAMANHOS, Parafuso Chip Board Phillips Cabeca Tipo Panela; Material: Ferro Bicromatizado; Dimensões 6.0 X 30mm. | E149: 339030.24 | F149: Mister | G149: Peça | H149: 30 | I149: 20 | J149: 0.25 | L149: =K149-(SUM(N149:Y149)) -> 0 | M149: =IF(L149<0,"ATENÇÃO","OK") -> OK | N149: 0 | O149: 0 | P149: 0 | Q149: 0 | R149: 0 | S149: 0 | T149: 0 | U149: 0 | V149: 0
C150: 147 | D150: PARAFUSO METALICO, TIPO PHILIPS, DIVERSOS TAMANHOS, Parafuso Chip Board Phillips Cabeca Tipo Panela; Material: Ferro Bicromatizado; Dimensões 6.0 X 60mm. | E150: 339030.24 | F150: Mister | G150: Peça | H150: 30 | I150: 20 | J150: 0.28 | L150: =K150-(SUM(N150:Y150)) -> 0 | M150: =IF(L150<0,"ATENÇÃO","OK") -> OK | N150: 0 | O150: 0 | P150: 0 | Q150: 0 | R150: 0 | S150: 0 | T150: 0 | U150: 0 | V150: 0
... C153: 150 | D153: PARAFUSO METALICO, TIPO PHILIPS, DIVERSOS TAMANHOS, Parafuso ponta agulha philips 3,5X45mm, acabamento fosfatizado, para gesso. Pacote com 50 unidades. | E153: 339030.24 | F153: Mister | G153: Peça | H153: 30 | I153: 20 | J153: 9.97 | L153: =K153-(SUM(N153:Y153)) -> 0 | M153: =IF(L153<0,"ATENÇÃO","OK") -> OK | N153: 0 | O153: 0 | P153: 0 | Q153: 0 | R153: 0 | S153: 0 | T153: 0 | U153: 0 | V153: 0
C154: 151 | D154: PARAFUSO, PARA BUCHA DE 8MM, Parafuso para bucha 8mm. | E154: 339030.24 | F154: Mister | G154: Peça | H154: 30 | I154: 20 | J154: 0.16 | K154: 1000 | L154: =K154-(SUM(N154:Y154)) -> 1000 | M154: =IF(L154<0,"ATENÇÃO","OK") -> OK | N154: 0 | O154: 0 | P154: 0 | Q154: 0 | R154: 0 | S154: 0 | T154: 0 | U154: 0 | V154: 0 | AF154: 500
C155: 152 | D155: PARAFUSO, PARA TELHA 6MM, Parafuso para fixação de telha ondulada de fibrocimento de 5 e 6 mm. | E155: 339030.24 | F155: Mister | G155: Peça | H155: 30 | I155: 20 | J155: 0.42 | K155: 400 | L155: =K155-(SUM(N155:Y155)) -> 400 | M155: =IF(L155<0,"ATENÇÃO","OK") -> OK | N155: 0 | O155: 0 | P155: 0 | Q155: 0 | R155: 0 | S155: 0 | T155: 0 | U155: 0 | V155: 0 | AF155: 300
C156: 153 | D156: PORCA METALICA, FERRO ZINCADO, Porca Borboleta - Forjada A Frio - Ansi B 18.17 - 1/2-13. Ferro Zincado Grau 2. | E156: 339030.24 | F156: Mister | G156: Peça | H156: 30 | I156: 20 | J156: 0.8 | L156: =K156-(SUM(N156:Y156)) -> 0 | M156: =IF(L156<0,"ATENÇÃO","OK") -> OK | N156: 0 | O156: 0 | P156: 0 | Q156: 0 | R156: 0 | S156: 0 | T156: 0 | U156: 0 | V156: 0
C157: 154 | D157: PORCA METALICA, FERRO ZINCADO, Porca borboleta - forjada a frio - UNC - 1/4-20. Ferro zincado grau 2. | E157: 339030.24 | F157: Inca | G157: Peça | H157: 30 | I157: 20 | J157: 0.39 | L157: =K157-(SUM(N157:Y157)) -> 0 | M157: =IF(L157<0,"ATENÇÃO","OK") -> OK | N157: 0 | O157: 0 | P157: 0 | Q157: 0 | R157: 0 | S157: 0 | T157: 0 | U157: 0 | V157: 0
C158: 155 | D158: PORCA METALICA, FERRO ZINCADO, Porca borboleta - forjada a frio - UNC - 5/16-18. Ferro zincado grau 2. | E158: 339030.24 | F158: Inca | G158: Peça | H158: 30 | I158: 20 | J158: 0.59 | L158: =K158-(SUM(N158:Y158)) -> 0 | M158: =IF(L158<0,"ATENÇÃO","OK") -> OK | N158: 0 | O158: 0 | P158: 0 | Q158: 0 | R158: 0 | S158: 0 | T158: 0 | U158: 0 | V158: 0
C159: 156 | D159: PORCA METALICA, FERRO ZINCADO, Porca borboleta - forjada a frio - UNC - 5/32-32. Ferro zincado grau 2 | E159: 339030.24 | F159: Inca | G159: Peça | H159: 30 | I159: 20 | J159: 8.62 | L159: =K159-(SUM(N159:Y159)) -> 0 | M159: =IF(L159<0,"ATENÇÃO","OK") -> OK | N159: 0 | O159: 0 | P159: 0 | Q159: 0 | R159: 0 | S159: 0 | T159: 0 | U159: 0 | V159: 0
...

Sheet FAED
A1: PROCESSO: 1025/2014 | D1: OBJETO: AQUISIÇÃO DE FERRAMENTAS, UTENSÍLIOS E MATERIAIS DE REPARO PARA O CAMPUS I, CERES E CESFI | J1: VIGÊNCIA DA ATA: 15/10/2014 até 14/10/2015 | N1: AF nº 1880/2014 Qtde. DT | O1: AF nº 1881/2014 Qtde. DT | P1: AF/OS nº 1114/2015 Qtde. DT | Q1: AF/OS nº 1925/2015 Qtde. DT | R1: AF/OS nº xxxx/2014 Qtde. DT | S1: AF/OS nº xxxx/2014 Qtde. DT | T1: AF/OS nº xxxx/2014 Qtde. DT | U1: AF/OS nº xxxx/2014 Qtde. DT | V1: AF/OS nº xxxx/2014 Qtde. DT | W1: AF/OS nº xxxx/2014 Qtde. DT | X1: AF/OS nº xxxx/2014 Qtde. DT | Y1: AF/OS nº xxxx/2014 Qtde. DT
A2: CENTRO PARTICIPANTE: FAED
A3: FORNECEDOR | B3: LOTE | C3: ITEM | D3: PRODUTO - CARACTERÍSTICAS MÍNIMAS | E3: DETALHAMENTO | F3: MARCA/MODELO | G3: UNIDADE | H3: Entrega (Dias) | I3: Pagto. (Dias) | J3: Preço UNITÁRIO (R$) | K3: Qtde LICITADA | L3: Saldo / Automático | M3: ALERTA | N3: ...../...../...... | O3: ...../...../...... | P3: 42187 | Q3: 42291 | R3: ...../...../...... | S3: ...../...../...... | T3: ...../...../...... | U3: ...../...../...... | V3: ...../...../...... | W3: ...../...../...... | X3: ...../...../...... | Y3: ...../...../......
A4: Cristiani Louri Rodrigues & Cia. Ltda - ME | B4: 1 | C4: 1 | D4: SUPORTE PARA CORTINA, EM "L", Suporte para cortina em "L"; Material: Latão; Dimensões: 5x8 | E4: 339030.24 | F4: Nacional | G4: Peça | H4: 30 | I4: 20 | J4: 0.9 | L4: =K4-(SUM(N4:Y4)) -> 0 | M4: =IF(L4<0,"ATENÇÃO","OK") -> OK | N4: 0 | O4: 0 | P4: 0 | Q4: 0 | R4: 0 | S4: 0 | T4: 0 | U4: 0 | V4: 0 | W4: 0 | X4: 0 | Y4: 0
C5: 2 | D5: SUPORTE PARA CORTINA, EM "L", Suporte para cortina em "L"; Material: Latão; Dimensões: 8x10 | E5: 339030.24 | F5: Nacional | G5: Peça | H5: 30 | I5: 20 | J5: 1.65 | L5: =K5-(SUM(N5:Y5)) -> 0 | M5: =IF(L5<0,"ATENÇÃO","OK") -> OK | N5: 0 | O5: 0 | P5: 0 | Q5: 0 | R5: 0 | S5: 0 | T5: 0 | U5: 0 | V5: 0 | W5: 0 | X5: 0 | Y5: 0
C6: 3 | D6: SUPORTE DIVERSOS, PARA PRATELEIRAS, Suporte para Prateleira; Material: Barra chata Metálica contraventada; Dimensões: 15cm. | E6: 339030.24 | F6: Nacional | G6: Peça | H6: 30 | I6: 20 | J6: 6 | L6: =K6-(SUM(N6:Y6)) -> 0 | M6: =IF(L6<0,"ATENÇÃO","OK") -> OK | N6: 0 | O6: 0 | P6: 0 | Q6: 0 | R6: 0 | S6: 0 | T6: 0 | U6: 0 | V6: 0 | W6: 0 | X6: 0 | Y6: 0
C7: 4 | D7: SUPORTE DIVERSOS, PARA PRATELEIRAS, Suporte para Prateleira; Material: Barra chata Metálica contraventada; Dimensões: 20cm. | E7: 339030.24 | F7: Nacional | G7: Peça | H7: 30 | I7: 20 | J7: 6 | L7: =K7-(SUM(N7:Y7)) -> 0 | M7: =IF(L7<0,"ATENÇÃO","OK") -> OK | N7: 0 | O7: 0 | P7: 0 | Q7: 0 | R7: 0 | S7: 0 | T7: 0 | U7: 0 | V7: 0 | W7: 0 | X7: 0 | Y7: 0
C8: 5 | D8: SUPORTE DIVERSOS, PARA PRATELEIRAS, Suporte para Prateleira; Material: Barra chata Metálica contraventada; Dimensões: 25cm. | E8: 339030.24 | F8: Nacional | G8: Peça | H8: 30 | I8: 20 | J8: 7.35 | L8: =K8-(SUM(N8:Y8)) -> 0 | M8: =IF(L8<0,"ATENÇÃO","OK") -> OK | N8: 0 | O8: 0 | P8: 0 | Q8: 0 | R8: 0 | S8: 0 | T8: 0 | U8: 0 | V8: 0 | W8: 0 | X8: 0 | Y8: 0
C9: 6 | D9: SUPORTE DIVERSOS, PARA PRATELEIRAS, Suporte para Prateleira; Material: Barra chata Metálica contraventada; Dimensões: 40cm. | E9: 339030.24 | F9: Nacional | G9: Peça | H9: 30 | I9: 20 | J9: 13 | L9: =K9-(SUM(N9:Y9)) -> 0 | M9: =IF(L9<0,"ATENÇÃO","OK") -> OK | N9: 0 | O9: 0 | P9: 0 | Q9: 0 | R9: 0 | S9: 0 | T9: 0 | U9: 0 | V9: 0 | W9: 0 | X9: 0 | Y9: 0
C10: 7 | D10: SUPORTE DIVERSOS, PARA PRATELEIRAS, Suporte para Prateleira; Material: Barra chata Metálica contraventada; Dimensões: 50cm. | E10: 339030.24 | F10: Nacional | G10: Peça | H10: 30 | I10: 20 | J10: 15.7 | L10: =K10-(SUM(N10:Y10)) -> 0 | M10: =IF(L10<0,"ATENÇÃO","OK") -> OK | N10: 0 | O10: 0 | P10: 0 | Q10: 0 | R10: 0 | S10: 0 | T10: 0 | U10: 0 | V10: 0 | W10: 0 | X10: 0 | Y10: 0
C11: 8 | D11: SUPORTE DIVERSOS, PARA PRATELEIRAS, Suporte para trilho de prateleira, Material Metálico; Largura: 30cm | E11: 339030.24 | F11: Nacional | G11: Peça | H11: 30 | I11: 20 | J11: 5.55 | L11: =K11-(SUM(N11:Y11)) -> 0 | M11: =IF(L11<0,"ATENÇÃO","OK") -> OK | N11: 0 | O11: 0 | P11: 0 | Q11: 0 | R11: 0 | S11: 0 | T11: 0 | U11: 0 | V11: 0 | W11: 0 | X11: 0 | Y11: 0
C12: 9 | D12: SUPORTE DIVERSOS, PARA PRATELEIRAS, Trilho para fixação de suporte para prateleira; Material: Metálico; Dimensões 200cm. | E12: 339030.24 | F12: Nacional | G12: Peça | H12: 30 | I12: 20 | J12: 27.5 | L12: =K12-(SUM(N12:Y12)) -> 0 | M12: =IF(L12<0,"ATENÇÃO","OK") -> OK | N12: 0 | O12: 0 | P12: 0 | Q12: 0 | R12: 0 | S12: 0 | T12: 0 | U12: 0 | V12: 0 | W12: 0 | X12: 0 | Y12: 0
C13: 10 | D13: CLIPS PARA CABO, DE ACO, Clip para cabo. 5/16 - aço inox a4 | E13: 339030.24 | F13: Inca | G13: Peça | H13: 30 | I13: 20 | J13: 0.9 | L13: =K13-(SUM(N13:Y13)) -> 0 | M13: =IF(L13<0,"ATENÇÃO","OK") -> OK | N13: 0 | O13: 0 | P13: 0 | Q13: 0 | R13: 0 | S13: 0 | T13: 0 | U13: 0 | V13: 0 | W13: 0 | X13: 0 | Y13: 0
C14: 11 | D14: CLIPS PARA CABO, DE ACO, Clip para cabo. 1 - aço inox a4 | E14: 339030.24 | F14: Inca | G14: Peça | H14: 30 | I14: 20 | J14: 4.73 | L14: =K14-(SUM(N14:Y14)) -> 0 | M14: =IF(L14<0,"ATENÇÃO","OK") -> OK | N14: 0 | O14: 0 | P14: 0 | Q14: 0 | R14: 0 | S14: 0 | T14: 0 | U14: 0 | V14: 0 | W14: 0 | X14: 0 | Y14: 0
C15: 12 | D15: CLIPS PARA CABO, DE ACO, Clip para cabo. 1/2 - aço inox a4 | E15: 339030.24 | F15: Inca | G15: Peça | H15: 30 | I15: 20 | J15: 2.5 | L15: =K15-(SUM(N15:Y15)) -> 0 | M15: =IF(L15<0,"ATENÇÃO","OK") -> OK | N15: 0 | O15: 0 | P15: 0 | Q15: 0 | R15: 0 | S15: 0 | T15: 0 | U15: 0 | V15: 0 | W15: 0 | X15: 0 | Y15: 0
C16: 13 | D16: CLIPS PARA CABO, DE ACO, Clip para cabo. 1/4 - aço inox a4 | E16: 339030.24 | F16: Inca | G16: Peça | H16: 30 | I16: 20 | J16: 0.8 | L16: =K16-(SUM(N16:Y16)) -> 0 | M16: =IF(L16<0,"ATENÇÃO","OK") -> OK | N16: 0 | O16: 0 | P16: 0 | Q16: 0 | R16: 0 | S16: 0 | T16: 0 | U16: 0 | V16: 0 | W16: 0 | X16: 0 | Y16: 0
... C87: 84 | D87: BRACADEIRA, ABRA«ADEIRA FLEXIVEL ROSCA SEM FIM, Abraçadeira flexível rosca sem fim, com diâmetro mínimo de 13mm e máximo de 19mm, em aço carbono, parafuso em aço carbono. | E87: 339030.24 | F87: Inca | G87: Peça | H87: 30 | I87: 20 | J87: 0.76 | L87: =K87-(SUM(N87:Y87)) -> 0 | M87: =IF(L87<0,"ATENÇÃO","OK") -> OK | N87: 0 | O87: 0 | P87: 0 | Q87: 0 | R87: 0 | S87: 0 | T87: 0 | U87: 0 | V87: 0 | W87: 0 | X87: 0 | Y87: 0
C88: 85 | D88: BUCHA PLASTICA PARA FIXACAO, BUCHA DE NYLON 06 MM, Bucha 6mm², de polietileno. | E88: 339030.24 | F88: Vonder | G88: Peça | H88: 30 | I88: 20 | J88: 0.05 | K88: 100 | L88: =K88-(SUM(N88:Y88)) -> 100 | M88: =IF(L88<0,"ATENÇÃO","OK") -> OK | N88: 0 | O88: 0 | P88: 0 | Q88: 0 | R88: 0 | S88: 0 | T88: 0 | U88: 0 | V88: 0 | W88: 0 | X88: 0 | Y88: 0
C89: 86 | D89: BUCHA PLASTICA PARA FIXACAO, BUCHA DE NYLON 8 MM, Bucha 8mm de polietileno. | E89: 339030.24 | F89: Vonder | G89: Peça | H89: 30 | I89: 20 | J89: 0.07 | L89: =K89-(SUM(N89:Y89)) -> 0 | M89: =IF(L89<0,"ATENÇÃO","OK") -> OK | N89: 0 | O89: 0 | P89: 0 | Q89: 0 | R89: 0 | S89: 0 | T89: 0 | U89: 0 | V89: 0 | W89: 0 | X89: 0 | Y89: 0
C90: 87 | D90: BUCHA PLASTICA PARA FIXACAO, BUCHA DE NYLON S 4, Bucha nylon ( polyamida ) na medida 4mm ( S 4 ). | E90: 339030.24 | F90: Vonder | G90: Peça | H90: 30 | I90: 20 | J90: 0.18 | L90: =K90-(SUM(N90:Y90)) -> 0 | M90: =IF(L90<0,"ATENÇÃO","OK") -> OK | N90: 0 | O90: 0 | P90: 0 | Q90: 0 | R90: 0 | S90: 0 | T90: 0 | U90: 0 | V90: 0 | W90: 0 | X90: 0 | Y90: 0
C91: 88 | D91: BUCHA PLASTICA PARA FIXACAO, BUCHA DE NYLON S 5, Bucha nylon ( polyamida ) na medida 5mm ( S 5 ). | E91: 339030.24 | F91: Vonder | G91: Peça | H91: 30 | I91: 20 | J91: 0.09 | L91: =K91-(SUM(N91:Y91)) -> 0 | M91: =IF(L91<0,"ATENÇÃO","OK") -> OK | N91: 0 | O91: 0 | P91: 0 | Q91: 0 | R91: 0 | S91: 0 | T91: 0 | U91: 0 | V91: 0 | W91: 0 | X91: 0 | Y91: 0
C92: 89 | D92: BUCHA PLASTICA PARA FIXACAO, BUCHA DE REDUCAO PVC SOLDAVEL 06MM, 32x25 | E92: 339030.24 | F92: Plastubos | G92: Peça | H92: 30 | I92: 20 | J92: 0.61 | L92: =K92-(SUM(N92:Y92)) -> 0 | M92: =IF(L92<0,"ATENÇÃO","OK") -> OK | N92: 0 | O92: 0 | P92: 0 | Q92: 0 | R92: 0 | S92: 0 | T92: 0 | U92: 0 | V92: 0 | W92: 0 | X92: 0 | Y92: 0
C93: 90 | D93: BUCHA PLASTICA PARA FIXACAO, DE NYLON, NUEMRO 12, Bucha Convencional, em nylon, para fixação em parede de Alvenaria e Concreto - 12mm. | E93: 339030.24 | F93: Vonder | G93: Peça | H93: 30 | I93: 20 | J93: 0.3 | L93: =K93-(SUM(N93:Y93)) -> 0 | M93: =IF(L93<0,"ATENÇÃO","OK") -> OK | N93: 0 | O93: 0 | P93: 0 | Q93: 0 | R93: 0 | S93: 0 | T93: 0 | U93: 0 | V93: 0 | W93: 0 | X93: 0 | Y93: 0
C94: 91 | D94: BUCHA PLASTICA PARA FIXACAO, EM NYLON, Bucha Convencional, em nylon, para fixação em parede de Alvenaria e Concreto - 3mm | E94: 339030.24 | F94: Vonder | G94: Peça | H94: 30 | I94: 20 | J94: 0.15 | L94: =K94-(SUM(N94:Y94)) -> 0 | M94: =IF(L94<0,"ATENÇÃO","OK") -> OK | N94: 0 | O94: 0 | P94: 0 | Q94: 0 | R94: 0 | S94: 0 | T94: 0 | U94: 0 | V94: 0 | W94: 0 | X94: 0 | Y94: 0
C95: 92 | D95: BUCHA PLASTICA PARA FIXACAO, NUMERO 10, Bucha 10mm de polietileno, pacote com 100 unidades. | E95: 339030.24 | F95: Vonder | G95: Peça | H95: 30 | I95: 20 | J95: 3.94 | L95: =K95-(SUM(N95:Y95)) -> 0 | M95: =IF(L95<0,"ATENÇÃO","OK") -> OK | N95: 0 | O95: 0 | P95: 0 | Q95: 0 | R95: 0 | S95: 0 | T95: 0 | U95: 0 | V95: 0 | W95: 0 | X95: 0 | Y95: 0
C96: 93 | D96: BUCHA PLASTICA PARA FIXACAO, NUMERO 12, Bucha 12,0mm, plástica, para parafuso pacote com 100 unidades. | E96: 339030.24 | F96: Vonder | G96: Peça | H96: 30 | I96: 20 | J96: 15.45 | L96: =K96-(SUM(N96:Y96)) -> 0 | M96: =IF(L96<0,"ATENÇÃO","OK") -> OK | N96: 0 | O96: 0 | P96: 0 | Q96: 0 | R96: 0 | S96: 0 | T96: 0 | U96: 0 | V96: 0 | W96: 0 | X96: 0 | Y96: 0
C97: 94 | D97: BUCHA PLASTICA PARA FIXACAO, NUMERO 14, Bucha para parafuso N14 | E97: 339030.42 | F97: Vonder | G97: Peça | H97: 30 | I97: 20 | J97: 1.07 | L97: =K97-(SUM(N97:Y97)) -> 0 | M97: =IF(L97<0,"ATENÇÃO","OK") -> OK | N97: 0 | O97: 0 | P97: 0 | Q97: 0 | R97: 0 | S97: 0 | T97: 0 | U97: 0 | V97: 0 | W97: 0 | X97: 0 | Y97: 0
C98: 95 | D98: FITA PERFURADA, DE METAL, 19MM, ROLO C/30M, Fita De Aço Perfurada; Largura: 17 a 19 mm; Rolo de 30m | E98: 339030.42 | F98: Inca | G98: Rolo | H98: 30 | I98: 20 | J98: 33 | L98: =K98-(SUM(N98:Y98)) -> 0 | M98: =IF(L98<0,"ATENÇÃO","OK") -> OK | N98: 0 | O98: 0 | P98: 0 | Q98: 0 | R98: 0 | S98: 0 | T98: 0 | U98: 0 | V98: 0 | W98: 0 | X98: 0 | Y98: 0
C99: 96 | D99: GANCHO, REFORCADO, Gancho Com Rosca P/ Bucha e Madeira Material: Aço Galvanizado Dimensões: 2.9 X 47. | E99: 339030.24 | F99: Inca | G99: Peça | H99: 30 | I99: 20 | J99: 0.24 | L99: =K99-(SUM(N99:Y99)) -> 0 | M99: =IF(L99<0,"ATENÇÃO","OK") -> OK | N99: 0 | O99: 0 | P99: 0 | Q99: 0 | R99: 0 | S99: 0 | T99: 0 | U99: 0 | V99: 0 | W99: 0 | X99: 0 | Y99: 0
C100: 97 | D100: GANCHO, REFORCADO, Gancho Com Rosca P/ Bucha E Madeira Material: Aço Galvanizado Dimensões: 3.3 X 58. | E100: 339030.24 | F100: Inca | G100: Peça | H100: 30 | I100: 20 | J100: 0.28 | L100: =K100-(SUM(N100:Y100)) -> 0 | M100: =IF(L100<0,"ATENÇÃO","OK") -> OK | N100: 0 | O100: 0 | P100: 0 | Q100: 0 | R100: 0 | S100: 0 | T100: 0 | U100: 0 | V100: 0 | W100: 0 | X100: 0 | Y100: 0
... C153: 150 | D153: PARAFUSO METALICO, TIPO PHILIPS, DIVERSOS TAMANHOS, Parafuso ponta agulha philips 3,5X45mm, acabamento fosfatizado, para gesso. Pacote com 50 unidades. | E153: 339030.24 | F153: Mister | G153: Peça | H153: 30 | I153: 20 | J153: 9.97 | L153: =K153-(SUM(N153:Y153)) -> 0 | M153: =IF(L153<0,"ATENÇÃO","OK") -> OK | N153: 0 | O153: 0 | P153: 0 | Q153: 0 | R153: 0 | S153: 0 | T153: 0 | U153: 0 | V153: 0 | W153: 0 | X153: 0 | Y153: 0
C154: 151 | D154: PARAFUSO, PARA BUCHA DE 8MM, Parafuso para bucha 8mm. | E154: 339030.24 | F154: Mister | G154: Peça | H154: 30 | I154: 20 | J154: 0.16 | K154: 400 | L154: =K154-(SUM(N154:Y154)) -> 400 | M154: =IF(L154<0,"ATENÇÃO","OK") -> OK | N154: 0 | O154: 0 | P154: 0 | Q154: 0 | R154: 0 | S154: 0 | T154: 0 | U154: 0 | V154: 0 | W154: 0 | X154: 0 | Y154: 0
C155: 152 | D155: PARAFUSO, PARA TELHA 6MM, Parafuso para fixação de telha ondulada de fibrocimento de 5 e 6 mm. | E155: 339030.24 | F155: Mister | G155: Peça | H155: 30 | I155: 20 | J155: 0.42 | L155: =K155-(SUM(N155:Y155)) -> 0 | M155: =IF(L155<0,"ATENÇÃO","OK") -> OK | N155: 0 | O155: 0 | P155: 0 | Q155: 0 | R155: 0 | S155: 0 | T155: 0 | U155: 0 | V155: 0 | W155: 0 | X155: 0 | Y155: 0
C156: 153 | D156: PORCA METALICA, FERRO ZINCADO, Porca Borboleta - Forjada A Frio - Ansi B 18.17 - 1/2-13. Ferro Zincado Grau 2. | E156: 339030.24 | F156: Mister | G156: Peça | H156: 30 | I156: 20 | J156: 0.8 | L156: =K156-(SUM(N156:Y156)) -> 0 | M156: =IF(L156<0,"ATENÇÃO","OK") -> OK | N156: 0 | O156: 0 | P156: 0 | Q156: 0 | R156: 0 | S156: 0 | T156: 0 | U156: 0 | V156: 0 | W156: 0 | X156: 0 | Y156: 0
C157: 154 | D157: PORCA METALICA, FERRO ZINCADO, Porca borboleta - forjada a frio - UNC - 1/4-20. Ferro zincado grau 2. | E157: 339030.24 | F157: Inca | G157: Peça | H157: 30 | I157: 20 | J157: 0.39 | L157: =K157-(SUM(N157:Y157)) -> 0 | M157: =IF(L157<0,"ATENÇÃO","OK") -> OK | N157: 0 | O157: 0 | P157: 0 | Q157: 0 | R157: 0 | S157: 0 | T157: 0 | U157: 0 | V157: 0 | W157: 0 | X157: 0 | Y157: 0
C158: 155 | D158: PORCA METALICA, FERRO ZINCADO, Porca borboleta - forjada a frio - UNC - 5/16-18. Ferro zincado grau 2. | E158: 339030.24 | F158: Inca | G158: Peça | H158: 30 | I158: 20 | J158: 0.59 | L158: =K158-(SUM(N158:Y158)) -> 0 | M158: =IF(L158<0,"ATENÇÃO","OK") -> OK | N158: 0 | O158: 0 | P158: 0 | Q158: 0 | R158: 0 | S158: 0 | T158: 0 | U158: 0 | V158: 0 | W158: 0 | X158: 0 | Y158: 0
C159: 156 | D159: PORCA METALICA, FERRO ZINCADO, Porca borboleta - forjada a frio - UNC - 5/32-32. Ferro zincado grau 2 | E159: 339030.24 | F159: Inca | G159: Peça | H159: 30 | I159: 20 | J159: 8.62 | L159: =K159-(SUM(N159:Y159)) -> 0 | M159: =IF(L159<0,"ATENÇÃO","OK") -> OK | N159: 0 | O159: 0 | P159: 0 | Q159: 0 | R159: 0 | S159: 0 | T159: 0 | U159: 0 | V159: 0 | W159: 0 | X159: 0 | Y159: 0
C160: 157 | D160: PORCA METALICA, FERRO ZINCADO, Porca tipo Borboleta - Forjada A Frio - Ansi B 18.17 - 1/2-12. Ferro Zincado, Grau 2. | E160: 339030.24 | F160: Inca | G160: Peça | H160: 30 | I160: 20 | J160: 0.65 | L160: =K160-(SUM(N160:Y160)) -> 0 | M160: =IF(L160<0,"ATENÇÃO","OK") -> OK | N160: 0 | O160: 0 | P160: 0 | Q160: 0 | R160: 0 | S160: 0 | T160: 0 | U160: 0 | V160: 0 | W160: 0 | X160: 0 | Y160: 0
C161: 158 | D161: PORCA METALICA, SEXTAVADA 1/2, Porca Sextavada Inox 1/2". | E161: 339030.42 | F161: Inca | G161: Peça | H161: 30 | I161: 20 | J161: 0.6 | L161: =K161-(SUM(N161:Y161)) -> 0 | M161: =IF(L161<0,"ATENÇÃO","OK") -> OK | N161: 0 | O161: 0 | P161: 0 | Q161: 0 | R161: 0 | S161: 0 | T161: 0 | U161: 0 | V161: 0 | W161: 0 | X161: 0 | Y161: 0
C162: 159 | D162: PORCA METALICA, TIPO BORBOLETA MEDINDO 3/8 NC, Porca borboleta - forjada a frio -UNC - 3/8-16 - ferro zincado grau 2. | E162: 339030.24 | F162: Inca | G162: Peça | H162: 30 | I162: 20 | J162: 0.78 | L162: =K162-(SUM(N162:Y162)) -> 0 | M162: =IF(L162<0,"ATENÇÃO","OK") -> OK | N162: 0 | O162: 0 | P162: 0 | Q162: 0 | R162: 0 | S162: 0 | T162: 0 | U162: 0 | V162: 0 | W162: 0 | X162: 0 | Y162: 0
C163: 160 | D163: PORCA METALICA, ZINCADA 3/16, Porca borboleta - forjada a frio - UNC - 3/16-24 - ferro zincado grau 2. | E163: 339030.24 | F163: Inca | G163: Peça | H163: 30 | I163: 20 | J163: 0.36 | L163: =K163-(SUM(N163:Y163)) -> 0 | M163: =IF(L163<0,"ATENÇÃO","OK") -> OK | N163: 0 | O163: 0 | P163: 0 | Q163: 0 | R163: 0 | S163: 0 | T163: 0 | U163: 0 | V163: 0 | W163: 0 | X163: 0 | Y163: 0
C164: 161 | D164: PREGO DE ACO, 17X27MM, COM CABE«A, COM 100 UNIDADES, Prego 17mmX27mm, aço temperado, com cabeça. Pacote com 100 unidades. | E164: 339030.24 | F164: gerdau | G164: Pacote | H164: 30 | I164: 20 | J164: 6.9 | L164: =K164-(SUM(N164:Y164)) -> 0 | M164: =IF(L164<0,"ATENÇÃO","OK") -> OK | N164: 0 | O164: 0 | P164: 0 | Q164: 0 | R164: 0 | S164: 0 | T164: 0 | U164: 0 | V164: 0 | W164: 0 | X164: 0 | Y164: 0
C165: 162 | D165: PREGO DE ACO, MEDINDO 10 X 10 COM CABECA, Polido. Pacote de 1 kg. | E165: 339030.24 | F165: gerdau | G165: KG | H165: 30 | I165: 20 | J165: 21.76 | L165: =K165-(SUM(N165:Y165)) -> 0 | M165: =IF(L165<0,"ATENÇÃO","OK") -> OK | N165: 0 | O165: 0 | P165: 0 | Q165: 0 | R165: 0 | S165: 0 | T165: 0 | U165: 0 | V165: 0 | W165: 0 | X165: 0 | Y165: 0
C166: 163 | D166: PREGO DE ACO, MEDINDO 10X10, SEM CABECA, Prego sem cabeça 10x10 galvanizado. Pacote de 1 Kg. | E166: 339030.24 | F166: gerdau | G166: KG | H166: 30 | I166: 20 | J166: 18.64 | L166: =K166-(SUM(N166:Y166)) -> 0 | M166: =IF(L166<0,"ATENÇÃO","OK") -> OK | N166: 0 | O166: 0 | P166: 0 | Q166: 0 | R166: 0 | S166: 0 | T166: 0 | U166: 0 | V166: 0 | W166: 0 | X166: 0 | Y166: 0
... C173: 170 | D173: PREGO DE ACO, MEDINDO 17 X 27 SEM CABECA, Prego 17mmX27mm, galvanizado sem cabeça. Pacote de 1Kg. | E173: 339030.24 | F173: gerdau | G173: Peça | H173: 30 | I173: 20 | J173: 6.95 | L173: =K173-(SUM(N173:Y173)) -> 0 | M173: =IF(L173<0,"ATENÇÃO","OK") -> OK | N173: 0 | O173: 0 | P173: 0 | Q173: 0 | R173: 0 | S173: 0 | T173: 0 | U173: 0 | V173: 0 | W173: 0 | X173: 0 | Y173: 0
C174: 171 | D174: PREGO DE ACO, MEDINDO 17 X 27, COM CABECA, Prego 17mmX27mm, galvanizado com cabeça. Pacote de 1Kg. | E174: 339030.24 | F174: gerdau | G174: KG | H174: 30 | I174: 20 | J174: 10 | K174: 3 | L174: =K174-(SUM(N174:Y174)) -> 3 | M174: =IF(L174<0,"ATENÇÃO","OK") -> OK | N174: 0 | O174: 0 | P174: 0 | Q174: 0 | R174: 0 | S174: 0 | T174: 0 | U174: 0 | V174: 0 | W174: 0 | X174: 0 | Y174: 0
C175: 172 | D175: PREGO DE ACO, MEDINDO 8 X 8, COM CABECA, Prego 8 x 8, polido com cabeça. Pacote de 1 Kg. | E175: 339030.24 | F175: gerdau | G175: KG | H175: 30 | I175: 20 | J175: 19.11 | L175: =K175-(SUM(N175:Y175)) -> 0 | M175: =IF(L175<0,"ATENÇÃO","OK") -> OK | N175: 0 | O175: 0 | P175: 0 | Q175: 0 | R175: 0 | S175: 0 | T175: 0 | U175: 0 | V175: 0 | W175: 0 | X175: 0 | Y175: 0
C176: 173 | D176: PREGO DE ACO, PARA TELHEIRO, PACOTE DE 1KG, Pregos para telheiro com arruela de borracha flexivel e cabeça de chapa metálica estampada. Medida: 18x27. Galvanizado com 2 arruelas. (KG). | E176: 339030.24 | F176: gerdau | G176: Pacote | H176: 30 | I176: 20 | J176: 8.42 | L176: =K176-(SUM(N176:Y176)) -> 0 | M176: =IF(L176<0,"ATENÇÃO","OK") -> OK | N176: 0 | O176: 0 | P176: 0 | Q176: 0 | R176: 0 | S176: 0 | T176: 0 | U176: 0 | V176: 0 | W176: 0 | X176: 0 | Y176: 0
C177: 174 | D177: PREGO DE ACO, PARA TELHEIRO, PACOTE DE 1KG, Pregos para telheiro com arruela de borracha flexivel e cabeça de chapa metálica estampada. Medida: 18x36 Galvanizado com 2 arruelas. (KG) | E177: 339030.24 | F177: gerdau | G177: Pacote | H177: 30 | I177: 20 | J177: 10.01 | L177: =K177-(SUM(N177:Y177)) -> 0 | M177: =IF(L177<0,"ATENÇÃO","OK") -> OK | N177: 0 | O177: 0 | P177: 0 | Q177: 0 | R177: 0 | S177: 0 | T177: 0 | U177: 0 | V177: 0 | W177: 0 | X177: 0 | Y177: 0
C178: 175 | D178: PREGO DE ACO, POLIDO, 16 X 24, Com cabeça. | E178: 339030.24 | F178: gerdau | G178: KG | H178: 30 | I178: 20 | J178: 9.33 | L178: =K178-(SUM(N178:Y178)) -> 0 | M178: =IF(L178<0,"ATENÇÃO","OK") -> OK | N178: 0 | O178: 0 | P178: 0 | Q178: 0 | R178: 0 | S178: 0 | T178: 0 | U178: 0 | V178: 0 | W178: 0 | X178: 0 | Y178: 0
C179: 176 | D179: PREGO DE ACO, POLIDO, 19 X 39, | E179: 339030.24 | F179: gerdau | G179: KG | H179: 30 | I179: 20 | J179: 8.23 | L179: =K179-(SUM(N179:Y179)) -> 0 | M179: =IF(L179<0,"ATENÇÃO","OK") -> OK | N179: 0 | O179: 0 | P179: 0 | Q179: 0 | R179: 0 | S179: 0 | T179: 0 | U179: 0 | V179: 0 | W179: 0 | X179: 0 | Y179: 0
C180: 177 | D180: PREGO DE ACO, USO GERAL, Prego com cabeça 09x09 galvanizado. Caixa/Pacote de 1 Kg. | E180: 339030.24 | F180: gerdau | G180: Caixa | H180: 30 | I180: 20 | J180: 3.5 | L180: =K180-(SUM(N180:Y180)) -> 0 | M180: =IF(L180<0,"ATENÇÃO","OK") -> OK | N180: 0 | O180: 0 | P180: 0 | Q180: 0 | R180: 0 | S180: 0 | T180: 0 | U180: 0 | V180: 0 | W180: 0 | X180: 0 | Y180: 0
C181: 178 | D181: PREGO DE ACO, USO GERAL, Prego com cabeça 10x15 galvanizado. Caixa/Pacote de 1 Kg. | E181: 339030.24 | F181: gerdau | G181: Caixa | H181: 30 | I181: 20 | J181: 4.81 | L181: =K181-(SUM(N181:Y181)) -> 0 | M181: =IF(L181<0,"ATENÇÃO","OK") -> OK | N181: 0 | O181: 0 | P181: 0 | Q181: 0 | R181: 0 | S181: 0 | T181: 0 | U181: 0 | V181: 0 | W181: 0 | X181: 0 | Y181: 0
C182: 179 | D182: REBITE, DE ALUMINIO, Rebite de alumínio com mandril de aço, tipo aberto 3,2x12mm. | E182: 339030.24 | F182: Newfix | G182: Peça | H182: 30 | I182: 20 | J182: 0.07 | L182: =K182-(SUM(N182:Y182)) -> 0 | M182: =IF(L182<0,"ATENÇÃO","OK") -> OK | N182: 0 | O182: 0 | P182: 0 | Q182: 0 | R182: 0 | S182: 0 | T182: 0 | U182: 0 | V182: 0 | W182: 0 | X182: 0 | Y182: 0
C183: 180 | D183: REBITE, DE ALUMINIO, Rebite de repuxo de alumínio tipo POP 2,4mmx8,6mm. Peça com 1000 unidades. | E183: 339030.24 | F183: Newfix | G183: Peça | H183: 30 | I183: 20 | J183: 41.67 | L183: =K183-(SUM(N183:Y183)) -> 0 | M183: =IF(L183<0,"ATENÇÃO","OK") -> OK | N183: 0 | O183: 0 | P183: 0 | Q183: 0 | R183: 0 | S183: 0 | T183: 0 | U183: 0 | V183: 0 | W183: 0 | X183: 0 | Y183: 0
C184: 181 | D184: REBITE, DE ALUMINIO, Rebite de repuxo de alumínio tipo POP 6,0mmx12,0mm. Peça com 1000 unidades. | E184: 339030.24 | F184: Newfix | G184: Peça | H184: 30 | I184: 20 | J184: 11.3 | L184: =K184-(SUM(N184:Y184)) -> 0 | M184: =IF(L184<0,"ATENÇÃO","OK") -> OK | N184: 0 | O184: 0 | P184: 0 | Q184: 0 | R184: 0 | S184: 0 | T184: 0 | U184: 0 | V184: 0 | W184: 0 | X184: 0 | Y184: 0
C185: 182 | D185: REBITE, DE ALUMINIO, Rebite de repuxo de alumínio tipo POP diâmetro de 2,4mm e comprimento de 5,0mm. Peça com 1000 unidades. | E185: 339030.24 | F185: Newfix | G185: Peça | H185: 30 | I185: 20 | J185: 47.86 | L185: =K185-(SUM(N185:Y185)) -> 0 | M185: =IF(L185<0,"ATENÇÃO","OK") -> OK | N185: 0 | O185: 0 | P185: 0 | Q185: 0 | R185: 0 | S185: 0 | T185: 0 | U185: 0 | V185: 0 | W185: 0 | X185: 0 | Y185: 0
C186: 183 | D186: REBITE, DE ALUMINIO, Rebite de repuxo de alumínio tipo POP diâmetro de 3,2mm e comprimento de 5,8mm. Peça com 1000 unidades. | E186: 339030.24 | F186: Newfix | G186: Peça | H186: 30 | I186: 20 | J186: 38.33 | L186: =K186-(SUM(N186:Y186)) -> 0 | M186: =IF(L186<0,"ATENÇÃO","OK") -> OK | N186: 0 | O186: 0 | P186: 0 | Q186: 0 | R186: 0 | S186: 0 | T186: 0 | U186: 0 | V186: 0 | W186: 0 | X186: 0 | Y186: 0
... C195: 192 | D195: REGUA DE ACO, 30CM, RÉGUA DE AÇO para corte 30CM | E195: 449052.38 | F195: Disma | G195: Peça | H195: 30 | I195: 20 | J195: 8.26 | L195: =K195-(SUM(N195:Y195)) -> 0 | M195: =IF(L195<0,"ATENÇÃO","OK") -> OK | N195: 0 | O195: 0 | P195: 0 | Q195: 0 | R195: 0 | S195: 0 | T195: 0 | U195: 0 | V195: 0 | W195: 0 | X195: 0 | Y195: 0
A196: Cristiani Louri Rodrigues & Cia. Ltda - ME | B196: 2 | C196: 1 | D196: LIXA, CINTA PARA A«O, GRANULOMETRIA 60, PARA LIXADEIRA COMBINADA FERRARI, MODELO COM 910 MM DE PERÍMETRO E 100MM DE LARGURA | E196: 339030.24 | F196: Ferrari | G196: Peça | H196: 30 | I196: 20 | J196: 28 | L196: =K196-(SUM(N196:Y196)) -> 0 | M196: =IF(L196<0,"ATENÇÃO","OK") -> OK | N196: 0 | O196: 0 | P196: 0 | Q196: 0 | R196: 0 | S196: 0 | T196: 0 | U196: 0 | V196: 0 | W196: 0 | X196: 0 | Y196: 0
C197: 2 | D197: LIXA, D'AGUA 600, DIÂMETRO 200MM | E197: 339030.24 | F197: Carborundun | G197: Peça | H197: 30 | I197: 20 | J197: 2 | L197: =K197-(SUM(N197:Y197)) -> 0 | M197: =IF(L197<0,"ATENÇÃO","OK") -> OK | N197: 0 | O197: 0 | P197: 0 | Q197: 0 | R197: 0 | S197: 0 | T197: 0 | U197: 0 | V197: 0 | W197: 0 | X197: 0 | Y197: 0
C198: 3 | D198: LIXA, D'AGUA E DE FERRO, TAMANHOS DIVERSOS, Lixa ferro nº 60. | E198: 339030.24 | F198: Carborundun | G198: Peça | H198: 30 | I198: 20 | J198: 2 | K198: 30 | L198: =K198-(SUM(N198:Y198)) -> 30 | M198: =IF(L198<0,"ATENÇÃO","OK") -> OK | N198: 0 | O198: 0 | P198: 0 | Q198: 0 | R198: 0 | S198: 0 | T198: 0 | U198: 0 | V198: 0 | W198: 0 | X198: 0 | Y198: 0
C199: 4 | D199: LIXA, D'AGUA E DE FERRO, TAMANHOS DIVERSOS, Lixa ferro, grana 220. | E199: 339030.24 | F199: Carborundun | G199: Peça | H199: 30 | I199: 20 | J199: 2 | L199: =K199-(SUM(N199:Y199)) -> 0 | M199: =IF(L199<0,"ATENÇÃO","OK") -> OK | N199: 0 | O199: 0 | P199: 0 | Q199: 0 | R199: 0 | S199: 0 | T199: 0 | U199: 0 | V199: 0 | W199: 0 | X199: 0 | Y199: 0
C200: 5 | D200: LIXA, D'AGUA E DE FERRO, TAMANHOS DIVERSOS, Lixa ferro, grana 80. | E200: 339030.24 | F200: Carborundun | G200: Peça | H200: 30 | I200: 20 | J200: 1.54 | L200: =K200-(SUM(N200:Y200)) -> 0 | M200: =IF(L200<0,"ATENÇÃO","OK") -> OK | N200: 0 | O200: 0 | P200: 0 | Q200: 0 | R200: 0 | S200: 0 | T200: 0 | U200: 0 | V200: 0 | W200: 0 | X200: 0 | Y200: 0
C201: 6 | D201: LIXA, D'AGUA E DE FERRO, TAMANHOS DIVERSOS, Lixa para ferro, K246, em folha, grana 100. | E201: 339030.24 | F201: Carborundun | G201: Peça | H201: 30 | I201: 20 | J201: 1.84 | K201: 30 | L201: =K201-(SUM(N201:Y201)) -> 30 | M201: =IF(L201<0,"ATENÇÃO","OK") -> OK | N201: 0 | O201: 0 | P201: 0 | Q201: 0 | R201: 0 | S201: 0 | T201: 0 | U201: 0 | V201: 0 | W201: 0 | X201: 0 | Y201: 0
C202: 7 | D202: LIXA, D'AGUA GRANA 100 DIAMETRO 200MM, | E202: 339030.24 | F202: Carborundun | G202: Peça | H202: 30 | I202: 20 | J202: 2 | L202: =K202-(SUM(N202:Y202)) -> 0 | M202: =IF(L202<0,"ATENÇÃO","OK") -> OK | N202: 0 | O202: 0 | P202: 0 | Q202: 0 | R202: 0 | S202: 0 | T202: 0 | U202: 0 | V202: 0 | W202: 0 | X202: 0 | Y202: 0
C203: 8 | D203: LIXA, D'AGUA GRANA 240 DIAMETRO 200MM, | E203: 339030.24 | F203: Carborundun | G203: Peça | H203: 30 | I203: 20 | J203: 2 | L203: =K203-(SUM(N203:Y203)) -> 0 | M203: =IF(L203<0,"ATENÇÃO","OK") -> OK | N203: 0 | O203: 0 | P203: 0 | Q203: 0 | R203: 0 | S203: 0 | T203: 0 | U203: 0 | V203: 0 | W203: 0 | X203: 0 | Y203: 0
C204: 9 | D204: LIXA, D'AGUA GRANA 400 DIAMETRO 200MM, | E204: 339030.24 | F204: Carborundun | G204: Peça | H204: 30 | I204: 20 | J204: 2 | L204: =K204-(SUM(N204:Y204)) -> 0 | M204: =IF(L204<0,"ATENÇÃO","OK") -> OK | N204: 0 | O204: 0 | P204: 0 | Q204: 0 | R204: 0 | S204: 0 | T204: 0 | U204: 0 | V204: 0 | W204: 0 | X204: 0 | Y204: 0
C205: 10 | D205: LIXA, D'AGUA NR.150, | E205: 339030.24 | F205: Carborundun | G205: Peça | H205: 30 | I205: 20 | J205: 2 | L205: =K205-(SUM(N205:Y205)) -> 0 | M205: =IF(L205<0,"ATENÇÃO","OK") -> OK | N205: 0 | O205: 0 | P205: 0 | Q205: 0 | R205: 0 | S205: 0 | T205: 0 | U205: 0 | V205: 0 | W205: 0 | X205: 0 | Y205: 0
C206: 11 | D206: LIXA, D'AGUA NUMERO 1200, DIÂMETRO 200MM | E206: 339030.24 | F206: Carborundun | G206: Peça | H206: 30 | I206: 20 | J206: 4.08 | L206: =K206-(SUM(N206:Y206)) -> 0 | M206: =IF(L206<0,"ATENÇÃO","OK") -> OK | N206: 0 | O206: 0 | P206: 0 | Q206: 0 | R206: 0 | S206: 0 | T206: 0 | U206: 0 | V206: 0 | W206: 0 | X206: 0 | Y206: 0
C207: 12 | D207: LIXA, DISCO, Lixa de disco para lixadeira modelo Ferrari LC-69. kit com 3 unidades | E207: 339030.42 | F207: Ferrari | G207: Peça | H207: 30 | I207: 20 | J207: 20 | L207: =K207-(SUM(N207:Y207)) -> 0 | M207: =IF(L207<0,"ATENÇÃO","OK") -> OK | N207: 0 | O207: 0 | P207: 0 | Q207: 0 | R207: 0 | S207: 0 | T207: 0 | U207: 0 | V207: 0 | W207: 0 | X207: 0 | Y207: 0
C208: 13 | D208: LIXA, DISCO, Lixas de disco com troca rápida (com velcro), com 127mm de diâmetro aproximadamente, com 8 furos com granulometria 50. | E208: 339030.42 | F208: Carborundun | G208: Peça | H208: 30 | I208: 20 | J208: 2.65 | L208: =K208-(SUM(N208:Y208)) -> 0 | M208: =IF(L208<0,"ATENÇÃO","OK") -> OK | N208: 0 | O208: 0 | P208: 0 | Q208: 0 | R208: 0 | S208: 0 | T208: 0 | U208: 0 | V208: 0 | W208: 0 | X208: 0 | Y208: 0
C209: 14 | D209: LIXA, DISCO, Lixas de disco com troca rápida (com velcro), com 127mm de diâmetro aproximadamente, com 8 furos com granulometria 80. | E209: 339030.42 | F209: Carborundun | G209: Peça | H209: 30 | I209: 20 | J209: 3 | L209: =K209-(SUM(N209:Y209)) -> 0 | M209: =IF(L209<0,"ATENÇÃO","OK") -> OK | N209: 0 | O209: 0 | P209: 0 | Q209: 0 | R209: 0 | S209: 0 | T209: 0 | U209: 0 | V209: 0 | W209: 0 | X209: 0 | Y209: 0
C210: 15 | D210: LIXA, GRAO NR. 80, Lixa em cinta pano 7400mmX150mm, grão 80. | E210: 339030.24 | F210: Norton | G210: Peça | H210: 30 | I210: 20 | J210: 36.9 | L210: =K210-(SUM(N210:Y210)) -> 0 | M210: =IF(L210<0,"ATENÇÃO","OK") -> OK | N210: 0 | O210: 0 | P210: 0 | Q210: 0 | R210: 0 | S210: 0 | T210: 0 | U210: 0 | V210: 0 | W210: 0 | X210: 0 | Y210: 0
C211: 16 | D211: LIXA, LIXA DAGUA 120, Lixa d´água nº 120 | E211: 339030.24 | F211: Norton | G211: Peça | H211: 30 | I211: 20 | J211: 1.09 | L211: =K211-(SUM(N211:Y211)) -> 0 | M211: =IF(L211<0,"ATENÇÃO","OK") -> OK | N211: 0 | O211: 0 | P211: 0 | Q211: 0 | R211: 0 | S211: 0 | T211: 0 | U211: 0 | V211: 0 | W211: 0 | X211: 0 | Y211: 0
C212: 17 | D212: LIXA, LIXA DE CINTA, Lixa de cinta para lixadeira modelo Ferrari LC-69. kit com 3 unidades. | E212: 339030.42 | F212: Norton | G212: Peça | H212: 30 | I212: 20 | J212: 42.91 | L212: =K212-(SUM(N212:Y212)) -> 0 | M212: =IF(L212<0,"ATENÇÃO","OK") -> OK | N212: 0 | O212: 0 | P212: 0 | Q212: 0 | R212: 0 | S212: 0 | T212: 0 | U212: 0 | V212: 0 | W212: 0 | X212: 0 | Y212: 0
C213: 18 | D213: LIXA, MADEIRA 120, EM FOLHA, | E213: 339030.24 | F213: Norton | G213: Cento | H213: 30 | I213: 20 | J213: 0.5 | L213: =K213-(SUM(N213:Y213)) -> 0 | M213: =IF(L213<0,"ATENÇÃO","OK") -> OK | N213: 0 | O213: 0 | P213: 0 | Q213: 0 | R213: 0 | S213: 0 | T213: 0 | U213: 0 | V213: 0 | W213: 0 | X213: 0 | Y213: 0
... C216: 21 | D216: LIXA, PARA MADEIRA GRAO 80 | E216: 339030.24 | F216: Norton | G216: Peça | H216: 30 | I216: 20 | J216: 0.64 | L216: =K216-(SUM(N216:Y216)) -> 0 | M216: =IF(L216<0,"ATENÇÃO","OK") -> OK | N216: 0 | O216: 0 | P216: 0 | Q216: 0 | R216: 0 | S216: 0 | T216: 0 | U216: 0 | V216: 0 | W216: 0 | X216: 0 | Y216: 0
C217: 22 | D217: BANDEJA PARA PINTURA, PARA ROLOS DE ATE 23 CM, Bandeja de polietileno para pintura, para rolos de até 23cm. | E217: 339030.99 | F217: Roma | G217: Peça | H217: 30 | I217: 20 | J217: 5 | K217: 2 | L217: =K217-(SUM(N217:Y217)) -> 0 | M217: =IF(L217<0,"ATENÇÃO","OK") -> OK | N217: 2 | O217: 0 | P217: 0 | Q217: 0 | R217: 0 | S217: 0 | T217: 0 | U217: 0 | V217: 0 | W217: 0 | X217: 0 | Y217: 0
C218: 23 | D218: GARFO ROLO, 23 CM, Garfo de ferro, 23cm, com bucha, gaiola e rosca, para rolo de pintura. | E218: 339030.24 | F218: Roma | G218: Peça | H218: 30 | I218: 20 | J218: 10 | L218: =K218-(SUM(N218:Y218)) -> 0 | M218: =IF(L218<0,"ATENÇÃO","OK") -> OK | N218: 0 | O218: 0 | P218: 0 | Q218: 0 | R218: 0 | S218: 0 | T218: 0 | U218: 0 | V218: 0 | W218: 0 | X218: 0 | Y218: 0
C219: 24 | D219: MASSA CORRIDA, ACRILICA EXTERIOR,GALAO C/3,6 LITROS, Massa corrida acrílica para uso em superfície externa em alvenaria. Galão (3,6 litros). Validade mínima de 12 meses. | E219: 339030.24 | F219: Resicolor | G219: Galao | H219: 30 | I219: 20 | J219: 20 | K219: 2 | L219: =K219-(SUM(N219:Y219)) -> 0 | M219: =IF(L219<0,"ATENÇÃO","OK") -> OK | N219: 2 | O219: 0 | P219: 0 | Q219: 0 | R219: 0 | S219: 0 | T219: 0 | U219: 0 | V219: 0 | W219: 0 | X219: 0 | Y219: 0
C220: 25 | D220: MASSA CORRIDA, ACRILICA,GALAO COM 18 LITROS, 1ª linha.. | E220: 339030.24 | F220: Resicolor | G220: Galao | H220: 30 | I220: 20 | J220: 53.43 | L220: =K220-(SUM(N220:Y220)) -> 0 | M220: =IF(L220<0,"ATENÇÃO","OK") -> OK | N220: 0 | O220: 0 | P220: 0 | Q220: 0 | R220: 0 | S220: 0 | T220: 0 | U220: 0 | V220: 0 | W220: 0 | X220: 0 | Y220: 0
C221: 26 | D221: MASSA CORRIDA, PLASTICA, 18 LITROS, | E221: 339030.24 | F221: Resicolor | G221: Peça | H221: 30 | I221: 20 | J221: 58.37 | L221: =K221-(SUM(N221:Y221)) -> 0 | M221: =IF(L221<0,"ATENÇÃO","OK") -> OK | N221: 0 | O221: 0 | P221: 0 | Q221: 0 | R221: 0 | S221: 0 | T221: 0 | U221: 0 | V221: 0 | W221: 0 | X221: 0 | Y221: 0
C222: 27 | D222: MASSA P/ VEDACAO, MASSA DE CALAFETAR,EMB.C/500GR.,P/TELHADOS DE FIBRO CIMENTO, Massa para telha, pote 500 gramas | E222: 339030.24 | F222: Nacional | G222: Peça | H222: 30 | I222: 20 | J222: 8 | L222: =K222-(SUM(N222:Y222)) -> 0 | M222: =IF(L222<0,"ATENÇÃO","OK") -> OK | N222: 0 | O222: 0 | P222: 0 | Q222: 0 | R222: 0 | S222: 0 | T222: 0 | U222: 0 | V222: 0 | W222: 0 | X222: 0 | Y222: 0
C223: 28 | D223: PINCEL PARA PINTURA, DE 1" (POLEGADA), Pincel p/ pintura na medida (polegadas): 1”. Cabo de madeira, cerda pelo sintético. | E223: 339030.24 | F223: Roma | G223: Peça | H223: 30 | I223: 20 | J223: 1.3 | L223: =K223-(SUM(N223:Y223)) -> 0 | M223: =IF(L223<0,"ATENÇÃO","OK") -> OK | N223: 0 | O223: 0 | P223: 0 | Q223: 0 | R223: 0 | S223: 0 | T223: 0 | U223: 0 | V223: 0 | W223: 0 | X223: 0 | Y223: 0
C224: 29 | D224: PINCEL PARA PINTURA, DE 1" (POLEGADA), Pincel simples, 1 polegada. | E224: 339030.24 | F224: Roma | G224: Peça | H224: 30 | I224: 20 | J224: 1.28 | L224: =K224-(SUM(N224:Y224)) -> 0 | M224: =IF(L224<0,"ATENÇÃO","OK") -> OK | N224: 0 | O224: 0 | P224: 0 | Q224: 0 | R224: 0 | S224: 0 | T224: 0 | U224: 0 | V224: 0 | W224: 0 | X224: 0 | Y224: 0
C225: 30 | D225: PINCEL PARA PINTURA, DE 2" (POLEGADAS), Pincel p/ pintura na medida (polegadas): 2”. Cabo de madeira, cerda pelo sintético. | E225: 339030.24 | F225: Roma | G225: Peça | H225: 30 | I225: 20 | J225: 2.55 | L225: =K225-(SUM(N225:Y225)) -> 0 | M225: =IF(L225<0,"ATENÇÃO","OK") -> OK | N225: 0 | O225: 0 | P225: 0 | Q225: 0 | R225: 0 | S225: 0 | T225: 0 | U225: 0 | V225: 0 | W225: 0 | X225: 0 | Y225: 0
C226: 31 | D226: PINCEL PARA PINTURA, DE 2" (POLEGADAS), Pincel simples, 2 polegadas. | E226: 339030.24 | F226: Roma | G226: Peça | H226: 30 | I226: 20 | J226: 2.3 | L226: =K226-(SUM(N226:Y226)) -> 0 | M226: =IF(L226<0,"ATENÇÃO","OK") -> OK | N226: 0 | O226: 0 | P226: 0 | Q226: 0 | R226: 0 | S226: 0 | T226: 0 | U226: 0 | V226: 0 | W226: 0 | X226: 0 | Y226: 0
C227: 32 | D227: PINCEL PARA PINTURA, DE 3" (POLEGADAS), Pincel p/ pintura, tinta óleo e esmalte sintético Cerda pura e natural. . Medida (polegadas): 3”. | E227: 339030.24 | F227: Roma | G227: Peça | H227: 30 | I227: 20 | J227: 4.35 | K227: 4 | L227: =K227-(SUM(N227:Y227)) -> 0 | M227: =IF(L227<0,"ATENÇÃO","OK") -> OK | N227: 2 | O227: 0 | P227: 2 | Q227: 0 | R227: 0 | S227: 0 | T227: 0 | U227: 0 | V227: 0 | W227: 0 | X227: 0 | Y227: 0
C228: 33 | D228: PINCEL PARA PINTURA, DE 3" (POLEGADAS), Pincel simples, 3 polegadas. | E228: 339030.24 | F228: Roma | G228: Peça | H228: 30 | I228: 20 | J228: 4.35 | L228: =K228-(SUM(N228:Y228)) -> 0 | M228: =IF(L228<0,"ATENÇÃO","OK") -> OK | N228: 0 | O228: 0 | P228: 0 | Q228: 0 | R228: 0 | S228: 0 | T228: 0 | U228: 0 | V228: 0 | W228: 0 | X228: 0 | Y228: 0
C229: 34 | D229: ROLO DE ESPONJA PARA PINTURA, MED. 9CM C/CABO | E229: 339030.42 | F229: Roma | G229: Peça | H229: 30 | I229: 20 | J229: 2 | L229: =K229-(SUM(N229:Y229)) -> 0 | M229: =IF(L229<0,"ATENÇÃO","OK") -> OK | N229: 0 | O229: 0 | P229: 0 | Q229: 0 | R229: 0 | S229: 0 | T229: 0 | U229: 0 | V229: 0 | W229: 0 | X229: 0 | Y229: 0
C230: 35 | D230: ROLO DE ESPONJA PARA PINTURA, MED.15CM C/CABO, | E230: 339030.42 | F230: Roma | G230: Peça | H230: 30 | I230: 20 | J230: 2.5 | L230: =K230-(SUM(N230:Y230)) -> 0 | M230: =IF(L230<0,"ATENÇÃO","OK") -> OK | N230: 0 | O230: 0 | P230: 0 | Q230: 0 | R230: 0 | S230: 0 | T230: 0 | U230: 0 | V230: 0 | W230: 0 | X230: 0 | Y230: 0
C231: 36 | D231: ROLO DE ESPUMA PARA PINTURA, MEDINDO 23 CM, COM GARFO, Rolo de espuma poliéster para pintura, 23cm. | E231: 339030.24 | F231: Roma | G231: Peça | H231: 30 | I231: 20 | J231: 7 | L231: =K231-(SUM(N231:Y231)) -> 0 | M231: =IF(L231<0,"ATENÇÃO","OK") -> OK | N231: 0 | O231: 0 | P231: 0 | Q231: 0 | R231: 0 | S231: 0 | T231: 0 | U231: 0 | V231: 0 | W231: 0 | X231: 0 | Y231: 0
C232: 37 | D232: ROLO DE LA PARA PINTURA, MED. 23CM, Rolo de lã sintética para pintura 23cm, anti-gota. Com garfo. | E232: 339030.24 | F232: Roma | G232: Peça | H232: 30 | I232: 20 | J232: 10.72 | L232: =K232-(SUM(N232:Y232)) -> 0 | M232: =IF(L232<0,"ATENÇÃO","OK") -> OK | N232: 0 | O232: 0 | P232: 0 | Q232: 0 | R232: 0 | S232: 0 | T232: 0 | U232: 0 | V232: 0 | W232: 0 | X232: 0 | Y232: 0
C233: 38 | D233: ROLO DE LA PARA PINTURA, MEDINDO 10CM, Rolo para pintura com 10cm de largura. | E233: 339030.42 | F233: Roma | G233: Peça | H233: 30 | I233: 20 | J233: 2.5 | K233: 4 | L233: =K233-(SUM(N233:Y233)) -> 0 | M233: =IF(L233<0,"ATENÇÃO","OK") -> OK | N233: 2 | O233: 0 | P233: 2 | Q233: 0 | R233: 0 | S233: 0 | T233: 0 | U233: 0 | V233: 0 | W233: 0 | X233: 0 | Y233: 0
C234: 39 | D234: SOLVENTE, PARA SERIGRAFIA, Aguarrás Solvente para diluição de esmalte sintético, tinta a óleo e vernizes, Para limpeza de equipamentos de pintura. Frasco 1 litro | E234: 339030.41 | F234: Resicolor | G234: Litro | H234: 30 | I234: 20 | J234: 7.5 | L234: =K234-(SUM(N234:Y234)) -> 0 | M234: =IF(L234<0,"ATENÇÃO","OK") -> OK | N234: 0 | O234: 0 | P234: 0 | Q234: 0 | R234: 0 | S234: 0 | T234: 0 | U234: 0 | V234: 0 | W234: 0 | X234: 0 | Y234: 0
C235: 40 | D235: SOLVENTE, PARA TINTA, LATA COM 900 ML, Tipo Aguarras | E235: 339030.24 | F235: Resicolor | G235: Peça | H235: 30 | I235: 20 | J235: 7.5 | K235: 5 | L235: =K235-(SUM(N235:Y235)) -> 0 | M235: =IF(L235<0,"ATENÇÃO","OK") -> OK | N235: 2 | O235: 0 | P235: 3 | Q235: 0 | R235: 0 | S235: 0 | T235: 0 | U235: 0 | V235: 0 | W235: 0 | X235: 0 | Y235: 0
C236: 41 | D236: THINNER, C/05 LITROS, Thinner para diluição, referência 2750, 5 litros. | E236: 339030.24 | F236: Resicolor | G236: Galao | H236: 30 | I236: 20 | J236: 7.77 | K236: 8 | L236: =K236-(SUM(N236:Y236)) -> 0 | M236: =IF(L236<0,"ATENÇÃO","OK") -> OK | N236: 2 | O236: 0 | P236: 6 | Q236: 0 | R236: 0 | S236: 0 | T236: 0 | U236: 0 | V236: 0 | W236: 0 | X236: 0 | Y236: 0
C237: 42 | D237: THINNER, FRASCO COM 900ML, Thinner 900 ml para diluição referência 2750. | E237: 339030.24 | F237: Resicolor | G237: Peça | H237: 30 | I237: 20 | J237: 7.5 | L237: =K237-(SUM(N237:Y237)) -> 0 | M237: =IF(L237<0,"ATENÇÃO","OK") -> OK | N237: 0 | O237: 0 | P237: 0 | Q237: 0 | R237: 0 | S237: 0 | T237: 0 | U237: 0 | V237: 0 | W237: 0 | X237: 0 | Y237: 0
C238: 43 | D238: THINNER, FRASCO COM 900ML, Thinner acrílico, 900ml. | E238: 339030.24 | F238: Resicolor | G238: Peça | H238: 30 | I238: 20 | J238: 7.5 | L238: =K238-(SUM(N238:Y238)) -> 0 | M238: =IF(L238<0,"ATENÇÃO","OK") -> OK | N238: 0 | O238: 0 | P238: 0 | Q238: 0 | R238: 0 | S238: 0 | T238: 0 | U238: 0 | V238: 0 | W238: 0 | X238: 0 | Y238: 0
...

Sheet CEAD
A1: PROCESSO: 1025/2014 | D1: OBJETO: AQUISIÇÃO DE FERRAMENTAS, UTENSÍLIOS E MATERIAIS DE REPARO PARA O CAMPUS I, CERES E CESFI | J1: VIGÊNCIA DA ATA: 15/10/2014 até 14/10/2015 | N1: AF/OS nº xxxx/2014 Qtde. DT | O1: AF/OS nº xxxx/2014 Qtde. DT | P1: AF/OS nº xxxx/2014 Qtde. DT | Q1: AF/OS nº xxxx/2014 Qtde. DT | R1: AF/OS nº xxxx/2014 Qtde. DT | S1: AF/OS nº xxxx/2014 Qtde. DT | T1: AF/OS nº xxxx/2014 Qtde. DT | U1: AF/OS nº xxxx/2014 Qtde. DT | V1: AF/OS nº xxxx/2014 Qtde. DT | W1: AF/OS nº xxxx/2014 Qtde. DT | X1: AF/OS nº xxxx/2014 Qtde. DT | Y1: AF/OS nº xxxx/2014 Qtde. DT
A2: CENTRO PARTICIPANTE: CEAD
A3: FORNECEDOR | B3: LOTE | C3: ITEM | D3: PRODUTO - CARACTERÍSTICAS MÍNIMAS | E3: DETALHAMENTO | F3: MARCA/MODELO | G3: UNIDADE | H3: Entrega (Dias) | I3: Pagto. (Dias) | J3: Preço UNITÁRIO (R$) | K3: Qtde LICITADA | L3: Saldo / Automático | M3: ALERTA | N3: ...../...../...... | O3: ...../...../...... | P3: ...../...../...... | Q3: ...../...../...... | R3: ...../...../...... | S3: ...../...../...... | T3: ...../...../...... | U3: ...../...../...... | V3: ...../...../...... | W3: ...../...../...... | X3: ...../...../...... | Y3: ...../...../......
A4: Cristiani Louri Rodrigues & Cia. Ltda - ME | B4: 1 | C4: 1 | D4: SUPORTE PARA CORTINA, EM "L", Suporte para cortina em "L"; Material: Latão; Dimensões: 5x8 | E4: 339030.24 | F4: Nacional | G4: Peça | H4: 30 | I4: 20 | J4: 0.9 | L4: =K4-(SUM(N4:Y4)) -> 0 | M4: =IF(L4<0,"ATENÇÃO","OK") -> OK | N4: 0 | O4: 0 | P4: 0 | Q4: 0 | R4: 0 | S4: 0 | T4: 0 | U4: 0 | V4: 0 | W4: 0 | X4: 0 | Y4: 0
C5: 2 | D5: SUPORTE PARA CORTINA, EM "L", Suporte para cortina em "L"; Material: Latão; Dimensões: 8x10 | E5: 339030.24 | F5: Nacional | G5: Peça | H5: 30 | I5: 20 | J5: 1.65 | L5: =K5-(SUM(N5:Y5)) -> 0 | M5: =IF(L5<0,"ATENÇÃO","OK") -> OK | N5: 0 | O5: 0 | P5: 0 | Q5: 0 | R5: 0 | S5: 0 | T5: 0 | U5: 0 | V5: 0 | W5: 0 | X5: 0 | Y5: 0
C6: 3 | D6: SUPORTE DIVERSOS, PARA PRATELEIRAS, Suporte para Prateleira; Material: Barra chata Metálica contraventada; Dimensões: 15cm. | E6: 339030.24 | F6: Nacional | G6: Peça | H6: 30 | I6: 20 | J6: 6 | L6: =K6-(SUM(N6:Y6)) -> 0 | M6: =IF(L6<0,"ATENÇÃO","OK") -> OK | N6: 0 | O6: 0 | P6: 0 | Q6: 0 | R6: 0 | S6: 0 | T6: 0 | U6: 0 | V6: 0 | W6: 0 | X6: 0 | Y6: 0
C7: 4 | D7: SUPORTE DIVERSOS, PARA PRATELEIRAS, Suporte para Prateleira; Material: Barra chata Metálica contraventada; Dimensões: 20cm. | E7: 339030.24 | F7: Nacional | G7: Peça | H7: 30 | I7: 20 | J7: 6 | L7: =K7-(SUM(N7:Y7)) -> 0 | M7: =IF(L7<0,"ATENÇÃO","OK") -> OK | N7: 0 | O7: 0 | P7: 0 | Q7: 0 | R7: 0 | S7: 0 | T7: 0 | U7: 0 | V7: 0 | W7: 0 | X7: 0 | Y7: 0
C8: 5 | D8: SUPORTE DIVERSOS, PARA PRATELEIRAS, Suporte para Prateleira; Material: Barra chata Metálica contraventada; Dimensões: 25cm. | E8: 339030.24 | F8: Nacional | G8: Peça | H8: 30 | I8: 20 | J8: 7.35 | L8: =K8-(SUM(N8:Y8)) -> 0 | M8: =IF(L8<0,"ATENÇÃO","OK") -> OK | N8: 0 | O8: 0 | P8: 0 | Q8: 0 | R8: 0 | S8: 0 | T8: 0 | U8: 0 | V8: 0 | W8: 0 | X8: 0 | Y8: 0
C9: 6 | D9: SUPORTE DIVERSOS, PARA PRATELEIRAS, Suporte para Prateleira; Material: Barra chata Metálica contraventada; Dimensões: 40cm. | E9: 339030.24 | F9: Nacional | G9: Peça | H9: 30 | I9: 20 | J9: 13 | L9: =K9-(SUM(N9:Y9)) -> 0 | M9: =IF(L9<0,"ATENÇÃO","OK") -> OK | N9: 0 | O9: 0 | P9: 0 | Q9: 0 | R9: 0 | S9: 0 | T9: 0 | U9: 0 | V9: 0 | W9: 0 | X9: 0 | Y9: 0
C10: 7 | D10: SUPORTE DIVERSOS, PARA PRATELEIRAS, Suporte para Prateleira; Material: Barra chata Metálica contraventada; Dimensões: 50cm. | E10: 339030.24 | F10: Nacional | G10: Peça | H10: 30 | I10: 20 | J10: 15.7 | L10: =K10-(SUM(N10:Y10)) -> 0 | M10: =IF(L10<0,"ATENÇÃO","OK") -> OK | N10: 0 | O10: 0 | P10: 0 | Q10: 0 | R10: 0 | S10: 0 | T10: 0 | U10: 0 | V10: 0 | W10: 0 | X10: 0 | Y10: 0
C11: 8 | D11: SUPORTE DIVERSOS, PARA PRATELEIRAS, Suporte para trilho de prateleira, Material Metálico; Largura: 30cm | E11: 339030.24 | F11: Nacional | G11: Peça | H11: 30 | I11: 20 | J11: 5.55 | L11: =K11-(SUM(N11:Y11)) -> 0 | M11: =IF(L11<0,"ATENÇÃO","OK") -> OK | N11: 0 | O11: 0 | P11: 0 | Q11: 0 | R11: 0 | S11: 0 | T11: 0 | U11: 0 | V11: 0 | W11: 0 | X11: 0 | Y11: 0
C12: 9 | D12: SUPORTE DIVERSOS, PARA PRATELEIRAS, Trilho para fixação de suporte para prateleira; Material: Metálico; Dimensões 200cm. | E12: 339030.24 | F12: Nacional | G12: Peça | H12: 30 | I12: 20 | J12: 27.5 | L12: =K12-(SUM(N12:Y12)) -> 0 | M12: =IF(L12<0,"ATENÇÃO","OK") -> OK | N12: 0 | O12: 0 | P12: 0 | Q12: 0 | R12: 0 | S12: 0 | T12: 0 | U12: 0 | V12: 0 | W12: 0 | X12: 0 | Y12: 0
C13: 10 | D13: CLIPS PARA CABO, DE ACO, Clip para cabo. 5/16 - aço inox a4 | E13: 339030.24 | F13: Inca | G13: Peça | H13: 30 | I13: 20 | J13: 0.9 | L13: =K13-(SUM(N13:Y13)) -> 0 | M13: =IF(L13<0,"ATENÇÃO","OK") -> OK | N13: 0 | O13: 0 | P13: 0 | Q13: 0 | R13: 0 | S13: 0 | T13: 0 | U13: 0 | V13: 0 | W13: 0 | X13: 0 | Y13: 0
C14: 11 | D14: CLIPS PARA CABO, DE ACO, Clip para cabo. 1 - aço inox a4 | E14: 339030.24 | F14: Inca | G14: Peça | H14: 30 | I14: 20 | J14: 4.73 | L14: =K14-(SUM(N14:Y14)) -> 0 | M14: =IF(L14<0,"ATENÇÃO","OK") -> OK | N14: 0 | O14: 0 | P14: 0 | Q14: 0 | R14: 0 | S14: 0 | T14: 0 | U14: 0 | V14: 0 | W14: 0 | X14: 0 | Y14: 0
C15: 12 | D15: CLIPS PARA CABO, DE ACO, Clip para cabo. 1/2 - aço inox a4 | E15: 339030.24 | F15: Inca | G15: Peça | H15: 30 | I15: 20 | J15: 2.5 | L15: =K15-(SUM(N15:Y15)) -> 0 | M15: =IF(L15<0,"ATENÇÃO","OK") -> OK | N15: 0 | O15: 0 | P15: 0 | Q15: 0 | R15: 0 | S15: 0 | T15: 0 | U15: 0 | V15: 0 | W15: 0 | X15: 0 | Y15: 0
C16: 13 | D16: CLIPS PARA CABO, DE ACO, Clip para cabo. 1/4 - aço inox a4 | E16: 339030.24 | F16: Inca | G16: Peça | H16: 30 | I16: 20 | J16: 0.8 | L16: =K16-(SUM(N16:Y16)) -> 0 | M16: =IF(L16<0,"ATENÇÃO","OK") -> OK | N16: 0 | O16: 0 | P16: 0 | Q16: 0 | R16: 0 | S16: 0 | T16: 0 | U16: 0 | V16: 0 | W16: 0 | X16: 0 | Y16: 0
... C87: 84 | D87: BRACADEIRA, ABRA«ADEIRA FLEXIVEL ROSCA SEM FIM, Abraçadeira flexível rosca sem fim, com diâmetro mínimo de 13mm e máximo de 19mm, em aço carbono, parafuso em aço carbono. | E87: 339030.24 | F87: Inca | G87: Peça | H87: 30 | I87: 20 | J87: 0.76 | L87: =K87-(SUM(N87:Y87)) -> 0 | M87: =IF(L87<0,"ATENÇÃO","OK") -> OK | N87: 0 | O87: 0 | P87: 0 | Q87: 0 | R87: 0 | S87: 0 | T87: 0 | U87: 0 | V87: 0 | W87: 0 | X87: 0 | Y87: 0
C88: 85 | D88: BUCHA PLASTICA PARA FIXACAO, BUCHA DE NYLON 06 MM, Bucha 6mm², de polietileno. | E88: 339030.24 | F88: Vonder | G88: Peça | H88: 30 | I88: 20 | J88: 0.05 | K88: 3 | L88: =K88-(SUM(N88:Y88)) -> 3 | M88: =IF(L88<0,"ATENÇÃO","OK") -> OK | N88: 0 | O88: 0 | P88: 0 | Q88: 0 | R88: 0 | S88: 0 | T88: 0 | U88: 0 | V88: 0 | W88: 0 | X88: 0 | Y88: 0
C89: 86 | D89: BUCHA PLASTICA PARA FIXACAO, BUCHA DE NYLON 8 MM, Bucha 8mm de polietileno. | E89: 339030.24 | F89: Vonder | G89: Peça | H89: 30 | I89: 20 | J89: 0.07 | L89: =K89-(SUM(N89:Y89)) -> 0 | M89: =IF(L89<0,"ATENÇÃO","OK") -> OK | N89: 0 | O89: 0 | P89: 0 | Q89: 0 | R89: 0 | S89: 0 | T89: 0 | U89: 0 | V89: 0 | W89: 0 | X89: 0 | Y89: 0
C90: 87 | D90: BUCHA PLASTICA PARA FIXACAO, BUCHA DE NYLON S 4, Bucha nylon ( polyamida ) na medida 4mm ( S 4 ). | E90: 339030.24 | F90: Vonder | G90: Peça | H90: 30 | I90: 20 | J90: 0.18 | L90: =K90-(SUM(N90:Y90)) -> 0 | M90: =IF(L90<0,"ATENÇÃO","OK") -> OK | N90: 0 | O90: 0 | P90: 0 | Q90: 0 | R90: 0 | S90: 0 | T90: 0 | U90: 0 | V90: 0 | W90: 0 | X90: 0 | Y90: 0
C91: 88 | D91: BUCHA PLASTICA PARA FIXACAO, BUCHA DE NYLON S 5, Bucha nylon ( polyamida ) na medida 5mm ( S 5 ). | E91: 339030.24 | F91: Vonder | G91: Peça | H91: 30 | I91: 20 | J91: 0.09 | L91: =K91-(SUM(N91:Y91)) -> 0 | M91: =IF(L91<0,"ATENÇÃO","OK") -> OK | N91: 0 | O91: 0 | P91: 0 | Q91: 0 | R91: 0 | S91: 0 | T91: 0 | U91: 0 | V91: 0 | W91: 0 | X91: 0 | Y91: 0
C92: 89 | D92: BUCHA PLASTICA PARA FIXACAO, BUCHA DE REDUCAO PVC SOLDAVEL 06MM, 32x25 | E92: 339030.24 | F92: Plastubos | G92: Peça | H92: 30 | I92: 20 | J92: 0.61 | L92: =K92-(SUM(N92:Y92)) -> 0 | M92: =IF(L92<0,"ATENÇÃO","OK") -> OK | N92: 0 | O92: 0 | P92: 0 | Q92: 0 | R92: 0 | S92: 0 | T92: 0 | U92: 0 | V92: 0 | W92: 0 | X92: 0 | Y92: 0
C93: 90 | D93: BUCHA PLASTICA PARA FIXACAO, DE NYLON, NUEMRO 12, Bucha Convencional, em nylon, para fixação em parede de Alvenaria e Concreto - 12mm. | E93: 339030.24 | F93: Vonder | G93: Peça | H93: 30 | I93: 20 | J93: 0.3 | L93: =K93-(SUM(N93:Y93)) -> 0 | M93: =IF(L93<0,"ATENÇÃO","OK") -> OK | N93: 0 | O93: 0 | P93: 0 | Q93: 0 | R93: 0 | S93: 0 | T93: 0 | U93: 0 | V93: 0 | W93: 0 | X93: 0 | Y93: 0
C94: 91 | D94: BUCHA PLASTICA PARA FIXACAO, EM NYLON, Bucha Convencional, em nylon, para fixação em parede de Alvenaria e Concreto - 3mm | E94: 339030.24 | F94: Vonder | G94: Peça | H94: 30 | I94: 20 | J94: 0.15 | L94: =K94-(SUM(N94:Y94)) -> 0 | M94: =IF(L94<0,"ATENÇÃO","OK") -> OK | N94: 0 | O94: 0 | P94: 0 | Q94: 0 | R94: 0 | S94: 0 | T94: 0 | U94: 0 | V94: 0 | W94: 0 | X94: 0 | Y94: 0
C95: 92 | D95: BUCHA PLASTICA PARA FIXACAO, NUMERO 10, Bucha 10mm de polietileno, pacote com 100 unidades. | E95: 339030.24 | F95: Vonder | G95: Peça | H95: 30 | I95: 20 | J95: 3.94 | K95: 1 | L95: =K95-(SUM(N95:Y95)) -> 1 | M95: =IF(L95<0,"ATENÇÃO","OK") -> OK | N95: 0 | O95: 0 | P95: 0 | Q95: 0 | R95: 0 | S95: 0 | T95: 0 | U95: 0 | V95: 0 | W95: 0 | X95: 0 | Y95: 0
C96: 93 | D96: BUCHA PLASTICA PARA FIXACAO, NUMERO 12, Bucha 12,0mm, plástica, para parafuso pacote com 100 unidades. | E96: 339030.24 | F96: Vonder | G96: Peça | H96: 30 | I96: 20 | J96: 15.45 | K96: 5 | L96: =K96-(SUM(N96:Y96)) -> 5 | M96: =IF(L96<0,"ATENÇÃO","OK") -> OK | N96: 0 | O96: 0 | P96: 0 | Q96: 0 | R96: 0 | S96: 0 | T96: 0 | U96: 0 | V96: 0 | W96: 0 | X96: 0 | Y96: 0
C97: 94 | D97: BUCHA PLASTICA PARA FIXACAO, NUMERO 14, Bucha para parafuso N14 | E97: 339030.42 | F97: Vonder | G97: Peça | H97: 30 | I97: 20 | J97: 1.07 | L97: =K97-(SUM(N97:Y97)) -> 0 | M97: =IF(L97<0,"ATENÇÃO","OK") -> OK | N97: 0 | O97: 0 | P97: 0 | Q97: 0 | R97: 0 | S97: 0 | T97: 0 | U97: 0 | V97: 0 | W97: 0 | X97: 0 | Y97: 0
C98: 95 | D98: FITA PERFURADA, DE METAL, 19MM, ROLO C/30M, Fita De Aço Perfurada; Largura: 17 a 19 mm; Rolo de 30m | E98: 339030.42 | F98: Inca | G98: Rolo | H98: 30 | I98: 20 | J98: 33 | L98: =K98-(SUM(N98:Y98)) -> 0 | M98: =IF(L98<0,"ATENÇÃO","OK") -> OK | N98: 0 | O98: 0 | P98: 0 | Q98: 0 | R98: 0 | S98: 0 | T98: 0 | U98: 0 | V98: 0 | W98: 0 | X98: 0 | Y98: 0
C99: 96 | D99: GANCHO, REFORCADO, Gancho Com Rosca P/ Bucha e Madeira Material: Aço Galvanizado Dimensões: 2.9 X 47. | E99: 339030.24 | F99: Inca | G99: Peça | H99: 30 | I99: 20 | J99: 0.24 | L99: =K99-(SUM(N99:Y99)) -> 0 | M99: =IF(L99<0,"ATENÇÃO","OK") -> OK | N99: 0 | O99: 0 | P99: 0 | Q99: 0 | R99: 0 | S99: 0 | T99: 0 | U99: 0 | V99: 0 | W99: 0 | X99: 0 | Y99: 0
C100: 97 | D100: GANCHO, REFORCADO, Gancho Com Rosca P/ Bucha E Madeira Material: Aço Galvanizado Dimensões: 3.3 X 58. | E100: 339030.24 | F100: Inca | G100: Peça | H100: 30 | I100: 20 | J100: 0.28 | L100: =K100-(SUM(N100:Y100)) -> 0 | M100: =IF(L100<0,"ATENÇÃO","OK") -> OK | N100: 0 | O100: 0 | P100: 0 | Q100: 0 | R100: 0 | S100: 0 | T100: 0 | U100: 0 | V100: 0 | W100: 0 | X100: 0 | Y100: 0
C101: 98 | D101: GANCHO, REFORCADO, Gancho Com Rosca P/ Bucha E Madeira Material: Aço Galvanizado Dimensões: 4.4 X 67. | E101: 339030.24 | F101: Inca | G101: Peça | H101: 30 | I101: 20 | J101: 0.3 | L101: =K101-(SUM(N101:Y101)) -> 0 | M101: =IF(L101<0,"ATENÇÃO","OK") -> OK | N101: 0 | O101: 0 | P101: 0 | Q101: 0 | R101: 0 | S101: 0 | T101: 0 | U101: 0 | V101: 0 | W101: 0 | X101: 0 | Y101: 0
C102: 99 | D102: GANCHO, REFORCADO, Gancho em metal com Rosca. Medidas aproximadas: 2,2x31mm. Para fixação em alvenaria, como um suporte para os mais variados objetos | E102: 339030.24 | F102: Inca | G102: Peça | H102: 30 | I102: 20 | J102: 5.06 | L102: =K102-(SUM(N102:Y102)) -> 0 | M102: =IF(L102<0,"ATENÇÃO","OK") -> OK | N102: 0 | O102: 0 | P102: 0 | Q102: 0 | R102: 0 | S102: 0 | T102: 0 | U102: 0 | V102: 0 | W102: 0 | X102: 0 | Y102: 0
C103: 100 | D103: GRAMPO PARA CERCA, DE ARAME FARPADO, PACOTE COM 1 KG, Grampo de Cerca 1 x 9 mm | E103: 339030.24 | F103: Disma | G103: Pacote | H103: 30 | I103: 20 | J103: 8.1 | L103: =K103-(SUM(N103:Y103)) -> 0 | M103: =IF(L103<0,"ATENÇÃO","OK") -> OK | N103: 0 | O103: 0 | P103: 0 | Q103: 0 | R103: 0 | S103: 0 | T103: 0 | U103: 0 | V103: 0 | W103: 0 | X103: 0 | Y103: 0
C104: 101 | D104: MAO FRANCESA (DISPOSITIVO DE FIXACAO), SIMPLES 100MM, | E104: 339030.24 | F104: Disma | G104: Peça | H104: 30 | I104: 20 | J104: 3.03 | L104: =K104-(SUM(N104:Y104)) -> 0 | M104: =IF(L104<0,"ATENÇÃO","OK") -> OK | N104: 0 | O104: 0 | P104: 0 | Q104: 0 | R104: 0 | S104: 0 | T104: 0 | U104: 0 | V104: 0 | W104: 0 | X104: 0 | Y104: 0
C105: 102 | D105: PARAFUSO METALICO, AUTO ATARRACHANTE 2,9X19MM C/PANELA, fendado, zincado branco. | E105: 339030.24 | F105: Mister | G105: Peça | H105: 30 | I105: 20 | J105: 0.05 | L105: =K105-(SUM(N105:Y105)) -> 0 | M105: =IF(L105<0,"ATENÇÃO","OK") -> OK | N105: 0 | O105: 0 | P105: 0 | Q105: 0 | R105: 0 | S105: 0 | T105: 0 | U105: 0 | V105: 0 | W105: 0 | X105: 0 | Y105: 0
C106: 103 | D106: PARAFUSO METALICO, COM PORCA, 8 X 25, | E106: 339030.24 | F106: Mister | G106: Peça | H106: 30 | I106: 20 | J106: 0.9 | L106: =K106-(SUM(N106:Y106)) -> 0 | M106: =IF(L106<0,"ATENÇÃO","OK") -> OK | N106: 0 | O106: 0 | P106: 0 | Q106: 0 | R106: 0 | S106: 0 | T106: 0 | U106: 0 | V106: 0 | W106: 0 | X106: 0 | Y106: 0
C107: 104 | D107: PARAFUSO METALICO, COM PORCA, 8 X 50, | E107: 339030.24 | F107: Mister | G107: Peça | H107: 30 | I107: 20 | J107: 1.09 | L107: =K107-(SUM(N107:Y107)) -> 0 | M107: =IF(L107<0,"ATENÇÃO","OK") -> OK | N107: 0 | O107: 0 | P107: 0 | Q107: 0 | R107: 0 | S107: 0 | T107: 0 | U107: 0 | V107: 0 | W107: 0 | X107: 0 | Y107: 0
C108: 105 | D108: PARAFUSO METALICO, COM PORCAS E ARRUELAS, Conjunto Porca ,Parafuso e Arruela, Cabeça Sextavada, rosca inteira, Aço Carbono Zincado, Norma UNC; Diâmetro 1/4", Comprimento 1.1/2". | E108: 339030.24 | F108: Mister | G108: Peça | H108: 30 | I108: 20 | J108: 0.3 | L108: =K108-(SUM(N108:Y108)) -> 0 | M108: =IF(L108<0,"ATENÇÃO","OK") -> OK | N108: 0 | O108: 0 | P108: 0 | Q108: 0 | R108: 0 | S108: 0 | T108: 0 | U108: 0 | V108: 0 | W108: 0 | X108: 0 | Y108: 0
... C135: 132 | D135: PARAFUSO METALICO, SOBERBO, COM 1000 PE«AS, Parafuso soberbo, tipo chipboard, bitola 3,5mmX30mm. Caixa com 1000 peças. | E135: 339030.24 | F135: Mister | G135: Caixa | H135: 30 | I135: 20 | J135: 91 | L135: =K135-(SUM(N135:Y135)) -> 0 | M135: =IF(L135<0,"ATENÇÃO","OK") -> OK | N135: 0 | O135: 0 | P135: 0 | Q135: 0 | R135: 0 | S135: 0 | T135: 0 | U135: 0 | V135: 0 | W135: 0 | X135: 0 | Y135: 0
C136: 133 | D136: PARAFUSO METALICO, TIPO PHILIPS MEDINDO 3.5 X 25, Parafuso ponta agulha philips 3,5mmX25mm, acabamento fosfatizado, para gesso. Pacote com 50 unidades | E136: 339030.24 | F136: Mister | G136: Peça | H136: 30 | I136: 20 | J136: 6.17 | K136: 2 | L136: =K136-(SUM(N136:Y136)) -> 2 | M136: =IF(L136<0,"ATENÇÃO","OK") -> OK | N136: 0 | O136: 0 | P136: 0 | Q136: 0 | R136: 0 | S136: 0 | T136: 0 | U136: 0 | V136: 0 | W136: 0 | X136: 0 | Y136: 0
C137: 134 | D137: PARAFUSO METALICO, TIPO PHILIPS, DIVERSOS TAMANHOS, Medidas: 4,0 x 25 mm. Pacote com 100 unidades. | E137: 339030.24 | F137: Mister | G137: Peça | H137: 30 | I137: 20 | J137: 5.22 | L137: =K137-(SUM(N137:Y137)) -> 0 | M137: =IF(L137<0,"ATENÇÃO","OK") -> OK | N137: 0 | O137: 0 | P137: 0 | Q137: 0 | R137: 0 | S137: 0 | T137: 0 | U137: 0 | V137: 0 | W137: 0 | X137: 0 | Y137: 0
C138: 135 | D138: PARAFUSO METALICO, TIPO PHILIPS, DIVERSOS TAMANHOS, Medidas: 4,0 x 40 mm. Pacote com 100 unidades. | E138: 339030.24 | F138: Mister | G138: Peça | H138: 30 | I138: 20 | J138: 8.33 | L138: =K138-(SUM(N138:Y138)) -> 0 | M138: =IF(L138<0,"ATENÇÃO","OK") -> OK | N138: 0 | O138: 0 | P138: 0 | Q138: 0 | R138: 0 | S138: 0 | T138: 0 | U138: 0 | V138: 0 | W138: 0 | X138: 0 | Y138: 0
C139: 136 | D139: PARAFUSO METALICO, TIPO PHILIPS, DIVERSOS TAMANHOS, Parafuso auto-atarraxante cab. Panela c/ fenda - din 7971 Material: Aço Carbono Cementado; Dimensões - 4.8 X 80. | E139: 339030.24 | F139: Mister | G139: Peça | H139: 30 | I139: 20 | J139: 0.25 | L139: =K139-(SUM(N139:Y139)) -> 0 | M139: =IF(L139<0,"ATENÇÃO","OK") -> OK | N139: 0 | O139: 0 | P139: 0 | Q139: 0 | R139: 0 | S139: 0 | T139: 0 | U139: 0 | V139: 0 | W139: 0 | X139: 0 | Y139: 0
C140: 137 | D140: PARAFUSO METALICO, TIPO PHILIPS, DIVERSOS TAMANHOS, Parafuso auto-atarraxante cab. Panela c/ fenda - din 7971 Material: Aço Carbono Cementado; Dimensões - 4.2 X 50mm. | E140: 339030.24 | F140: Mister | G140: Peça | H140: 30 | I140: 20 | J140: 0.2 | L140: =K140-(SUM(N140:Y140)) -> 0 | M140: =IF(L140<0,"ATENÇÃO","OK") -> OK | N140: 0 | O140: 0 | P140: 0 | Q140: 0 | R140: 0 | S140: 0 | T140: 0 | U140: 0 | V140: 0 | W140: 0 | X140: 0 | Y140: 0
C141: 138 | D141: PARAFUSO METALICO, TIPO PHILIPS, DIVERSOS TAMANHOS, Parafuso auto-atarraxante cab. Panela c/ fenda - din 7971. Material: Aço Carbono Cementado; Dimensões - 5.5 X 80,0mm. | E141: 339030.24 | F141: Mister | G141: Peça | H141: 30 | I141: 20 | J141: 0.3 | L141: =K141-(SUM(N141:Y141)) -> 0 | M141: =IF(L141<0,"ATENÇÃO","OK") -> OK | N141: 0 | O141: 0 | P141: 0 | Q141: 0 | R141: 0 | S141: 0 | T141: 0 | U141: 0 | V141: 0 | W141: 0 | X141: 0 | Y141: 0
C142: 139 | D142: PARAFUSO METALICO, TIPO PHILIPS, DIVERSOS TAMANHOS, Parafuso cabeça chata philips, 30mmX3mm, bicromatizado, aço, para madeira, aglomerado, MDF. Pacote com 50 unidades. | E142: 339030.24 | F142: Mister | G142: Peça | H142: 30 | I142: 20 | J142: 7.16 | K142: 2 | L142: =K142-(SUM(N142:Y142)) -> 2 | M142: =IF(L142<0,"ATENÇÃO","OK") -> OK | N142: 0 | O142: 0 | P142: 0 | Q142: 0 | R142: 0 | S142: 0 | T142: 0 | U142: 0 | V142: 0 | W142: 0 | X142: 0 | Y142: 0
C143: 140 | D143: PARAFUSO METALICO, TIPO PHILIPS, DIVERSOS TAMANHOS, Parafuso Chip Board Phillips Cabeca Tipo Panela; Material: Ferro Bicromatizado; Dimensões 3.0 X 10mm. | E143: 339030.24 | F143: Mister | G143: Peça | H143: 30 | I143: 20 | J143: 0.15 | L143: =K143-(SUM(N143:Y143)) -> 0 | M143: =IF(L143<0,"ATENÇÃO","OK") -> OK | N143: 0 | O143: 0 | P143: 0 | Q143: 0 | R143: 0 | S143: 0 | T143: 0 | U143: 0 | V143: 0 | W143: 0 | X143: 0 | Y143: 0
C144: 141 | D144: PARAFUSO METALICO, TIPO PHILIPS, DIVERSOS TAMANHOS, Parafuso Chip Board Phillips Cabeca Tipo Panela; Material: Ferro Bicromatizado; Dimensões 3.0 X 20mm. | E144: 339030.24 | F144: Mister | G144: Peça | H144: 30 | I144: 20 | J144: 0.15 | L144: =K144-(SUM(N144:Y144)) -> 0 | M144: =IF(L144<0,"ATENÇÃO","OK") -> OK | N144: 0 | O144: 0 | P144: 0 | Q144: 0 | R144: 0 | S144: 0 | T144: 0 | U144: 0 | V144: 0 | W144: 0 | X144: 0 | Y144: 0
C145: 142 | D145: PARAFUSO METALICO, TIPO PHILIPS, DIVERSOS TAMANHOS, Parafuso Chip Board Phillips Cabeca Tipo Panela; Material: Ferro Bicromatizado; Dimensões 3.5 X 40mm. | E145: 339030.24 | F145: Mister | G145: Peça | H145: 30 | I145: 20 | J145: 0.15 | L145: =K145-(SUM(N145:Y145)) -> 0 | M145: =IF(L145<0,"ATENÇÃO","OK") -> OK | N145: 0 | O145: 0 | P145: 0 | Q145: 0 | R145: 0 | S145: 0 | T145: 0 | U145: 0 | V145: 0 | W145: 0 | X145: 0 | Y145: 0
C146: 143 | D146: PARAFUSO METALICO, TIPO PHILIPS, DIVERSOS TAMANHOS, Parafuso Chip Board Phillips Cabeca Tipo Panela; Material: Ferro Bicromatizado; Dimensões 4.0 X 20mm. | E146: 339030.24 | F146: Mister | G146: Peça | H146: 30 | I146: 20 | J146: 0.11 | L146: =K146-(SUM(N146:Y146)) -> 0 | M146: =IF(L146<0,"ATENÇÃO","OK") -> OK | N146: 0 | O146: 0 | P146: 0 | Q146: 0 | R146: 0 | S146: 0 | T146: 0 | U146: 0 | V146: 0 | W146: 0 | X146: 0 | Y146: 0
C147: 144 | D147: PARAFUSO METALICO, TIPO PHILIPS, DIVERSOS TAMANHOS, Parafuso Chip Board Phillips Cabeca Tipo Panela; Material: Ferro Bicromatizado; Dimensões 4.0 X 50mm. | E147: 339030.24 | F147: Mister | G147: Peça | H147: 30 | I147: 20 | J147: 0.15 | L147: =K147-(SUM(N147:Y147)) -> 0 | M147: =IF(L147<0,"ATENÇÃO","OK") -> OK | N147: 0 | O147: 0 | P147: 0 | Q147: 0 | R147: 0 | S147: 0 | T147: 0 | U147: 0 | V147: 0 | W147: 0 | X147: 0 | Y147: 0
C148: 145 | D148: PARAFUSO METALICO, TIPO PHILIPS, DIVERSOS TAMANHOS, Parafuso Chip Board Phillips Cabeca Tipo Panela; Material: Ferro Bicromatizado; Dimensões 5.0 X 60mm. | E148: 339030.24 | F148: Mister | G148: Peça | H148: 30 | I148: 20 | J148: 0.25 | L148: =K148-(SUM(N148:Y148)) -> 0 | M148: =IF(L148<0,"ATENÇÃO","OK") -> OK | N148: 0 | O148: 0 | P148: 0 | Q148: 0 | R148: 0 | S148: 0 | T148: 0 | U148: 0 | V148: 0 | W148: 0 | X148: 0 | Y148: 0
C149: 146 | D149: PARAFUSO METALICO, TIPO PHILIPS, DIVERSOS TAMANHOS, Parafuso Chip Board Phillips Cabeca Tipo Panela; Material: Ferro Bicromatizado; Dimensões 6.0 X 30mm. | E149: 339030.24 | F149: Mister | G149: Peça | H149: 30 | I149: 20 | J149: 0.25 | L149: =K149-(SUM(N149:Y149)) -> 0 | M149: =IF(L149<0,"ATENÇÃO","OK") -> OK | N149: 0 | O149: 0 | P149: 0 | Q149: 0 | R149: 0 | S149: 0 | T149: 0 | U149: 0 | V149: 0 | W149: 0 | X149: 0 | Y149: 0
C150: 147 | D150: PARAFUSO METALICO, TIPO PHILIPS, DIVERSOS TAMANHOS, Parafuso Chip Board Phillips Cabeca Tipo Panela; Material: Ferro Bicromatizado; Dimensões 6.0 X 60mm. | E150: 339030.24 | F150: Mister | G150: Peça | H150: 30 | I150: 20 | J150: 0.28 | L150: =K150-(SUM(N150:Y150)) -> 0 | M150: =IF(L150<0,"ATENÇÃO","OK") -> OK | N150: 0 | O150: 0 | P150: 0 | Q150: 0 | R150: 0 | S150: 0 | T150: 0 | U150: 0 | V150: 0 | W150: 0 | X150: 0 | Y150: 0
C151: 148 | D151: PARAFUSO METALICO, TIPO PHILIPS, DIVERSOS TAMANHOS, Parafuso Para Corrediça, Phillips Cabeca Chata com Rebaixo; Material: Aço Carbono com Acabamento Zincado; Dimensões 3,5 X 12,0mm. | E151: 339030.24 | F151: Mister | G151: Peça | H151: 30 | I151: 20 | J151: 0.15 | L151: =K151-(SUM(N151:Y151)) -> 0 | M151: =IF(L151<0,"ATENÇÃO","OK") -> OK | N151: 0 | O151: 0 | P151: 0 | Q151: 0 | R151: 0 | S151: 0 | T151: 0 | U151: 0 | V151: 0 | W151: 0 | X151: 0 | Y151: 0
C152: 149 | D152: PARAFUSO METALICO, TIPO PHILIPS, DIVERSOS TAMANHOS, Parafuso Para Corrediça, Phillips Cabeca Chata com Rebaixo; Material: Aço Carbono com Acabamento Zincado; Dimensões 3,5 X 16,0mm. | E152: 339030.24 | F152: Mister | G152: Peça | H152: 30 | I152: 20 | J152: 0.15 | L152: =K152-(SUM(N152:Y152)) -> 0 | M152: =IF(L152<0,"ATENÇÃO","OK") -> OK | N152: 0 | O152: 0 | P152: 0 | Q152: 0 | R152: 0 | S152: 0 | T152: 0 | U152: 0 | V152: 0 | W152: 0 | X152: 0 | Y152: 0
C153: 150 | D153: PARAFUSO METALICO, TIPO PHILIPS, DIVERSOS TAMANHOS, Parafuso ponta agulha philips 3,5X45mm, acabamento fosfatizado, para gesso. Pacote com 50 unidades. | E153: 339030.24 | F153: Mister | G153: Peça | H153: 30 | I153: 20 | J153: 9.97 | K153: 2 | L153: =K153-(SUM(N153:Y153)) -> 2 | M153: =IF(L153<0,"ATENÇÃO","OK") -> OK | N153: 0 | O153: 0 | P153: 0 | Q153: 0 | R153: 0 | S153: 0 | T153: 0 | U153: 0 | V153: 0 | W153: 0 | X153: 0 | Y153: 0
C154: 151 | D154: PARAFUSO, PARA BUCHA DE 8MM, Parafuso para bucha 8mm. | E154: 339030.24 | F154: Mister | G154: Peça | H154: 30 | I154: 20 | J154: 0.16 | K154: 4 | L154: =K154-(SUM(N154:Y154)) -> 4 | M154: =IF(L154<0,"ATENÇÃO","OK") -> OK | N154: 0 | O154: 0 | P154: 0 | Q154: 0 | R154: 0 | S154: 0 | T154: 0 | U154: 0 | V154: 0 | W154: 0 | X154: 0 | Y154: 0
C155: 152 | D155: PARAFUSO, PARA TELHA 6MM, Parafuso para fixação de telha ondulada de fibrocimento de 5 e 6 mm. | E155: 339030.24 | F155: Mister | G155: Peça | H155: 30 | I155: 20 | J155: 0.42 | L155: =K155-(SUM(N155:Y155)) -> 0 | M155: =IF(L155<0,"ATENÇÃO","OK") -> OK | N155: 0 | O155: 0 | P155: 0 | Q155: 0 | R155: 0 | S155: 0 | T155: 0 | U155: 0 | V155: 0 | W155: 0 | X155: 0 | Y155: 0
C156: 153 | D156: PORCA METALICA, FERRO ZINCADO, Porca Borboleta - Forjada A Frio - Ansi B 18.17 - 1/2-13. Ferro Zincado Grau 2. | E156: 339030.24 | F156: Mister | G156: Peça | H156: 30 | I156: 20 | J156: 0.8 | L156: =K156-(SUM(N156:Y156)) -> 0 | M156: =IF(L156<0,"ATENÇÃO","OK") -> OK | N156: 0 | O156: 0 | P156: 0 | Q156: 0 | R156: 0 | S156: 0 | T156: 0 | U156: 0 | V156: 0 | W156: 0 | X156: 0 | Y156: 0
C157: 154 | D157: PORCA METALICA, FERRO ZINCADO, Porca borboleta - forjada a frio - UNC - 1/4-20. Ferro zincado grau 2. | E157: 339030.24 | F157: Inca | G157: Peça | H157: 30 | I157: 20 | J157: 0.39 | L157: =K157-(SUM(N157:Y157)) -> 0 | M157: =IF(L157<0,"ATENÇÃO","OK") -> OK | N157: 0 | O157: 0 | P157: 0 | Q157: 0 | R157: 0 | S157: 0 | T157: 0 | U157: 0 | V157: 0 | W157: 0 | X157: 0 | Y157: 0
C158: 155 | D158: PORCA METALICA, FERRO ZINCADO, Porca borboleta - forjada a frio - UNC - 5/16-18. Ferro zincado grau 2. | E158: 339030.24 | F158: Inca | G158: Peça | H158: 30 | I158: 20 | J158: 0.59 | L158: =K158-(SUM(N158:Y158)) -> 0 | M158: =IF(L158<0,"ATENÇÃO","OK") -> OK | N158: 0 | O158: 0 | P158: 0 | Q158: 0 | R158: 0 | S158: 0 | T158: 0 | U158: 0 | V158: 0 | W158: 0 | X158: 0 | Y158: 0
C159: 156 | D159: PORCA METALICA, FERRO ZINCADO, Porca borboleta - forjada a frio - UNC - 5/32-32. Ferro zincado grau 2 | E159: 339030.24 | F159: Inca | G159: Peça | H159: 30 | I159: 20 | J159: 8.62 | L159: =K159-(SUM(N159:Y159)) -> 0 | M159: =IF(L159<0,"ATENÇÃO","OK") -> OK | N159: 0 | O159: 0 | P159: 0 | Q159: 0 | R159: 0 | S159: 0 | T159: 0 | U159: 0 | V159: 0 | W159: 0 | X159: 0 | Y159: 0
C160: 157 | D160: PORCA METALICA, FERRO ZINCADO, Porca tipo Borboleta - Forjada A Frio - Ansi B 18.17 - 1/2-12. Ferro Zincado, Grau 2. | E160: 339030.24 | F160: Inca | G160: Peça | H160: 30 | I160: 20 | J160: 0.65 | L160: =K160-(SUM(N160:Y160)) -> 0 | M160: =IF(L160<0,"ATENÇÃO","OK") -> OK | N160: 0 | O160: 0 | P160: 0 | Q160: 0 | R160: 0 | S160: 0 | T160: 0 | U160: 0 | V160: 0 | W160: 0 | X160: 0 | Y160: 0
C161: 158 | D161: PORCA METALICA, SEXTAVADA 1/2, Porca Sextavada Inox 1/2". | E161: 339030.42 | F161: Inca | G161: Peça | H161: 30 | I161: 20 | J161: 0.6 | L161: =K161-(SUM(N161:Y161)) -> 0 | M161: =IF(L161<0,"ATENÇÃO","OK") -> OK | N161: 0 | O161: 0 | P161: 0 | Q161: 0 | R161: 0 | S161: 0 | T161: 0 | U161: 0 | V161: 0 | W161: 0 | X161: 0 | Y161: 0
C162: 159 | D162: PORCA METALICA, TIPO BORBOLETA MEDINDO 3/8 NC, Porca borboleta - forjada a frio -UNC - 3/8-16 - ferro zincado grau 2. | E162: 339030.24 | F162: Inca | G162: Peça | H162: 30 | I162: 20 | J162: 0.78 | L162: =K162-(SUM(N162:Y162)) -> 0 | M162: =IF(L162<0,"ATENÇÃO","OK") -> OK | N162: 0 | O162: 0 | P162: 0 | Q162: 0 | R162: 0 | S162: 0 | T162: 0 | U162: 0 | V162: 0 | W162: 0 | X162: 0 | Y162: 0
C163: 160 | D163: PORCA METALICA, ZINCADA 3/16, Porca borboleta - forjada a frio - UNC - 3/16-24 - ferro zincado grau 2. | E163: 339030.24 | F163: Inca | G163: Peça | H163: 30 | I163: 20 | J163: 0.36 | L163: =K163-(SUM(N163:Y163)) -> 0 | M163: =IF(L163<0,"ATENÇÃO","OK") -> OK | N163: 0 | O163: 0 | P163: 0 | Q163: 0 | R163: 0 | S163: 0 | T163: 0 | U163: 0 | V163: 0 | W163: 0 | X163: 0 | Y163: 0
C164: 161 | D164: PREGO DE ACO, 17X27MM, COM CABE«A, COM 100 UNIDADES, Prego 17mmX27mm, aço temperado, com cabeça. Pacote com 100 unidades. | E164: 339030.24 | F164: gerdau | G164: Pacote | H164: 30 | I164: 20 | J164: 6.9 | L164: =K164-(SUM(N164:Y164)) -> 0 | M164: =IF(L164<0,"ATENÇÃO","OK") -> OK | N164: 0 | O164: 0 | P164: 0 | Q164: 0 | R164: 0 | S164: 0 | T164: 0 | U164: 0 | V164: 0 | W164: 0 | X164: 0 | Y164: 0
C165: 162 | D165: PREGO DE ACO, MEDINDO 10 X 10 COM CABECA, Polido. Pacote de 1 kg. | E165: 339030.24 | F165: gerdau | G165: KG | H165: 30 | I165: 20 | J165: 21.76 | L165: =K165-(SUM(N165:Y165)) -> 0 | M165: =IF(L165<0,"ATENÇÃO","OK") -> OK | N165: 0 | O165: 0 | P165: 0 | Q165: 0 | R165: 0 | S165: 0 | T165: 0 | U165: 0 | V165: 0 | W165: 0 | X165: 0 | Y165: 0
C166: 163 | D166: PREGO DE ACO, MEDINDO 10X10, SEM CABECA, Prego sem cabeça 10x10 galvanizado. Pacote de 1 Kg. | E166: 339030.24 | F166: gerdau | G166: KG | H166: 30 | I166: 20 | J166: 18.64 | L166: =K166-(SUM(N166:Y166)) -> 0 | M166: =IF(L166<0,"ATENÇÃO","OK") -> OK | N166: 0 | O166: 0 | P166: 0 | Q166: 0 | R166: 0 | S166: 0 | T166: 0 | U166: 0 | V166: 0 | W166: 0 | X166: 0 | Y166: 0
... C195: 192 | D195: REGUA DE ACO, 30CM, RÉGUA DE AÇO para corte 30CM | E195: 449052.38 | F195: Disma | G195: Peça | H195: 30 | I195: 20 | J195: 8.26 | L195: =K195-(SUM(N195:Y195)) -> 0 | M195: =IF(L195<0,"ATENÇÃO","OK") -> OK | N195: 0 | O195: 0 | P195: 0 | Q195: 0 | R195: 0 | S195: 0 | T195: 0 | U195: 0 | V195: 0 | W195: 0 | X195: 0 | Y195: 0
A196: Cristiani Louri Rodrigues & Cia. Ltda - ME | B196: 2 | C196: 1 | D196: LIXA, CINTA PARA A«O, GRANULOMETRIA 60, PARA LIXADEIRA COMBINADA FERRARI, MODELO COM 910 MM DE PERÍMETRO E 100MM DE LARGURA | E196: 339030.24 | F196: Ferrari | G196: Peça | H196: 30 | I196: 20 | J196: 28 | L196: =K196-(SUM(N196:Y196)) -> 0 | M196: =IF(L196<0,"ATENÇÃO","OK") -> OK | N196: 0 | O196: 0 | P196: 0 | Q196: 0 | R196: 0 | S196: 0 | T196: 0 | U196: 0 | V196: 0 | W196: 0 | X196: 0 | Y196: 0
C197: 2 | D197: LIXA, D'AGUA 600, DIÂMETRO 200MM | E197: 339030.24 | F197: Carborundun | G197: Peça | H197: 30 | I197: 20 | J197: 2 | L197: =K197-(SUM(N197:Y197)) -> 0 | M197: =IF(L197<0,"ATENÇÃO","OK") -> OK | N197: 0 | O197: 0 | P197: 0 | Q197: 0 | R197: 0 | S197: 0 | T197: 0 | U197: 0 | V197: 0 | W197: 0 | X197: 0 | Y197: 0
C198: 3 | D198: LIXA, D'AGUA E DE FERRO, TAMANHOS DIVERSOS, Lixa ferro nº 60. | E198: 339030.24 | F198: Carborundun | G198: Peça | H198: 30 | I198: 20 | J198: 2 | K198: 5 | L198: =K198-(SUM(N198:Y198)) -> 5 | M198: =IF(L198<0,"ATENÇÃO","OK") -> OK | N198: 0 | O198: 0 | P198: 0 | Q198: 0 | R198: 0 | S198: 0 | T198: 0 | U198: 0 | V198: 0 | W198: 0 | X198: 0 | Y198: 0
C199: 4 | D199: LIXA, D'AGUA E DE FERRO, TAMANHOS DIVERSOS, Lixa ferro, grana 220. | E199: 339030.24 | F199: Carborundun | G199: Peça | H199: 30 | I199: 20 | J199: 2 | K199: 3 | L199: =K199-(SUM(N199:Y199)) -> 3 | M199: =IF(L199<0,"ATENÇÃO","OK") -> OK | N199: 0 | O199: 0 | P199: 0 | Q199: 0 | R199: 0 | S199: 0 | T199: 0 | U199: 0 | V199: 0 | W199: 0 | X199: 0 | Y199: 0
C200: 5 | D200: LIXA, D'AGUA E DE FERRO, TAMANHOS DIVERSOS, Lixa ferro, grana 80. | E200: 339030.24 | F200: Carborundun | G200: Peça | H200: 30 | I200: 20 | J200: 1.54 | K200: 3 | L200: =K200-(SUM(N200:Y200)) -> 3 | M200: =IF(L200<0,"ATENÇÃO","OK") -> OK | N200: 0 | O200: 0 | P200: 0 | Q200: 0 | R200: 0 | S200: 0 | T200: 0 | U200: 0 | V200: 0 | W200: 0 | X200: 0 | Y200: 0
C201: 6 | D201: LIXA, D'AGUA E DE FERRO, TAMANHOS DIVERSOS, Lixa para ferro, K246, em folha, grana 100. | E201: 339030.24 | F201: Carborundun | G201: Peça | H201: 30 | I201: 20 | J201: 1.84 | L201: =K201-(SUM(N201:Y201)) -> 0 | M201: =IF(L201<0,"ATENÇÃO","OK") -> OK | N201: 0 | O201: 0 | P201: 0 | Q201: 0 | R201: 0 | S201: 0 | T201: 0 | U201: 0 | V201: 0 | W201: 0 | X201: 0 | Y201: 0
C202: 7 | D202: LIXA, D'AGUA GRANA 100 DIAMETRO 200MM, | E202: 339030.24 | F202: Carborundun | G202: Peça | H202: 30 | I202: 20 | J202: 2 | L202: =K202-(SUM(N202:Y202)) -> 0 | M202: =IF(L202<0,"ATENÇÃO","OK") -> OK | N202: 0 | O202: 0 | P202: 0 | Q202: 0 | R202: 0 | S202: 0 | T202: 0 | U202: 0 | V202: 0 | W202: 0 | X202: 0 | Y202: 0
C203: 8 | D203: LIXA, D'AGUA GRANA 240 DIAMETRO 200MM, | E203: 339030.24 | F203: Carborundun | G203: Peça | H203: 30 | I203: 20 | J203: 2 | L203: =K203-(SUM(N203:Y203)) -> 0 | M203: =IF(L203<0,"ATENÇÃO","OK") -> OK | N203: 0 | O203: 0 | P203: 0 | Q203: 0 | R203: 0 | S203: 0 | T203: 0 | U203: 0 | V203: 0 | W203: 0 | X203: 0 | Y203: 0
C204: 9 | D204: LIXA, D'AGUA GRANA 400 DIAMETRO 200MM, | E204: 339030.24 | F204: Carborundun | G204: Peça | H204: 30 | I204: 20 | J204: 2 | L204: =K204-(SUM(N204:Y204)) -> 0 | M204: =IF(L204<0,"ATENÇÃO","OK") -> OK | N204: 0 | O204: 0 | P204: 0 | Q204: 0 | R204: 0 | S204: 0 | T204: 0 | U204: 0 | V204: 0 | W204: 0 | X204: 0 | Y204: 0
C205: 10 | D205: LIXA, D'AGUA NR.150, | E205: 339030.24 | F205: Carborundun | G205: Peça | H205: 30 | I205: 20 | J205: 2 | K205: 5 | L205: =K205-(SUM(N205:Y205)) -> 5 | M205: =IF(L205<0,"ATENÇÃO","OK") -> OK | N205: 0 | O205: 0 | P205: 0 | Q205: 0 | R205: 0 | S205: 0 | T205: 0 | U205: 0 | V205: 0 | W205: 0 | X205: 0 | Y205: 0
C206: 11 | D206: LIXA, D'AGUA NUMERO 1200, DIÂMETRO 200MM | E206: 339030.24 | F206: Carborundun | G206: Peça | H206: 30 | I206: 20 | J206: 4.08 | L206: =K206-(SUM(N206:Y206)) -> 0 | M206: =IF(L206<0,"ATENÇÃO","OK") -> OK | N206: 0 | O206: 0 | P206: 0 | Q206: 0 | R206: 0 | S206: 0 | T206: 0 | U206: 0 | V206: 0 | W206: 0 | X206: 0 | Y206: 0
C207: 12 | D207: LIXA, DISCO, Lixa de disco para lixadeira modelo Ferrari LC-69. kit com 3 unidades | E207: 339030.42 | F207: Ferrari | G207: Peça | H207: 30 | I207: 20 | J207: 20 | L207: =K207-(SUM(N207:Y207)) -> 0 | M207: =IF(L207<0,"ATENÇÃO","OK") -> OK | N207: 0 | O207: 0 | P207: 0 | Q207: 0 | R207: 0 | S207: 0 | T207: 0 | U207: 0 | V207: 0 | W207: 0 | X207: 0 | Y207: 0
C208: 13 | D208: LIXA, DISCO, Lixas de disco com troca rápida (com velcro), com 127mm de diâmetro aproximadamente, com 8 furos com granulometria 50. | E208: 339030.42 | F208: Carborundun | G208: Peça | H208: 30 | I208: 20 | J208: 2.65 | L208: =K208-(SUM(N208:Y208)) -> 0 | M208: =IF(L208<0,"ATENÇÃO","OK") -> OK | N208: 0 | O208: 0 | P208: 0 | Q208: 0 | R208: 0 | S208: 0 | T208: 0 | U208: 0 | V208: 0 | W208: 0 | X208: 0 | Y208: 0
C209: 14 | D209: LIXA, DISCO, Lixas de disco com troca rápida (com velcro), com 127mm de diâmetro aproximadamente, com 8 furos com granulometria 80. | E209: 339030.42 | F209: Carborundun | G209: Peça | H209: 30 | I209: 20 | J209: 3 | L209: =K209-(SUM(N209:Y209)) -> 0 | M209: =IF(L209<0,"ATENÇÃO","OK") -> OK | N209: 0 | O209: 0 | P209: 0 | Q209: 0 | R209: 0 | S209: 0 | T209: 0 | U209: 0 | V209: 0 | W209: 0 | X209: 0 | Y209: 0
C210: 15 | D210: LIXA, GRAO NR. 80, Lixa em cinta pano 7400mmX150mm, grão 80. | E210: 339030.24 | F210: Norton | G210: Peça | H210: 30 | I210: 20 | J210: 36.9 | L210: =K210-(SUM(N210:Y210)) -> 0 | M210: =IF(L210<0,"ATENÇÃO","OK") -> OK | N210: 0 | O210: 0 | P210: 0 | Q210: 0 | R210: 0 | S210: 0 | T210: 0 | U210: 0 | V210: 0 | W210: 0 | X210: 0 | Y210: 0
C211: 16 | D211: LIXA, LIXA DAGUA 120, Lixa d´água nº 120 | E211: 339030.24 | F211: Norton | G211: Peça | H211: 30 | I211: 20 | J211: 1.09 | L211: =K211-(SUM(N211:Y211)) -> 0 | M211: =IF(L211<0,"ATENÇÃO","OK") -> OK | N211: 0 | O211: 0 | P211: 0 | Q211: 0 | R211: 0 | S211: 0 | T211: 0 | U211: 0 | V211: 0 | W211: 0 | X211: 0 | Y211: 0
C212: 17 | D212: LIXA, LIXA DE CINTA, Lixa de cinta para lixadeira modelo Ferrari LC-69. kit com 3 unidades. | E212: 339030.42 | F212: Norton | G212: Peça | H212: 30 | I212: 20 | J212: 42.91 | L212: =K212-(SUM(N212:Y212)) -> 0 | M212: =IF(L212<0,"ATENÇÃO","OK") -> OK | N212: 0 | O212: 0 | P212: 0 | Q212: 0 | R212: 0 | S212: 0 | T212: 0 | U212: 0 | V212: 0 | W212: 0 | X212: 0 | Y212: 0
C213: 18 | D213: LIXA, MADEIRA 120, EM FOLHA, | E213: 339030.24 | F213: Norton | G213: Cento | H213: 30 | I213: 20 | J213: 0.5 | K213: 5 | L213: =K213-(SUM(N213:Y213)) -> 5 | M213: =IF(L213<0,"ATENÇÃO","OK") -> OK | N213: 0 | O213: 0 | P213: 0 | Q213: 0 | R213: 0 | S213: 0 | T213: 0 | U213: 0 | V213: 0 | W213: 0 | X213: 0 | Y213: 0
C214: 19 | D214: LIXA, PARA FERRO NR.100, Lixa de ferro 100 de 225 x 275mm. | E214: 339030.24 | F214: Norton | G214: Peça | H214: 30 | I214: 20 | J214: 2 | K214: 5 | L214: =K214-(SUM(N214:Y214)) -> 5 | M214: =IF(L214<0,"ATENÇÃO","OK") -> OK | N214: 0 | O214: 0 | P214: 0 | Q214: 0 | R214: 0 | S214: 0 | T214: 0 | U214: 0 | V214: 0 | W214: 0 | X214: 0 | Y214: 0
C215: 20 | D215: LIXA, PARA MADEIRA GRAO 120, | E215: 339030.24 | F215: Norton | G215: Peça | H215: 30 | I215: 20 | J215: 2 | L215: =K215-(SUM(N215:Y215)) -> 0 | M215: =IF(L215<0,"ATENÇÃO","OK") -> OK | N215: 0 | O215: 0 | P215: 0 | Q215: 0 | R215: 0 | S215: 0 | T215: 0 | U215: 0 | V215: 0 | W215: 0 | X215: 0 | Y215: 0
C216: 21 | D216: LIXA, PARA MADEIRA GRAO 80 | E216: 339030.24 | F216: Norton | G216: Peça | H216: 30 | I216: 20 | J216: 0.64 | K216: 3 | L216: =K216-(SUM(N216:Y216)) -> 3 | M216: =IF(L216<0,"ATENÇÃO","OK") -> OK | N216: 0 | O216: 0 | P216: 0 | Q216: 0 | R216: 0 | S216: 0 | T216: 0 | U216: 0 | V216: 0 | W216: 0 | X216: 0 | Y216: 0
C217: 22 | D217: BANDEJA PARA PINTURA, PARA ROLOS DE ATE 23 CM, Bandeja de polietileno para pintura, para rolos de até 23cm. | E217: 339030.99 | F217: Roma | G217: Peça | H217: 30 | I217: 20 | J217: 5 | K217: 2 | L217: =K217-(SUM(N217:Y217)) -> 2 | M217: =IF(L217<0,"ATENÇÃO","OK") -> OK | N217: 0 | O217: 0 | P217: 0 | Q217: 0 | R217: 0 | S217: 0 | T217: 0 | U217: 0 | V217: 0 | W217: 0 | X217: 0 | Y217: 0
C218: 23 | D218: GARFO ROLO, 23 CM, Garfo de ferro, 23cm, com bucha, gaiola e rosca, para rolo de pintura. | E218: 339030.24 | F218: Roma | G218: Peça | H218: 30 | I218: 20 | J218: 10 | L218: =K218-(SUM(N218:Y218)) -> 0 | M218: =IF(L218<0,"ATENÇÃO","OK") -> OK | N218: 0 | O218: 0 | P218: 0 | Q218: 0 | R218: 0 | S218: 0 | T218: 0 | U218: 0 | V218: 0 | W218: 0 | X218: 0 | Y218: 0
C219: 24 | D219: MASSA CORRIDA, ACRILICA EXTERIOR,GALAO C/3,6 LITROS, Massa corrida acrílica para uso em superfície externa em alvenaria. Galão (3,6 litros). Validade mínima de 12 meses. | E219: 339030.24 | F219: Resicolor | G219: Galao | H219: 30 | I219: 20 | J219: 20 | L219: =K219-(SUM(N219:Y219)) -> 0 | M219: =IF(L219<0,"ATENÇÃO","OK") -> OK | N219: 0 | O219: 0 | P219: 0 | Q219: 0 | R219: 0 | S219: 0 | T219: 0 | U219: 0 | V219: 0 | W219: 0 | X219: 0 | Y219: 0
C220: 25 | D220: MASSA CORRIDA, ACRILICA,GALAO COM 18 LITROS, 1ª linha.. | E220: 339030.24 | F220: Resicolor | G220: Galao | H220: 30 | I220: 20 | J220: 53.43 | L220: =K220-(SUM(N220:Y220)) -> 0 | M220: =IF(L220<0,"ATENÇÃO","OK") -> OK | N220: 0 | O220: 0 | P220: 0 | Q220: 0 | R220: 0 | S220: 0 | T220: 0 | U220: 0 | V220: 0 | W220: 0 | X220: 0 | Y220: 0
C221: 26 | D221: MASSA CORRIDA, PLASTICA, 18 LITROS, | E221: 339030.24 | F221: Resicolor | G221: Peça | H221: 30 | I221: 20 | J221: 58.37 | L221: =K221-(SUM(N221:Y221)) -> 0 | M221: =IF(L221<0,"ATENÇÃO","OK") -> OK | N221: 0 | O221: 0 | P221: 0 | Q221: 0 | R221: 0 | S221: 0 | T221: 0 | U221: 0 | V221: 0 | W221: 0 | X221: 0 | Y221: 0
C222: 27 | D222: MASSA P/ VEDACAO, MASSA DE CALAFETAR,EMB.C/500GR.,P/TELHADOS DE FIBRO CIMENTO, Massa para telha, pote 500 gramas | E222: 339030.24 | F222: Nacional | G222: Peça | H222: 30 | I222: 20 | J222: 8 | L222: =K222-(SUM(N222:Y222)) -> 0 | M222: =IF(L222<0,"ATENÇÃO","OK") -> OK | N222: 0 | O222: 0 | P222: 0 | Q222: 0 | R222: 0 | S222: 0 | T222: 0 | U222: 0 | V222: 0 | W222: 0 | X222: 0 | Y222: 0
C223: 28 | D223: PINCEL PARA PINTURA, DE 1" (POLEGADA), Pincel p/ pintura na medida (polegadas): 1”. Cabo de madeira, cerda pelo sintético. | E223: 339030.24 | F223: Roma | G223: Peça | H223: 30 | I223: 20 | J223: 1.3 | L223: =K223-(SUM(N223:Y223)) -> 0 | M223: =IF(L223<0,"ATENÇÃO","OK") -> OK | N223: 0 | O223: 0 | P223: 0 | Q223: 0 | R223: 0 | S223: 0 | T223: 0 | U223: 0 | V223: 0 | W223: 0 | X223: 0 | Y223: 0
C224: 29 | D224: PINCEL PARA PINTURA, DE 1" (POLEGADA), Pincel simples, 1 polegada. | E224: 339030.24 | F224: Roma | G224: Peça | H224: 30 | I224: 20 | J224: 1.28 | L224: =K224-(SUM(N224:Y224)) -> 0 | M224: =IF(L224<0,"ATENÇÃO","OK") -> OK | N224: 0 | O224: 0 | P224: 0 | Q224: 0 | R224: 0 | S224: 0 | T224: 0 | U224: 0 | V224: 0 | W224: 0 | X224: 0 | Y224: 0
...

Sheet CEFID
A1: PROCESSO: 1025/2014 | D1: OBJETO: AQUISIÇÃO DE FERRAMENTAS, UTENSÍLIOS E MATERIAIS DE REPARO PARA O CAMPUS I, CERES E CESFI | J1: VIGÊNCIA DA ATA: 15/10/2014 até 14/10/2015 | N1: AF/OS nº 1650/2014 Qtde. DT | O1: AF/OS nº 1769/2014 Qtde. DT | P1: AF/OS nº 194/2015 Qtde. DT | Q1: AF/OS nº 195/2015 Qtde. DT | R1: AF/OS nº 337/2015 Qtde. DT | S1: AF/OS nº 344/2015 Qtde. DT | T1: AF/OS nº 832/2015 Qtde. DT | U1: AF/OS nº 922/2015 Qtde. DT | V1: AF/OS nº 1271/2015 Qtde. DT | W1: AF/OS nº xxxx/2014 Qtde. DT | X1: AF/OS nº xxxx/2014 Qtde. DT | Y1: AF/OS nº xxxx/2014 Qtde. DT
A2: CENTRO PARTICIPANTE: CEFID
A3: FORNECEDOR | B3: LOTE | C3: ITEM | D3: PRODUTO - CARACTERÍSTICAS MÍNIMAS | E3: DETALHAMENTO | F3: MARCA/MODELO | G3: UNIDADE | H3: Entrega (Dias) | I3: Pagto. (Dias) | J3: Preço UNITÁRIO (R$) | K3: Qtde LICITADA | L3: Saldo / Automático | M3: ALERTA | N3: 41935 | O3: 41946 | P3: 42062 | Q3: 42062 | R3: 42089 | S3: 42089 | T3: 42146 | U3: 42165 | V3: 42209 | W3: ...../...../...... | X3: ...../...../...... | Y3: ...../...../......
A4: Cristiani Louri Rodrigues & Cia. Ltda - ME | B4: 1 | C4: 1 | D4: SUPORTE PARA CORTINA, EM "L", Suporte para cortina em "L"; Material: Latão; Dimensões: 5x8 | E4: 339030.24 | F4: Nacional | G4: Peça | H4: 30 | I4: 20 | J4: 0.9 | L4: =K4-(SUM(N4:Y4)) -> 0 | M4: =IF(L4<0,"ATENÇÃO","OK") -> OK | N4: 0 | O4: 0 | P4: 0 | Q4: 0 | R4: 0 | S4: 0 | T4: 0 | U4: 0 | V4: 0 | W4: 0 | X4: 0 | Y4: 0
C5: 2 | D5: SUPORTE PARA CORTINA, EM "L", Suporte para cortina em "L"; Material: Latão; Dimensões: 8x10 | E5: 339030.24 | F5: Nacional | G5: Peça | H5: 30 | I5: 20 | J5: 1.65 | L5: =K5-(SUM(N5:Y5)) -> 0 | M5: =IF(L5<0,"ATENÇÃO","OK") -> OK | N5: 0 | O5: 0 | P5: 0 | Q5: 0 | R5: 0 | S5: 0 | T5: 0 | U5: 0 | V5: 0 | W5: 0 | X5: 0 | Y5: 0
C6: 3 | D6: SUPORTE DIVERSOS, PARA PRATELEIRAS, Suporte para Prateleira; Material: Barra chata Metálica contraventada; Dimensões: 15cm. | E6: 339030.24 | F6: Nacional | G6: Peça | H6: 30 | I6: 20 | J6: 6 | L6: =K6-(SUM(N6:Y6)) -> 0 | M6: =IF(L6<0,"ATENÇÃO","OK") -> OK | N6: 0 | O6: 0 | P6: 0 | Q6: 0 | R6: 0 | S6: 0 | T6: 0 | U6: 0 | V6: 0 | W6: 0 | X6: 0 | Y6: 0
C7: 4 | D7: SUPORTE DIVERSOS, PARA PRATELEIRAS, Suporte para Prateleira; Material: Barra chata Metálica contraventada; Dimensões: 20cm. | E7: 339030.24 | F7: Nacional | G7: Peça | H7: 30 | I7: 20 | J7: 6 | L7: =K7-(SUM(N7:Y7)) -> 0 | M7: =IF(L7<0,"ATENÇÃO","OK") -> OK | N7: 0 | O7: 0 | P7: 0 | Q7: 0 | R7: 0 | S7: 0 | T7: 0 | U7: 0 | V7: 0 | W7: 0 | X7: 0 | Y7: 0
C8: 5 | D8: SUPORTE DIVERSOS, PARA PRATELEIRAS, Suporte para Prateleira; Material: Barra chata Metálica contraventada; Dimensões: 25cm. | E8: 339030.24 | F8: Nacional | G8: Peça | H8: 30 | I8: 20 | J8: 7.35 | L8: =K8-(SUM(N8:Y8)) -> 0 | M8: =IF(L8<0,"ATENÇÃO","OK") -> OK | N8: 0 | O8: 0 | P8: 0 | Q8: 0 | R8: 0 | S8: 0 | T8: 0 | U8: 0 | V8: 0 | W8: 0 | X8: 0 | Y8: 0
C9: 6 | D9: SUPORTE DIVERSOS, PARA PRATELEIRAS, Suporte para Prateleira; Material: Barra chata Metálica contraventada; Dimensões: 40cm. | E9: 339030.24 | F9: Nacional | G9: Peça | H9: 30 | I9: 20 | J9: 13 | L9: =K9-(SUM(N9:Y9)) -> 0 | M9: =IF(L9<0,"ATENÇÃO","OK") -> OK | N9: 0 | O9: 0 | P9: 0 | Q9: 0 | R9: 0 | S9: 0 | T9: 0 | U9: 0 | V9: 0 | W9: 0 | X9: 0 | Y9: 0
C10: 7 | D10: SUPORTE DIVERSOS, PARA PRATELEIRAS, Suporte para Prateleira; Material: Barra chata Metálica contraventada; Dimensões: 50cm. | E10: 339030.24 | F10: Nacional | G10: Peça | H10: 30 | I10: 20 | J10: 15.7 | L10: =K10-(SUM(N10:Y10)) -> 0 | M10: =IF(L10<0,"ATENÇÃO","OK") -> OK | N10: 0 | O10: 0 | P10: 0 | Q10: 0 | R10: 0 | S10: 0 | T10: 0 | U10: 0 | V10: 0 | W10: 0 | X10: 0 | Y10: 0
C11: 8 | D11: SUPORTE DIVERSOS, PARA PRATELEIRAS, Suporte para trilho de prateleira, Material Metálico; Largura: 30cm | E11: 339030.24 | F11: Nacional | G11: Peça | H11: 30 | I11: 20 | J11: 5.55 | L11: =K11-(SUM(N11:Y11)) -> 0 | M11: =IF(L11<0,"ATENÇÃO","OK") -> OK | N11: 0 | O11: 0 | P11: 0 | Q11: 0 | R11: 0 | S11: 0 | T11: 0 | U11: 0 | V11: 0 | W11: 0 | X11: 0 | Y11: 0
C12: 9 | D12: SUPORTE DIVERSOS, PARA PRATELEIRAS, Trilho para fixação de suporte para prateleira; Material: Metálico; Dimensões 200cm. | E12: 339030.24 | F12: Nacional | G12: Peça | H12: 30 | I12: 20 | J12: 27.5 | L12: =K12-(SUM(N12:Y12)) -> 0 | M12: =IF(L12<0,"ATENÇÃO","OK") -> OK | N12: 0 | O12: 0 | P12: 0 | Q12: 0 | R12: 0 | S12: 0 | T12: 0 | U12: 0 | V12: 0 | W12: 0 | X12: 0 | Y12: 0
C13: 10 | D13: CLIPS PARA CABO, DE ACO, Clip para cabo. 5/16 - aço inox a4 | E13: 339030.24 | F13: Inca | G13: Peça | H13: 30 | I13: 20 | J13: 0.9 | L13: =K13-(SUM(N13:Y13)) -> 0 | M13: =IF(L13<0,"ATENÇÃO","OK") -> OK | N13: 0 | O13: 0 | P13: 0 | Q13: 0 | R13: 0 | S13: 0 | T13: 0 | U13: 0 | V13: 0 | W13: 0 | X13: 0 | Y13: 0
C14: 11 | D14: CLIPS PARA CABO, DE ACO, Clip para cabo. 1 - aço inox a4 | E14: 339030.24 | F14: Inca | G14: Peça | H14: 30 | I14: 20 | J14: 4.73 | L14: =K14-(SUM(N14:Y14)) -> 0 | M14: =IF(L14<0,"ATENÇÃO","OK") -> OK | N14: 0 | O14: 0 | P14: 0 | Q14: 0 | R14: 0 | S14: 0 | T14: 0 | U14: 0 | V14: 0 | W14: 0 | X14: 0 | Y14: 0
C15: 12 | D15: CLIPS PARA CABO, DE ACO, Clip para cabo. 1/2 - aço inox a4 | E15: 339030.24 | F15: Inca | G15: Peça | H15: 30 | I15: 20 | J15: 2.5 | L15: =K15-(SUM(N15:Y15)) -> 0 | M15: =IF(L15<0,"ATENÇÃO","OK") -> OK | N15: 0 | O15: 0 | P15: 0 | Q15: 0 | R15: 0 | S15: 0 | T15: 0 | U15: 0 | V15: 0 | W15: 0 | X15: 0 | Y15: 0
